Workbook
Name a: #REF!
Name a: #REF!
Name a: #REF!
Name a: #REF!
Name a: #REF!
Name a: #REF!
Name a: #REF!
Name a: #REF!
Name a: #REF!
Name a: #REF!
Name a: #REF!
Name a: #REF!
Name Analy: [1]Critères!$H$2:$H$19
Name Opération: [1]Critères!$L$3:$L$20
Name OpérationN: [1]Critères!$AJ$3:$AJ$6
Name Print_Area_0: 'Budget analytique'!$A$1:$K$38
Name TotalConstruction: #REF!
Name TotalConstruction: #REF!
Name TotalConstruction: #REF!
Name TotalConstruction: #REF!
Name TotalConstruction: #REF!
Name TotalConstruction: #REF!
Name TotalConstruction: #REF!
Name TotalConstruction: #REF!
Name TotalConstruction: #REF!
Name TotalConstruction: #REF!
Name TotalConstruction: #REF!
Name TotalConstruction: #REF!
Name TotalConstruction: #REF!
Name TotalConstruction: #REF!
Name TotalInstallation: #REF!
Name TotalInstallation: #REF!
Name TotalInstallation: #REF!
Name TotalInstallation: #REF!
Name TotalInstallation: #REF!
Name TotalInstallation: #REF!
Name TotalInstallation: #REF!
Name TotalInstallation: #REF!
Name TotalInstallation: #REF!
Name TotalInstallation: #REF!
Name TotalInstallation: #REF!
Name TotalInstallation: #REF!
Name TotalInstallation: #REF!
Name TotalInstallation: #REF!
Name TotalPlanification: #REF!
Name TotalPlanification: #REF!
Name TotalPlanification: #REF!
Name TotalPlanification: #REF!
Name TotalPlanification: #REF!
Name TotalPlanification: #REF!
Name TotalPlanification: #REF!
Name TotalPlanification: #REF!
Name TotalPlanification: #REF!
Name TotalPlanification: #REF!
Name TotalPlanification: #REF!
Name TotalPlanification: #REF!
Name TotalPlanification: #REF!
Name TotalPlanification: #REF!
Name TotalPlanification2: #REF!
Name TotalPlanification2: #REF!

Sheet Prévisionnel

Sheet Budget analytique
B1: ECLAIREUSES ECLAIREURS DE France
C2: BUDGET PREVISIONNEL | D2: 2023
C3: Structure EEDF :
D4: TOTAL | E4: TOTAL | F4: RESULTAT PREVISIONNEL V1 | G4: TOTAL | H4: TOTAL | I4: RESULTAT REEL | J4: Prévisionnel VS réel | K4: PROJECTION 31/12
C5: ACTIVITES | D5: DEPENSES V1 | E5: PRODUITS V1 | G5: DEPENSES REELLES | H5: PRODUITS REELS
B6: VIE INSTITUTIONNELLE | C6: Assemblée Générale | D6: =-SUMIFS(Table13[Montant],Table13[Montant],"<0",Table13[ACTIVITES],$C6) -> 600 | E6: =SUMIFS(Table13[Montant],Table13[Montant],">0",Table13[ACTIVITES],$C6) -> 0 | F6: =E6-D6 -> -600 | G6: =-SUMIFS('Liste prévisionnel'!E:E,'Liste prévisionnel'!E:E,"<0",'Liste prévisionnel'!M:M,C6) -> 0 | H6: =SUMIFS('Liste prévisionnel'!E:E,'Liste prévisionnel'!E:E,">0",'Liste prévisionnel'!M:M,C6) -> 0 | I6: =H6-G6 -> 0 | J6: =F6-I6 -> -600
C7: Conseil National | D7: =-SUMIFS(Table13[Montant],Table13[Montant],"<0",Table13[ACTIVITES],$C7) -> 480 | E7: =SUMIFS(Table13[Montant],Table13[Montant],">0",Table13[ACTIVITES],$C7) -> 0 | F7: =E7-D7 -> -480 | G7: =-SUMIFS('Liste prévisionnel'!E:E,'Liste prévisionnel'!E:E,"<0",'Liste prévisionnel'!M:M,C7) -> 0 | H7: =SUMIFS('Liste prévisionnel'!E:E,'Liste prévisionnel'!E:E,">0",'Liste prévisionnel'!M:M,C7) -> 0 | I7: =H7-G7 -> 0 | J7: =F7-I7 -> -480
C8: Comité régional | D8: =-SUMIFS(Table13[Montant],Table13[Montant],"<0",Table13[ACTIVITES],$C8) -> 0 | E8: =SUMIFS(Table13[Montant],Table13[Montant],">0",Table13[ACTIVITES],$C8) -> 0 | F8: =E8-D8 -> 0 | G8: =-SUMIFS('Liste prévisionnel'!E:E,'Liste prévisionnel'!E:E,"<0",'Liste prévisionnel'!M:M,C8) -> 0 | H8: =SUMIFS('Liste prévisionnel'!E:E,'Liste prévisionnel'!E:E,">0",'Liste prévisionnel'!M:M,C8) -> 0 | I8: =H8-G8 -> 0
C9: Congrès régional | D9: =-SUMIFS(Table13[Montant],Table13[Montant],"<0",Table13[ACTIVITES],$C9) -> 1952.97 | E9: =SUMIFS(Table13[Montant],Table13[Montant],">0",Table13[ACTIVITES],$C9) -> 1952.97 | F9: =E9-D9 -> 0 | G9: =-SUMIFS('Liste prévisionnel'!E:E,'Liste prévisionnel'!E:E,"<0",'Liste prévisionnel'!M:M,C9) -> 0 | H9: =SUMIFS('Liste prévisionnel'!E:E,'Liste prévisionnel'!E:E,">0",'Liste prévisionnel'!M:M,C9) -> 0 | I9: =H9-G9 -> 0 | J9: =F9-I9 -> 0
C10: Equipe régionale | D10: =-SUMIFS(Table13[Montant],Table13[Montant],"<0",Table13[ACTIVITES],$C10) -> 200 | E10: =SUMIFS(Table13[Montant],Table13[Montant],">0",Table13[ACTIVITES],$C10) -> 200 | F10: =E10-D10 -> 0 | G10: =-SUMIFS('Liste prévisionnel'!E:E,'Liste prévisionnel'!E:E,"<0",'Liste prévisionnel'!M:M,C10) -> 0 | H10: =SUMIFS('Liste prévisionnel'!E:E,'Liste prévisionnel'!E:E,">0",'Liste prévisionnel'!M:M,C10) -> 0 | I10: =H10-G10 -> 0 | J10: =F10-I10 -> 0
C11: Sous-total | D11: =SUM(D6:D10) -> 3232.97 | E11: =SUM(E6:E10) -> 2152.97 | F11: =E11-D11 -> -1080 | G11: =SUM(G6:G10) -> 0 | H11: =SUM(H6:H10) -> 0 | I11: =H11-G11 -> 0 | J11: =SUM(J6:J10) -> -1080 | K11: =SUM(K6:K10) -> 0
B13: ACTIONS REGIONALES | C13: Formations des bénévoles (hors BAFA-BAFD) | D13: =-SUMIFS(Table13[Montant],Table13[Montant],"<0",Table13[ACTIVITES],$C13) -> 5680 | E13: =SUMIFS(Table13[Montant],Table13[Montant],">0",Table13[ACTIVITES],$C13) -> 6000 | F13: =E13-D13 -> 320 | G13: =CHARGES!AE61 -> 6000 | H13: =PRODUITS!AE42 -> 6000 | I13: =H13-G13 -> 0 | J13: =F13-I13 -> 320
C14: Formations des salariés | D14: =CHARGES!I61 -> 0 | E14: =PRODUITS!I42 -> 0 | F14: =E14-D14 -> 0 | G14: =CHARGES!AF61 -> 0 | H14: =PRODUITS!AF42 -> 0 | I14: =H14-G14 -> 0
C15: Formations des services civiques | D15: =CHARGES!J61 -> 0 | E15: =PRODUITS!J42 -> 0 | F15: =E15-D15 -> 0 | G15: =CHARGES!AG61 -> 0 | H15: =PRODUITS!AG42 -> 0 | I15: =H15-G15 -> 0
C16: Mini-séjours et rassemblements régionaux | D16: =-SUMIFS(Table13[Montant],Table13[Montant],"<0",Table13[ACTIVITES],$C16) -> 12332 | E16: =SUMIFS(Table13[Montant],Table13[Montant],">0",Table13[ACTIVITES],$C16) -> 10400 | F16: =E16-D16 -> -1932 | G16: =CHARGES!AH61 -> 12680 | H16: =PRODUITS!AH42 -> 11375 | I16: =H16-G16 -> -1305 | J16: =F16-I16 -> -627
C17: Rassemblements nationaux | D17: =CHARGES!L61 -> 0 | E17: =PRODUITS!L42 -> 0 | F17: =E17-D17 -> 0 | G17: =CHARGES!AI61 -> 0 | H17: =PRODUITS!AI42 -> 0 | I17: =H17-G17 -> 0
C18: Sous-total | D18: =SUM(D13:D17) -> 18012 | E18: =SUM(E13:E17) -> 16400 | F18: =E18-D18 -> -1612 | G18: =SUM(G13:G17) -> 18680 | H18: =SUM(H13:H17) -> 17375 | I18: =H18-G18 -> -1305 | J18: =SUM(J13:J17) -> -307 | K18: =SUM(K13:K17) -> 0
B20: ACTIVITES OUVERTES | C20: Formations BAFA-BAFD | D20: =-SUMIFS(Table13[Montant],Table13[Montant],"<0",Table13[ACTIVITES],$C20) -> 8040 | E20: =SUMIFS(Table13[Montant],Table13[Montant],">0",Table13[ACTIVITES],$C20) -> 8550 | F20: =E20-D20 -> 510 | G20: =CHARGES!AJ61 -> 8040 | H20: =PRODUITS!AJ42 -> 8550 | I20: =H20-G20 -> 510 | J20: =F20-I20 -> 0
C21: Croq'nature | D21: =-SUMIFS(Table13[Montant],Table13[Montant],"<0",Table13[ACTIVITES],$C21) -> 0 | E21: =SUMIFS(Table13[Montant],Table13[Montant],">0",Table13[ACTIVITES],$C21) -> 0 | F21: =E21-D21 -> 0 | G21: =CHARGES!AK61 -> 0 | H21: =PRODUITS!AK42 -> 0 | I21: =H21-G21 -> 0
C22: Séjours ouverts | D22: =-SUMIFS(Table13[Montant],Table13[Montant],"<0",Table13[ACTIVITES],$C22) -> 0 | E22: =SUMIFS(Table13[Montant],Table13[Montant],">0",Table13[ACTIVITES],$C22) -> 3000 | F22: =E22-D22 -> 3000 | G22: =CHARGES!AL61 -> 18536.8 | H22: =PRODUITS!AL42 -> 25500 | I22: =H22-G22 -> 6963.2 | J22: =F22-I22 -> -3963.2
C23: Séjours adaptés | D23: =-SUMIFS(Table13[Montant],Table13[Montant],"<0",Table13[ACTIVITES],$C23) -> 0 | E23: =SUMIFS(Table13[Montant],Table13[Montant],">0",Table13[ACTIVITES],$C23) -> 0 | F23: =E23-D23 -> 0 | G23: =CHARGES!AM61 -> 0 | H23: =PRODUITS!AM42 -> 0 | I23: =H23-G23 -> 0
C24: Ecole | D24: =-SUMIFS(Table13[Montant],Table13[Montant],"<0",Table13[ACTIVITES],$C24) -> 0 | E24: =SUMIFS(Table13[Montant],Table13[Montant],">0",Table13[ACTIVITES],$C24) -> 0 | F24: =E24-D24 -> 0 | G24: =CHARGES!AN61 -> 0 | H24: =PRODUITS!AN42 -> 0 | I24: =H24-G24 -> 0
C25: Autres activités | D25: =-SUMIFS(Table13[Montant],Table13[Montant],"<0",Table13[ACTIVITES],$C25) -> 895.65 | E25: =SUMIFS(Table13[Montant],Table13[Montant],">0",Table13[ACTIVITES],$C25) -> 900 | F25: =E25-D25 -> 4.35 | G25: =CHARGES!AO61 -> 0 | H25: =PRODUITS!AO42 -> 0 | I25: =H25-G25 -> 0 | J25: =F25-I25 -> 4.35
C26: Sous-total | D26: =SUM(D20:D25) -> 8935.65 | E26: =SUM(E20:E25) -> 12450 | F26: =E26-D26 -> 3514.35 | G26: =SUM(G20:G25) -> 26576.8 | H26: =SUM(H20:H25) -> 34050 | I26: =H26-G26 -> 7473.2 | J26: =SUM(J20:J25) -> -3958.85 | K26: =SUM(K20:K25) -> 0
B28: AUTRES COÛTS | C28: Fonctionnement (charges et produits indirects) | D28: =-SUMIFS(Table13[Montant],Table13[Montant],"<0",Table13[ACTIVITES],$C28) -> 14715.4 | E28: =SUMIFS(Table13[Montant],Table13[Montant],">0",Table13[ACTIVITES],$C28) -> 13720 | F28: =E28-D28 -> -995.4 | G28: =CHARGES!AP61 -> 15811.05 | H28: =PRODUITS!AP42 -> 11606.563 | I28: =H28-G28 -> -4204.4871 | J28: =F28-I28 -> 3209.0871
C29: Subventions | D29: =CHARGES!T61 -> 0 | E29: =PRODUITS!T42 -> 0 | F29: =E29-D29 -> 0 | G29: =CHARGES!AQ61 -> 0 | H29: =PRODUITS!AQ42 -> 0 | I29: =H29-G29 -> 0
C30: Sous-total | D30: =SUM(D28:D29) -> 14715.4 | E30: =SUM(E28:E29) -> 13720 | F30: =E30-D30 -> -995.4 | G30: =SUM(G28:G29) -> 15811.05 | H30: =SUM(H28:H29) -> 11606.563 | I30: =H30-G30 -> -4204.4871 | J30: =SUM(J28:J29) -> 3209.0871 | K30: =SUM(K28:K29) -> 0
B32: ACCUEILS CENTRES | C32: Accueil gestion complète en dur | D32: =CHARGES!U61 -> 0 | E32: =PRODUITS!U42 -> 0 | F32: =E32-D32 -> 0 | G32: =CHARGES!AR61 -> 0 | H32: =PRODUITS!AR42 -> 0 | I32: =H32-G32 -> 0
C33: Accueil gestion libre en dur | D33: =CHARGES!V61 -> 0 | E33: =PRODUITS!V42 -> 0 | F33: =E33-D33 -> 0 | G33: =CHARGES!AS61 -> 0 | H33: =PRODUITS!AS42 -> 0 | I33: =H33-G33 -> 0
C34: Accueil gestion complète plein air | D34: =CHARGES!W61 -> 0 | E34: =PRODUITS!W42 -> 0 | F34: =E34-D34 -> 0 | G34: =CHARGES!AT61 -> 0 | H34: =PRODUITS!AT42 -> 0 | I34: =H34-G34 -> 0
C35: Accueil gestion libre plein air | D35: =CHARGES!X61 -> 0 | E35: =PRODUITS!X42 -> 0 | F35: =E35-D35 -> 0 | G35: =CHARGES!AU61 -> 0 | H35: =PRODUITS!AU42 -> 0 | I35: =H35-G35 -> 0
C36: Sous-total | D36: =SUM(D32:D35) -> 0 | E36: =SUM(E32:E35) -> 0 | F36: =E36-D36 -> 0 | G36: =SUM(G32:G35) -> 0 | H36: =SUM(H32:H35) -> 0 | I36: =H36-G36 -> 0 | J36: =SUM(J32:J35) -> 0 | K36: =SUM(K32:K35) -> 0
B38: Total Région | D38: =SUM(D36,D26,D18,D30,D11) -> 44896.02 | E38: =SUM(E36,E26,E18,E30,E11) -> 44722.97 | F38: =SUM(F36,F26,F18,F30,F11) -> -173.05 | G38: =SUM(G36,G26,G18,G30,G11) -> 61067.85 | H38: =SUM(H36,H26,H18,H30,H11) -> 63031.563 | I38: =SUM(I36,I26,I18,I30,I11) -> 1963.7129 | J38: =SUM(J36,J26,J18,J30,J11) -> -2136.7629 | K38: =SUM(K36,K26,K18,K30,K11) -> 0
B40: SLA | D40: ='SLA V1'!E61+'SLA V1'!F61+'SLA V1'!G61+'SLA V1'!H61+'SLA V1'!I61+'SLA V1'!J61+'SLA V1'!K61+'SLA V1'!L61+'SLA V1'!M61+'SLA V1'!N61+'SLA V1'!O61+'SLA V1'!P61+'SLA V1'!Q61+'SLA V1'!R61+'SLA V1'!S61+'SLA V1'!T61+'SLA V1'!U61+'SLA V1'!V61 -> 0 | E40: ='SLA V1'!AB61+'SLA V1'!AC61+'SLA V1'!AD61+'SLA V1'!AE61+'SLA V1'!AF61+'SLA V1'!AG61+'SLA V1'!AH61+'SLA V1'!AI61+'SLA V1'!AJ61+'SLA V1'!AK61+'SLA V1'!AL61+'SLA V1'!AM61+'SLA V1'!AN61+'SLA V1'!AO61+'SLA V1'!AP61+'SLA V1'!AQ61+'SLA V1'!AR61+'SLA V1'!AS61+'SLA V1'!AT61+'SLA V1'!AU61+'SLA V1'!AV61 -> 0 | F40: =E40-D40 -> 0 | G40: ='SLA V2 '!E61+'SLA V2 '!F61+'SLA V2 '!G61+'SLA V2 '!H61+'SLA V2 '!I61+'SLA V2 '!J61+'SLA V2 '!K61+'SLA V2 '!L61+'SLA V2 '!M61+'SLA V2 '!T61+'SLA V2 '!U61 -> 0 | H40: ='SLA V2 '!Z61+'SLA V2 '!AA61+'SLA V2 '!AB61+'SLA V2 '!AC61+'SLA V2 '!AD61+'SLA V2 '!AE61+'SLA V2 '!AF61+'SLA V2 '!AG61+'SLA V2 '!AH61+'SLA V2 '!AO61+'SLA V2 '!AP61 -> 0 | I40: =H40-G40 -> 0
B42: Total Région intégrée = Région + SLA | D42: =D38+D40 -> 44896.02 | E42: =E38+E40 -> 44722.97 | F42: =E42-D42 -> -173.05 | G42: =G38+G40 -> 61067.85 | H42: =H38+H40 -> 63031.563 | I42: =H42-G42 -> 1963.7129

Sheet PRODUITS
C1: VERSION 1 | Z1: VERSION 2
A3: DETAILS DES PRODUITS
C4: ='Budget analytique'!C6 -> Assemblée Générale | D4: Conseil National | E4: ='Budget analytique'!C8 -> Comité régional | F4: ='Budget analytique'!C9 -> Congrès régional | G4: ='Budget analytique'!C10 -> Equipe régionale | H4: ='Budget analytique'!C13 -> Formations des bénévoles (hors BAFA-BAFD) | I4: ='Budget analytique'!C14 -> Formations des salariés | J4: ='Budget analytique'!C15 -> Formations des services civiques | K4: ='Budget analytique'!C16 -> Mini-séjours et rassemblements régionaux | L4: ='Budget analytique'!C17 -> Rassemblements nationaux | M4: ='Budget analytique'!C20 -> Formations BAFA-BAFD | N4: ='Budget analytique'!C21 -> Croq'nature | O4: ='Budget analytique'!C22 -> Séjours ouverts | P4: ='Budget analytique'!C23 -> Séjours adaptés | Q4: ='Budget analytique'!C24 -> Ecole | R4: ='Budget analytique'!C25 -> Autres activités | S4: ='Budget analytique'!C28 -> Fonctionnement (charges et produits indirects) | T4: ='Budget analytique'!C29 -> Subventions | U4: ='Budget analytique'!C32 -> Accueil gestion complète en dur | V4: ='Budget analytique'!C33 -> Accueil gestion libre en dur | W4: ='Budget analytique'!C34 -> Accueil gestion complète plein air | X4: ='Budget analytique'!C35 -> Accueil gestion libre plein air | Z4: Assemblée Générale | AA4: Conseil National | AB4: Comité Régional | AC4: Congrès régional | AD4: Equipe régionale | AE4: Formations des bénévoles (Hors BAFA - BAFD) | AF4: Formations des salariés | AG4: Formations des services civiques | AH4: Mini-séjours et rassemblements régionaux | AI4: Rassemblements nationaux | AJ4: Formations BAFA-BAFD | AK4: Croq'nature | AL4: Séjours ouverts | AM4: Séjours adaptés | AN4: Ecole | AO4: Autres activités | AP4: Fonctionnement (charges et produits indirects) | AQ4: Gestion immobilière | AR4: Accueil gestion complète en dur | AS4: Accueil gestion libe en dur | AT4: Accueil gestion complète plein air | AU4: Accueil gestion libre plein air
A5: 70 | B5: Ventes de produits et prestations | C5: =SUM(C6:C14) -> 0 | D5: =SUM(D6:D14) -> 0 | E5: =SUM(E6:E14) -> 0 | F5: =SUM(F6:F14) -> 3679 | G5: =SUM(G6:G14) -> 0 | H5: =SUM(H6:H14) -> 0 | I5: =SUM(I6:I14) -> 0 | J5: =SUM(J6:J14) -> 0 | ... X5: =SUM(X6:X14) -> 0 | Z5: =SUM(Z6:Z14) -> 0 | AA5: =SUM(AA6:AA14) -> 0 | AB5: =SUM(AB6:AB14) -> 0 | AC5: =SUM(AC6:AC14) -> 1905.6171 | AD5: =SUM(AD6:AD14) -> 0 | AE5: =SUM(AE6:AE14) -> 0 | AF5: =SUM(AF6:AF14) -> 0 | AG5: =SUM(AG6:AG14) -> 0 | ... AU5: =SUM(AU6:AU14) -> 0
A6: 7060000 | B6: Participation aux camps, activités | M6: 8500 | Q6: 0 | AH6: ='BP ROLDIR'!F38 -> 11375 | AJ6: ='Récap BAFA'!C8 -> 2775 | AL6: ='Récap séjours ouverts'!C8 -> 25500
A7: 7060009 | B7: Participation aux camps, activités EEDF | F7: 3679 | K7: =50*300 -> 15000 | AC7: 1905.6171 | AJ7: ='Récap BAFA'!C9 -> 5775 | AP7: =+'OLD BP Fonct'!G21 -> 6186.5629
A8: 7061000 | B8: Prestations de service CAF
A9: 7070000 | B9: Vente de marchandises
A10: 7070009 | B10: Vente de marchandises aux EEDF
A11: 7083000 | B11: Locations immobilières & mobilières
A12: 7083009 | B12: Locations immobilières & mobilières EEDF
A13: 7080000 | B13: Produits activités annexes | R13: 3000 | S13: 9400 | AP13: =+'OLD BP Fonct'!G8 -> 900
A14: 7080009 | B14: Produits activités annexes EEDF
A15: 74 | B15: Subventions | C15: =SUM(C16:C24) -> 0 | D15: =SUM(D16:D24) -> 0 | E15: =SUM(E16:E24) -> 0 | F15: =SUM(F16:F24) -> 0 | G15: =SUM(G16:G24) -> 0 | H15: =SUM(H16:H24) -> 5960 | I15: =SUM(I16:I24) -> 0 | J15: =SUM(J16:J24) -> 0 | ... X15: =SUM(X16:X24) -> 0 | Z15: =SUM(Z16:Z24) -> 0 | AA15: =SUM(AA16:AA24) -> 0 | AB15: =SUM(AB16:AB24) -> 0 | AC15: =SUM(AC16:AC24) -> 0 | AD15: =SUM(AD16:AD24) -> 0 | AE15: =SUM(AE16:AE24) -> 6000 | AF15: =SUM(AF16:AF24) -> 0 | AG15: =SUM(AG16:AG24) -> 0 | ... AU15: =SUM(AU16:AU24) -> 0
A16: 7410000 | B16: Subventions Nationales | AE16: ='OLD - BP Tremplins'!L33 -> 6000
A17: 7411000 | B17: Subventions régionales | H17: 5960
A18: 7412000 | B18: Subventions départementales
A19: 7413000 | B19: Subventions communales | S19: 4320 | AP19: =+'OLD BP Fonct'!G2 -> 4320
A20: 7414000 | B20: Subventions aides à l'emploi (CNASEA/ASP…)
A21: 7414009 | B21: Subventions Reversées par EEDF (Fonjep)
A22: 7415000 | B22: Subventions organismes publiques (CAF…)
A23: 7416000 | B23: subventions orgnismes privés
A24: 7480000 | B24: Fonds européens
A25: 75 | B25: Produits de gestion courante | C25: =SUM(C26:C32) -> 0 | D25: =SUM(D26:D32) -> 0 | E25: =SUM(E26:E32) -> 0 | F25: =SUM(F26:F32) -> 0 | G25: =SUM(G26:G32) -> 0 | H25: =SUM(H26:H32) -> 0 | I25: =SUM(I26:I32) -> 0 | J25: =SUM(J26:J32) -> 0 | ... X25: =SUM(X26:X32) -> 0 | Z25: =SUM(Z26:Z32) -> 0 | AA25: =SUM(AA26:AA32) -> 0 | AB25: =SUM(AB26:AB32) -> 0 | AC25: =SUM(AC26:AC32) -> 0 | AD25: =SUM(AD26:AD32) -> 0 | AE25: =SUM(AE26:AE32) -> 0 | AF25: =SUM(AF26:AF32) -> 0 | AG25: =SUM(AG26:AG32) -> 0 | ... AU25: =SUM(AU26:AU32) -> 0
A26: 7540000 | B26: Dons reçus
A27: 7540009 | B27: Dons reversés par le siège national
A28: 7560000 | B28: Cotisations des adhérents | S28: 110 | AP28: =+'OLD BP Fonct'!G19 -> 200
A29: 7580000 | B29: Autres produits de gestion courante
A30: 7580009 | B30: Aides, bourses par EEDF
A31: 7580029 | B31: structures fermées
A32: 7581009 | B32: Contribution nationale EEDF
A33: 76 | B33: Produits financiers | C33: =C34 -> 0 | D33: =D34 -> 0 | E33: =E34 -> 0 | F33: =F34 -> 0 | G33: =G34 -> 0 | H33: =H34 -> 0 | I33: =I34 -> 0 | J33: =J34 -> 0 | ... X33: =X34 -> 0 | Z33: =Z34 -> 0 | AA33: =AA34 -> 0 | AB33: =AB34 -> 0 | AC33: =AC34 -> 0 | AD33: =AD34 -> 0 | AE33: =AE34 -> 0 | AF33: =AF34 -> 0 | AG33: =AG34 -> 0 | ... AU33: =AU34 -> 0
A34: 7600000 | B34: Produits financiers
A35: 77 | B35: Produits exceptionnels | C35: =SUM(C36:C40) -> 0 | D35: =SUM(D36:D40) -> 0 | E35: =SUM(E36:E40) -> 0 | F35: =SUM(F36:F40) -> 0 | G35: =SUM(G36:G40) -> 0 | H35: =SUM(H36:H40) -> 0 | I35: =SUM(I36:I40) -> 0 | J35: =SUM(J36:J40) -> 0 | ... X35: =SUM(X36:X40) -> 0 | Z35: =SUM(Z36:Z40) -> 0 | AA35: =SUM(AA36:AA40) -> 0 | AB35: =SUM(AB36:AB40) -> 0 | AC35: =SUM(AC36:AC40) -> 0 | AD35: =SUM(AD36:AD40) -> 0 | AE35: =SUM(AE36:AE40) -> 0 | AF35: =SUM(AF36:AF40) -> 0 | AG35: =SUM(AG36:AG40) -> 0 | ... AU35: =SUM(AU36:AU40) -> 0
A36: 7718000 | B36: Produits exceptionnels
A37: 7720000 | B37: Produits exceptionnels sur ex. antérieur
A38: 7750000 | B38: Prix vente des immobilisations sorties
A39: 7770000 | B39: Quote-part de subvention d'investissement
A40: 7815000 | B40: Reprise de provisions
A41: 7910000 | B41: Transfert de charges d'exploitation
B42: TOTAL DES PRODUITS | C42: =C5+C15+C25+C33+C35+C41 -> 0 | D42: =D5+D15+D25+D33+D35+D41 -> 0 | E42: =E5+E15+E25+E33+E35+E41 -> 0 | F42: =F5+F15+F25+F33+F35+F41 -> 3679 | G42: =G5+G15+G25+G33+G35+G41 -> 0 | H42: =H5+H15+H25+H33+H35+H41 -> 5960 | I42: =I5+I15+I25+I33+I35+I41 -> 0 | J42: =J5+J15+J25+J33+J35+J41 -> 0 | ... X42: =X5+X15+X25+X33+X35+X41 -> 0 | Z42: =Z5+Z15+Z25+Z33+Z35+Z41 -> 0 | AA42: =AA5+AA15+AA25+AA33+AA35+AA41 -> 0 | AB42: =AB5+AB15+AB25+AB33+AB35+AB41 -> 0 | AC42: =AC5+AC15+AC25+AC33+AC35+AC41 -> 1905.6171 | AD42: =AD5+AD15+AD25+AD33+AD35+AD41 -> 0 | AE42: =AE5+AE15+AE25+AE33+AE35+AE41 -> 6000 | AF42: =AF5+AF15+AF25+AF33+AF35+AF41 -> 0 | AG42: =AG5+AG15+AG25+AG33+AG35+AG41 -> 0 | ... AU42: =AU5+AU15+AU25+AU33+AU35+AU41 -> 0

Sheet synthèse
A2: Note de synthèse accompagnant le budget 2023
A3: 1. Contexte
A4: [Rappel des caractéristiques de l’entité, type nombre d’adhérents, type d’activités, partenariats, etc.]
A5: [Rappel des faits marquants dans l’histoire récente de l’unité, type renouvellement des élus, problèmes rencontrés sur un séjour, projets lancés récemment ]
A6: [Le cas échéant relations avec les collectivités locales du territoire ]
A12: 2. Principales initiatives et actions prévues
A13: [Décrire ici les actions pédagogiques nouvelles, les nouveaux projets, les démarches de prospection, etc.]
A14: [Indiquer s’il est prévu d’arrêter certaines activités ou actions, ou de ne les maintenir que si un nombre minimum de participants est inscrit à temps]
A15: [Décrire aussi les initiatives prévues en matière de gestion, et d’économie de frais de fonctionnement]
A31: 3. Hypothèses économiques sur lequel est construit le budget
A32: [Lister et commenter les principaux écarts Projection / Budget, notamment sur :
A33: -> Volumes d’activité/fréquentation par catégories (lutins, louveteaux, etc. ; activité pendant l’année, Séjours, formation…)
... A55: -> Subventions

Sheet Récap séjours ouverts
A1: Total Séjours ouverts
B2: dépense | C2: recettes
A3: Achats denrées alimentaires | B3: ='BP Séjour ouvert 1S'!F15+'BP Séjour ouvert 2S'!F15 -> 5278
A4: Petites fournitures et petit matériel | B4: ='BP Séjour ouvert 2S'!F16+'BP Séjour ouvert 2S'!F17+'BP Séjour ouvert 2S'!F18+'BP Séjour ouvert 1S'!F18+'BP Séjour ouvert 1S'!F16+'BP Séjour ouvert 1S'!F17 -> 1608
A5: Carburants | B5: ='BP Séjour ouvert 2S'!F19+'BP Séjour ouvert 1S'!F19 -> 300
A6: Locations terrains et centres EEDF | B6: ='BP Séjour ouvert 2S'!F25+'BP Séjour ouvert 1S'!F25 -> 3200
A8: Participation aux camps, activités | C8: ='BP Séjour ouvert 1S'!F76+'BP Séjour ouvert 2S'!F76 -> 25500
A10: Produits pharmaceutiques | B10: ='BP Séjour ouvert 2S'!F21+'BP Séjour ouvert 1S'!F21 -> 100
A13: Publication et promotion | B13: ='BP Séjour ouvert 1S'!F71+'BP Séjour ouvert 2S'!F71 -> 100
A14: Salaires bruts | B14: ='BP Séjour ouvert 1S'!F57+'BP Séjour ouvert 2S'!F57 -> 7950.8

Sheet CHARGES
C1: VERSION 1 | Z1: VERSION 2
A3: DETAILS DES CHARGES
C4: ='Budget analytique'!C6 -> Assemblée Générale | D4: Conseil National | E4: ='Budget analytique'!C8 -> Comité régional | F4: ='Budget analytique'!C9 -> Congrès régional | G4: ='Budget analytique'!C10 -> Equipe régionale | H4: ='Budget analytique'!C13 -> Formations des bénévoles (hors BAFA-BAFD) | I4: ='Budget analytique'!C14 -> Formations des salariés | J4: ='Budget analytique'!C15 -> Formations des services civiques | K4: ='Budget analytique'!C16 -> Mini-séjours et rassemblements régionaux | L4: ='Budget analytique'!C17 -> Rassemblements nationaux | M4: ='Budget analytique'!C20 -> Formations BAFA-BAFD | N4: ='Budget analytique'!C21 -> Croq'nature | O4: ='Budget analytique'!C22 -> Séjours ouverts | P4: ='Budget analytique'!C23 -> Séjours adaptés | Q4: ='Budget analytique'!C24 -> Ecole | R4: ='Budget analytique'!C25 -> Autres activités | S4: ='Budget analytique'!C28 -> Fonctionnement (charges et produits indirects) | T4: ='Budget analytique'!C29 -> Subventions | U4: ='Budget analytique'!C32 -> Accueil gestion complète en dur | V4: ='Budget analytique'!C33 -> Accueil gestion libre en dur | W4: ='Budget analytique'!C34 -> Accueil gestion complète plein air | X4: ='Budget analytique'!C35 -> Accueil gestion libre plein air | Z4: Assemblée Générale | AA4: Conseil National | AB4: Comité Régional | AC4: Congrès régional | AD4: Equipe régionale | AE4: Formations des bénévoles (Hors BAFA - BAFD) | AF4: Formations des salariés | AG4: Formations des services civiques | AH4: Mini-séjours et rassemblements régionaux | AI4: Rassemblements nationaux | AJ4: Formations BAFA-BAFD | AK4: Croq'nature | AL4: Séjours ouverts | AM4: Séjours adaptés | AN4: Ecole | AO4: Autres activités | AP4: Fonctionnement (charges et produits indirects) | AQ4: Gestion immobilière | AR4: Accueil gestion complète en dur | AS4: Accueil gestion libe en dur | AT4: Accueil gestion complète plein air | AU4: Accueil gestion libre plein air
A5: 60 | B5: Achats | C5: =SUM(C6:C16) -> 500 | D5: =SUM(D6:D16) -> 170 | E5: =SUM(E6:E16) -> 0 | F5: =SUM(F6:F16) -> 1620 | G5: =SUM(G6:G16) -> 300 | H5: =SUM(H6:H16) -> 1960 | I5: =SUM(I6:I16) -> 0 | J5: =SUM(J6:J16) -> 0 | ... X5: =SUM(X6:X16) -> 0 | Z5: =SUM(Z6:Z16) -> 720 | AA5: =SUM(AA6:AA16) -> 360 | AB5: =SUM(AB6:AB16) -> 0 | AC5: =SUM(AC6:AC16) -> 619.33 | AD5: =SUM(AD6:AD16) -> 300 | AE5: =SUM(AE6:AE16) -> 2000 | AF5: =SUM(AF6:AF16) -> 0 | AG5: =SUM(AG6:AG16) -> 0 | ... AU5: =SUM(AU6:AU16) -> 0
A6: 6040000 | B6: Prestations éducatives
A7: 6040009 | B7: Prestations éducatives EEDF | C7: 500 | D7: =2*85 -> 170 | F7: 500 | Z7: =6*120 -> 720 | AA7: =120*3 -> 360
A8: 6061000 | B8: Eau, gaz, électricité, combustible | K8: 100
A9: 6062000 | B9: Achats denrées alimentaires | F9: =80*2*7 -> 1120 | G9: 300 | H9: =70*2*7*2 -> 1960 | K9: =300*3*7 -> 6300 | M9: 2000 | AC9: 619.33 | AD9: 300 | AE9: ='OLD - BP Tremplins'!L15 -> 1680 | AH9: ='BP ROLDIR'!F15 -> 3680 | AJ9: ='Récap BAFA'!B3 -> 1785 | AL9: ='Récap séjours ouverts'!B3 -> 5278
A10: 6063000 | B10: Petites fournitures et petit matériel | K10: 300 | M10: 1000 | S10: 50 | AE10: ='OLD - BP Tremplins'!L18 -> 320 | AH10: ='BP ROLDIR'!F17 -> 200 | AJ10: ='Récap BAFA'!B4 -> 355 | AL10: ='Récap séjours ouverts'!B4 -> 1608 | AP10: ='OLD BP Fonct'!C16 -> 500
A11: 6064000 | B11: Fournitures administratives
A12: 6065000 | B12: Carburants | AJ12: ='Récap BAFA'!B5 -> 100 | AL12: ='Récap séjours ouverts'!B5 -> 300
A13: 6066000 | B13: Produits pharmaceutiques | AL13: ='Récap séjours ouverts'!B10 -> 100
A14: 6068000 | B14: Fournitures éducatives et pédagogiques | K14: 300
A15: 6070000 | B15: Achat de marchandises pour la revente
A16: 6070009 | B16: Achat de marchandises à EEDF pour revente
A17: 61 | B17: Services extérieurs | C17: =SUM(C18:C27) -> 0 | D17: =SUM(D18:D27) -> 0 | E17: =SUM(E18:E27) -> 0 | F17: =SUM(F18:F27) -> 1000 | G17: =SUM(G18:G27) -> 0 | H17: =SUM(H18:H27) -> 2000 | I17: =SUM(I18:I27) -> 0 | J17: =SUM(J18:J27) -> 0 | ... X17: =SUM(X18:X27) -> 0 | Z17: =SUM(Z18:Z27) -> 0 | AA17: =SUM(AA18:AA27) -> 0 | AB17: =SUM(AB18:AB27) -> 0 | AC17: =SUM(AC18:AC27) -> 700 | AD17: =SUM(AD18:AD27) -> 0 | AE17: =SUM(AE18:AE27) -> 2000 | AF17: =SUM(AF18:AF27) -> 0 | AG17: =SUM(AG18:AG27) -> 0 | ... AU17: =SUM(AU18:AU27) -> 0
A18: 6132000 | B18: Locations immobilières | H18: 0 | K18: 0 | M18: 4000 | Q18: 0 | S18: 4320 | AP18: =+'OLD BP Fonct'!C2 -> 4320
A19: 6132009 | B19: Locations terrains et centres EEDF | F19: 1000 | H19: 2000 | K19: =2000 -> 2000 | AC19: 700 | AE19: ='OLD - BP Tremplins'!L25 -> 2000 | AH19: ='BP ROLDIR'!F25 -> 100 | AJ19: ='Récap BAFA'!B6 -> 5600 | AL19: ='Récap séjours ouverts'!B6 -> 3200
A20: 6135000 | B20: Autres locations (matériel, véhicules)
A21: 6135009 | B21: Location mobilères à EEDF
A22: 6140000 | B22: Charges locatives et de copropriété
A23: 6150000 | B23: Entretien et réparations | R23: 250 | AP23: =+'OLD BP Fonct'!C10 -> 200
A24: 6160000 | B24: Primes d'assurance | S24: 1330 | AP24: ='OLD BP Fonct'!C8+'OLD BP Fonct'!C4 -> 1016.05
A25: 6180000 | B25: Frais de formations extérieures
A26: 6180009 | B26: Frais de formation EEDF
A27: 6183000 | B27: Documentation
A28: 62 | B28: Autres services extérieurs | C28: =SUM(C29:C36) -> 0 | D28: =SUM(D29:D36) -> 0 | E28: =SUM(E29:E36) -> 0 | F28: =SUM(F29:F36) -> 1059 | G28: =SUM(G29:G36) -> 500 | H28: =SUM(H29:H36) -> 2000 | I28: =SUM(I29:I36) -> 0 | J28: =SUM(J29:J36) -> 0 | ... X28: =SUM(X29:X36) -> 0 | Z28: =SUM(Z29:Z36) -> 0 | AA28: =SUM(AA29:AA36) -> 0 | AB28: =SUM(AB29:AB36) -> 0 | AC28: =SUM(AC29:AC36) -> 670 | AD28: =SUM(AD29:AD36) -> 500 | AE28: =SUM(AE29:AE36) -> 2000 | AF28: =SUM(AF29:AF36) -> 0 | AG28: =SUM(AG29:AG36) -> 0 | ... AU28: =SUM(AU29:AU36) -> 0
A29: 6226000 | B29: Honoraires
A30: 6230000 | B30: Publication et promotion | AL30: ='Récap séjours ouverts'!B13 -> 100
A31: 6230009 | B31: Publication et promotion à EEDF
A32: 6240000 | B32: Transport des participants | F32: 1059 | H32: =2000 -> 2000 | K32: 6000 | AC32: 670
A33: 6250000 | B33: Trpt et déplac;, missions, réceptions | G33: 500 | M33: 600 | AD33: 500 | AE33: ='OLD - BP Tremplins'!L26 -> 2000 | AH33: ='BP ROLDIR'!F26 -> 8700 | AJ33: ='Récap BAFA'!B7 -> 200
A34: 6260000 | B34: Affranchissement, téléphone et internet | AP34: ='OLD BP Fonct'!C17 -> 120
A35: 6270000 | B35: Services bancaires | S35: 55 | AP35: =+'OLD BP Fonct'!C15 -> 55
A36: 6280000 | B36: Cotisations autres associations | S36: 70
A37: 63 | B37: Impôts et taxes | C37: =C38 -> 0 | D37: =D38 -> 0 | E37: =E38 -> 0 | F37: =F38 -> 0 | G37: =G38 -> 0 | H37: =H38 -> 0 | I37: =I38 -> 0 | J37: =J38 -> 0 | ... X37: =X38 -> 0 | Z37: =Z38 -> 0 | AA37: =AA38 -> 0 | AB37: =AB38 -> 0 | AC37: =AC38 -> 0 | AD37: =AD38 -> 0 | AE37: =AE38 -> 0 | AF37: =AF38 -> 0 | AG37: =AG38 -> 0 | ... AU37: =AU38 -> 0
A38: 6370000 | B38: Impôts divers
A39: 64 | B39: Charges de personnel | C39: =SUM(C40:C42) -> 0 | D39: =SUM(D40:D42) -> 0 | E39: =SUM(E40:E42) -> 0 | F39: =SUM(F40:F42) -> 0 | G39: =SUM(G40:G42) -> 0 | H39: =SUM(H40:H42) -> 0 | I39: =SUM(I40:I42) -> 0 | J39: =SUM(J40:J42) -> 0 | ... X39: =SUM(X40:X42) -> 0 | Z39: =SUM(Z40:Z42) -> 0 | AA39: =SUM(AA40:AA42) -> 0 | AB39: =SUM(AB40:AB42) -> 0 | AC39: =SUM(AC40:AC42) -> 0 | AD39: =SUM(AD40:AD42) -> 0 | AE39: =SUM(AE40:AE42) -> 0 | AF39: =SUM(AF40:AF42) -> 0 | AG39: =SUM(AG40:AG42) -> 0 | ... AU39: =SUM(AU40:AU42) -> 0
A40: 6410009 | B40: Salaires bruts | S40: 9400 | AL40: ='Récap séjours ouverts'!B14 -> 7950.8 | AP40: =+'OLD BP Fonct'!C21 -> 9400
A41: 6450009 | B41: Charges Sociales
A42: 6480000 | B42: autres charges (médecine du travail, DPCE)
A43: 65 | B43: Charges de gestion courante | C43: =SUM(C44:C51) -> 0 | D43: =SUM(D44:D51) -> 0 | E43: =SUM(E44:E51) -> 0 | F43: =SUM(F44:F51) -> 0 | G43: =SUM(G44:G51) -> 0 | H43: =SUM(H44:H51) -> 0 | I43: =SUM(I44:I51) -> 0 | J43: =SUM(J44:J51) -> 0 | ... X43: =SUM(X44:X51) -> 0 | Z43: =SUM(Z44:Z51) -> 0 | AA43: =SUM(AA44:AA51) -> 0 | AB43: =SUM(AB44:AB51) -> 0 | AC43: =SUM(AC44:AC51) -> 0 | AD43: =SUM(AD44:AD51) -> 0 | AE43: =SUM(AE44:AE51) -> 0 | AF43: =SUM(AF44:AF51) -> 0 | AG43: =SUM(AG44:AG51) -> 0 | ... AU43: =SUM(AU44:AU51) -> 0
A44: 6561009 | B44: Cotisations payées au siège | S44: 110
A45: 6566009 | B45: Autres cotisations payées aux EEDF | AP45: =+'OLD BP Fonct'!C19 -> 200
A46: 6570009 | B46: reversements de dons à EEDF
A47: 6572009 | B47: Indemnités services civiques EEDF
A48: 6580000 | B48: Charges diverses
A49: 6580009 | B49: Aides versées aux structures EEDF
A50: 6580029 | B50: structures fermées
A51: 6581009 | B51: Contribution nationale EEDF | S51: 100
A52: 66 | B52: Charges financières | C52: =C53 -> 0 | D52: =D53 -> 0 | E52: =E53 -> 0 | F52: =F53 -> 0 | G52: =G53 -> 0 | H52: =H53 -> 0 | I52: =I53 -> 0 | J52: =J53 -> 0 | ... X52: =X53 -> 0 | Z52: =Z53 -> 0 | AA52: =AA53 -> 0 | AB52: =AB53 -> 0 | AC52: =AC53 -> 0 | AD52: =AD53 -> 0 | AE52: =AE53 -> 0 | AF52: =AF53 -> 0 | AG52: =AG53 -> 0 | ... AU52: =AU53 -> 0
A53: 6600000 | B53: Charges financières
A54: 67 | B54: Charges exceptionnelles | C54: =SUM(C55:C57) -> 0 | D54: =SUM(D55:D57) -> 0 | E54: =SUM(E55:E57) -> 0 | F54: =SUM(F55:F57) -> 0 | G54: =SUM(G55:G57) -> 0 | H54: =SUM(H55:H57) -> 0 | I54: =SUM(I55:I57) -> 0 | J54: =SUM(J55:J57) -> 0 | ... X54: =SUM(X55:X57) -> 0 | Z54: =SUM(Z55:Z57) -> 0 | AA54: =SUM(AA55:AA57) -> 0 | AB54: =SUM(AB55:AB57) -> 0 | AC54: =SUM(AC55:AC57) -> 0 | AD54: =SUM(AD55:AD57) -> 0 | AE54: =SUM(AE55:AE57) -> 0 | AF54: =SUM(AF55:AF57) -> 0 | AG54: =SUM(AG55:AG57) -> 0 | ... AU54: =SUM(AU55:AU57) -> 0
A55: 6712000 | B55: Pénalités et amendes
A56: 6718000 | B56: charges exceptionnelles
A57: 6750000 | B57: valeur comptable actif sorti
A58: 68 | B58: Amortissements | C58: =SUM(C59:C60) -> 0 | D58: =SUM(D59:D60) -> 0 | E58: =SUM(E59:E60) -> 0 | F58: =SUM(F59:F60) -> 0 | G58: =SUM(G59:G60) -> 0 | H58: =SUM(H59:H60) -> 0 | I58: =SUM(I59:I60) -> 0 | J58: =SUM(J59:J60) -> 0 | ... X58: =SUM(X59:X60) -> 0 | Z58: =SUM(Z59:Z60) -> 0 | AA58: =SUM(AA59:AA60) -> 0 | AB58: =SUM(AB59:AB60) -> 0 | AC58: =SUM(AC59:AC60) -> 0 | AD58: =SUM(AD59:AD60) -> 0 | AE58: =SUM(AE59:AE60) -> 0 | AF58: =SUM(AF59:AF60) -> 0 | AG58: =SUM(AG59:AG60) -> 0 | ... AU58: =SUM(AU59:AU60) -> 0
A59: 6810000 | B59: Dotation aux amortissements
A60: 6815000 | B60: Dotation aux provisions
B61: TOTAL DES CHARGES | C61: =C58+C54+C52+C43+C39+C37+C28+C17+C5 -> 500 | D61: =D58+D54+D52+D43+D39+D37+D28+D17+D5 -> 170 | E61: =E58+E54+E52+E43+E39+E37+E28+E17+E5 -> 0 | F61: =F58+F54+F52+F43+F39+F37+F28+F17+F5 -> 3679 | G61: =G58+G54+G52+G43+G39+G37+G28+G17+G5 -> 800 | H61: =H58+H54+H52+H43+H39+H37+H28+H17+H5 -> 5960 | I61: =I58+I54+I52+I43+I39+I37+I28+I17+I5 -> 0 | J61: =J58+J54+J52+J43+J39+J37+J28+J17+J5 -> 0 | ... X61: =X58+X54+X52+X43+X39+X37+X28+X17+X5 -> 0 | Z61: =Z58+Z54+Z52+Z43+Z39+Z37+Z28+Z17+Z5 -> 720 | AA61: =AA58+AA54+AA52+AA43+AA39+AA37+AA28+AA17+AA5 -> 360 | AB61: =AB58+AB54+AB52+AB43+AB39+AB37+AB28+AB17+AB5 -> 0 | AC61: =AC58+AC54+AC52+AC43+AC39+AC37+AC28+AC17+AC5 -> 1989.33 | AD61: =AD58+AD54+AD52+AD43+AD39+AD37+AD28+AD17+AD5 -> 800 | AE61: =AE58+AE54+AE52+AE43+AE39+AE37+AE28+AE17+AE5 -> 6000 | AF61: =AF58+AF54+AF52+AF43+AF39+AF37+AF28+AF17+AF5 -> 0 | AG61: =AG58+AG54+AG52+AG43+AG39+AG37+AG28+AG17+AG5 -> 0 | ... AU61: =AU58+AU54+AU52+AU43+AU39+AU37+AU28+AU17+AU5 -> 0

Sheet OLD BP Fonct
A1: PERMANENCE
B2: Loyer : | C2: =12*360 -> 4320 | D2: 360 € par mois | F2: Subvention loyer | G2: =C2 -> 4320
B4: MAIF : | C4: 320.4
A7: CAMION :
B8: MAIF : | C8: 695.65 | F8: Location | G8: 900
B10: Réparations : | C10: 200
A14: AUTRE :
B15: CB | C15: 55
B16: Matériel | C16: 500
B17: Tel | C17: =10*12 -> 120
A18: ASSOCIATIF :
B19: Adhésion | C19: 200 | F19: Adhésion | G19: 200
B21: MS AD Siège | C21: 9400 | F21: Refacturation AD Siege | G21: 6186.5629
B27: CHARGE
C28: =SUM(C1:C25) -> 15811.05 | F28: PRODUIT | G28: =SUM(G1:G25) -> 11606.563
E30: Résultat
E31: =G28-C28 -> -4204.4871

Sheet BP Petit Bivouac - P2
A1: BUDGET PREVISIONNEL -propal 2 (hors Transport)
A2: Sous réserves d'erreurs: merci de les signaler si nécessaire
A3: Intitulé de séjour | C3: Petit bivouac | G3: Encadrants | J3: Enfants & Jeunes
A4: Organisateur | G4: Lutins | I4: 15 | J4: Lutins | K4: 50 | L4: ratio effectif | M4: =K4/I4 -> 3.3333333
A5: Prix de séjour (1er enfant) | B5: 65% des jeunes | C5: 160 | G5: Louveteaux | I5: 13 | J5: Louveteaux | K5: 50 | L5: ratio effectif | M5: =K5/I5 -> 3.8461538
A6: Prix de séjour (Enfants suivants) | B6: 35% des jeunes | C6: 150 | G6: Eclés | I6: 7 | J6: Eclés | K6: 100 | L6: ratio effectif | M6: =K6/I6 -> 14.285714
A7: Date début | C7: 45851 | G7: Aînés | I7: 5 | J7: Aînés | K7: 0 | L7: ratio effectif | M7: =K7/I7 -> 0 | N7: pas d'ainés a petit bivouac
A8: Date fin | C8: 45859 | G8: Commun | I8: 10 | J8: TOTAL | K8: =SUM(K4:K7) -> 200
A9: Nbr de jours | C9: =C8-C7+1 -> 9
A10: Nbr de part. | C10: =K8 -> 200 | G10: TOTAL | I10: =SUM(I4:I9) -> 50 | J10: Journées | K10: =(K8+I10)*C9 -> 2250
A12: PREVISIONNEL | G12: Réel
C13: Nbr J | D13: Nbr P | E13: Prix | F13: Total | G13: Nbr J | H13: Nbr P | I13: Prix | J13: Total | K13: Delta
A14: A GERER PAR LES DIRECTEURS
A15: cpt60 - Achat
A16: Alimentation | B16: Achats denrées alimentaires | C16: =C9 -> 9 | D16: =C10+I10 -> 250 | E16: 8 | F16: =C16*D16*E16 -> 18000
A17: Entretien | B17: Petites fournitures et petit matériel | C17: =$C$9 -> 9 | D17: =$C$10+$I$10 -> 250 | E17: 0.025 | F17: =C17*D17*E17 -> 56.25
A18: Matériel éducatif | B18: Fournitures éducatives et pédagogiques | C18: =$C$9 -> 9 | D18: =$C$10+$I$10 -> 250 | E18: 0.43 | F18: =C18*D18*E18+97 -> 1064.5
A19: Matériel général | B19: Petites fournitures et petit matériel | C19: =$C$9 -> 9 | D19: =$C$10+$I$10 -> 250 | E19: 1 | F19: =C19*D19*E19 -> 2250
A20: Déplacement | B20: Carburants | C20: =$C$9 -> 9 | D20: =$C$10+$I$10 -> 250 | F20: 372.5
A21: Activités éducatives | B21: Prestations éducatives | C21: 8 | D21: =C10 -> 200 | E21: 0 | F21: =C21*D21*E21 -> 0
A22: Pharmacie | B22: Produits pharmaceutiques | C22: =C9 -> 9 | D22: =C10+I10 -> 250 | F22: 100
A23: TOTAL BP Direction | F23: =SUM(F16:F22) -> 21843.25
A24: A GERER PAR L'ORGANISATEUR
A25: C H A R G E S P R O P R E S A U S E J O U R
A26: cpt61 - Services extérieurs
A27: Location (hébergement) | B27: Locations immobilières | C27: =$C$9 -> 9 | D27: =$C$10+$I$10 -> 250 | E27: 4 | F27: =C27*D27*E27 -> 9000
A28: Location (autres) | B28: Autres locations (matériel, véhicules) | C28: =$C$9 -> 9 | D28: 2 | E28: 60 | F28: =C28*D28*E28 -> 1080
A29: Formation | B29: Frais de formation EEDF | C29: =$C$9 -> 9 | D29: =$C$10+$I$10 -> 250 | F29: =C29*D29*E29 -> 0
A30: Assurance | B30: Primes d'assurance | C30: =$C$9 -> 9 | D30: =$C$10+$I$10 -> 250 | F30: =C30*D30*E30 -> 0
A31: TOTAL BP Organisateur - cpt61 | F31: =SUM(F27:F30) -> 10080
A32: cpt62 - Autres services
A33: Publicité | B33: Publication et promotion | C33: 1 | D33: 1 | F33: =C33*D33*E33 -> 0
A34: Transport (équipe) | B34: Trpt et déplac;, missions, réceptions | C34: 1 | D34: 1 | F34: 746.75
A35: Transport (participants lutins/loups) | B35: Transport des participants | C35: 1 | D35: =I4+I5+K4+K5 -> 128 | F35: =C35*D35*E35 -> 0
A36: Transport (participants éclés/aînés) | B36: Transport des participants | C36: 1 | D36: =I6+I7+K7+K6 -> 112 | F36: =C36*D36*E36 -> 0
A37: TOTAL BP Organisateur - cpt62 | F37: =SUM(F33:F36) -> 746.75
A38: cpt65 - Charges de gestion courante
A39: Contribution (10% des produits) | F39: =F49*0.1 -> 3130
A40: TOTAL BP Organisateur - cpt65 | F40: =F39 -> 3130
F43: PREVISIONNEL
A44: TOTAL DES CHARGES | F44: =F45+F46 -> 35800
A45: Dont BP organisateur | F45: =F37+F40+F31 -> 13956.75
A46: Dont BP directeur | F46: =F23 -> 21843.25
A48: TOTAL DES PRODUITS | F48: =F49+F50 -> 35800
A49: Dont participation parents | F49: =C5*(0.65*K8)+C6*(0.35*K8) -> 31300
A50: Dont participation régionale | F50: 4500
A52: RESULTAT | F52: =F48-F44 -> 0

Sheet Recap Petit + Grand Bivouac
B1: 1er enfant : | F1: Enfants suivants :
A2: Tranche | B2: Prix Grand Bivouac | C2: Prix Petit Bivouac | D2: Total | F2: Prix Grand Bivouac | G2: Prix Petit Bivouac | H2: Total | J2: Prix incluant :
A3: T1 | B3: 240 | C3: ='BP Petit Bivouac'!$C$5 -> 190 | D3: =B3+C3 -> 430 | E3: T1 | F3: 215 | G3: ='BP Petit Bivouac'!$C$6 -> 175 | H3: =F3+G3 -> 390 | J3: l'alimentaire, le logement (y compris en itinérence), le déplacement du groupe vers le petit bivouac pour les lutins/lvx, la contribution, le transport vers Grand Bivouac, le Grand Bivouac
A4: T2 | B4: 255 | C4: ='BP Petit Bivouac'!$C$5 -> 190 | D4: =B4+C4 -> 445 | E4: T2 | F4: 230 | G4: ='BP Petit Bivouac'!$C$6 -> 175 | H4: =F4+G4 -> 405
A5: T3 | B5: 280 | C5: ='BP Petit Bivouac'!$C$5 -> 190 | D5: =B5+C5 -> 470 | E5: T3 | F5: 255 | G5: ='BP Petit Bivouac'!$C$6 -> 175 | H5: =F5+G5 -> 430
A6: T4 | B6: 310 | C6: ='BP Petit Bivouac'!$C$5 -> 190 | D6: =B6+C6 -> 500 | E6: T4 | F6: 280 | G6: ='BP Petit Bivouac'!$C$6 -> 175 | H6: =F6+G6 -> 455
A7: T5 | B7: 345 | C7: ='BP Petit Bivouac'!$C$5 -> 190 | D7: =B7+C7 -> 535 | E7: T5 | F7: 315 | G7: ='BP Petit Bivouac'!$C$6 -> 175 | H7: =F7+G7 -> 490 | J7: Prix n'incluant PAS:
J8: l'équipement des groupes, le déplacement retour (selon où passera le bus), la participation à la formation des animateurs. Les forfaits de participation des responsables sur le Grand Bivouac
A9: moyenne | B9: =AVERAGE(B3:B7) -> 286 | D9: =AVERAGE(D3:D7) -> 476 | E9: moyenne | F9: =AVERAGE(F3:F7) -> 259 | H9: =AVERAGE(H3:H7) -> 434
A12: SI TRANSPORT EXCLUS :
B14: 1er enfant : | F14: Enfants suivants :
A15: Tranche | B15: Prix Grand Bivouac | C15: Prix Petit Bivouac | D15: Total | F15: Prix Grand Bivouac | G15: Prix Petit Bivouac | H15: Total | J15: Prix incluant :
A16: T1 | B16: 240 | C16: ='BP Petit Bivouac - P2'!C5 -> 160 | D16: =B16+C16 -> 400 | E16: T1 | F16: 215 | G16: ='BP Petit Bivouac - P2'!C6 -> 150 | H16: =F16+G16 -> 365 | J16: l'alimentaire, le logement (y compris en itinérence), la contribution, le transport vers Grand Bivouac, le Grand Bivouac
A17: T2 | B17: 255 | C17: =C16 -> 160 | D17: =B17+C17 -> 415 | E17: T2 | F17: 230 | G17: =G16 -> 150 | H17: =F17+G17 -> 380
A18: T3 | B18: 280 | C18: =C17 -> 160 | D18: =B18+C18 -> 440 | E18: T3 | F18: 255 | G18: =G17 -> 150 | H18: =F18+G18 -> 405
A19: T4 | B19: 310 | C19: =C18 -> 160 | D19: =B19+C19 -> 470 | E19: T4 | F19: 280 | G19: =G18 -> 150 | H19: =F19+G19 -> 430
A20: T5 | B20: 345 | C20: =C19 -> 160 | D20: =B20+C20 -> 505 | E20: T5 | F20: 315 | G20: =G19 -> 150 | H20: =F20+G20 -> 465 | J20: Prix n'incluant PAS:
J21: l'équipement des groupes, le déplacement, la participation à la formation des animateurs. Les forfaits de participation des responsables sur le Grand Bivouac
A22: moyenne | B22: =AVERAGE(B16:B20) -> 286 | D22: =AVERAGE(D16:D20) -> 446 | E22: moyenne | F22: =AVERAGE(F16:F20) -> 259 | H22: =AVERAGE(H16:H20) -> 409
C25: Groupes | D25: Enfants | E25: Respons | H25: T1 | I25: T2 | J25: T3 | K25: T4 | L25: T5
C26: Metz | D26: 40 | E26: 10 | H26: 15 | I26: 11 | J26: 15 | K26: 4 | L26: 17
C27: Nancy | D27: 20 | E27: 5 | H27: 0 | I27: 3 | J27: 1 | K27: 1 | L27: 3
C28: Freyming | D28: 20 | E28: 7 | F28: incl. ainés | H28: 12 | I28: 0 | J28: 5 | K28: 0 | L28: 2
C29: Plappeville | D29: 15 | E29: 3 | F29: pas de lutins | H29: 0 | I29: 0 | J29: 0 | K29: 0 | L29: 0
C30: Mulhouse | D30: 40 | E30: 10 | H30: 8 | I30: 21 | J30: 10 | K30: 0 | L30: 11
C31: Strasbourg | D31: 25 | E31: 5 | F31: que lutins/lvx | H31: 8 | I31: 14 | J31: 11 | K31: 1 | L31: 9
C32: Vigy | D32: 25 | E32: 5 | F32: a confirmer. pas de lutins | H32: 3 | I32: 14 | J32: 7 | K32: 0 | L32: 2
C33: Charleville | D33: 3 | E33: 2 | H33: 0 | I33: 0 | J33: 5 | K33: 0 | L33: 0
C34: Lessy | F34: a confirmer | H34: 0 | I34: 0 | J34: 0 | K34: 0 | L34: 0
C35: TOTAL | D35: =SUM(D26:D33) -> 188 | E35: =SUM(E26:E33) -> 47 | F35: =D35+E35 -> 235 | H35: =SUM(H26:H34) -> 46 | I35: =SUM(I26:I34) -> 63 | J35: =SUM(J26:J34) -> 54 | K35: =SUM(K26:K34) -> 6 | L35: =SUM(L26:L34) -> 44
F36: Sans orga

Sheet Simul prix petit bivouac
E1: T1 | F1: T2 | G1: T3 | H1: T4 | I1: T5
C2: GRAND EST | D2: 2024 | E2: 131 | F2: 75 | G2: 74 | H2: 12 | I2: 93 | J2: =SUM(E2:I2) -> 385
D3: 2025 | E3: 60 | F3: 78 | G3: 63 | H3: 7 | I3: 55 | J3: =SUM(E3:I3) -> 263
E4: =E3/E2 -> 0.45801527 | F4: =F3/F2 -> 1.04 | G4: =G3/G2 -> 0.85135135 | H4: =H3/H2 -> 0.58333333 | I4: =I3/I2 -> 0.59139785 | J4: =J3/J2 -> 0.68311688
C6: METZ | D6: 2024 | E6: 13 | F6: 7 | G6: 13 | H6: 0 | I6: 10 | J6: =SUM(E6:I6) -> 43
D7: 2025 | E7: 15 | F7: 11 | G7: 15 | H7: 4 | I7: 17 | J7: =SUM(E7:I7) -> 62
E8: =E7/E6 -> 1.1538462 | F8: =F7/F6 -> 1.5714286 | G8: =G7/G6 -> 1.1538462 | H8: =H7/H6 -> #DIV/0! | I8: =I7/I6 -> 1.7 | J8: =J7/J6 -> 1.4418605
C10: Nancy | D10: 2024 | E10: 4 | F10: 4 | G10: 4 | H10: 3 | I10: 8 | J10: =SUM(E10:I10) -> 23
D11: 2025 | E11: 1 | F11: 3 | G11: 1 | H11: 1 | I11: 3 | J11: =SUM(E11:I11) -> 9
E12: =E11/E10 -> 0.25 | F12: =F11/F10 -> 0.75 | G12: =G11/G10 -> 0.25 | H12: =H11/H10 -> 0.33333333 | I12: =I11/I10 -> 0.375 | J12: =J11/J10 -> 0.39130435
C14: Freyming | D14: 2024 | E14: 31 | G14: 6 | I14: 3 | J14: =SUM(E14:I14) -> 40
D15: 2025 | E15: 12 | G15: 5 | I15: 2 | J15: =SUM(E15:I15) -> 19
E16: =E15/E14 -> 0.38709677 | F16: =F15/F14 -> #DIV/0! | G16: =G15/G14 -> 0.83333333 | H16: =H15/H14 -> #DIV/0! | I16: =I15/I14 -> 0.66666667 | J16: =J15/J14 -> 0.475
C18: Plappeville | D18: 2024 | E18: 4 | F18: 1 | G18: 2 | H18: 3 | I18: 5 | J18: =SUM(E18:I18) -> 15
C19: age max 14 | D19: 2025 | E19: 0 | F19: 0 | G19: 0 | H19: 0 | I19: 0 | J19: =SUM(E19:I19) -> 0
E20: =E19/E18 -> 0 | F20: =F19/F18 -> 0 | G20: =G19/G18 -> 0 | H20: =H19/H18 -> 0 | I20: =I19/I18 -> 0 | J20: =J19/J18 -> 0
C22: Mulhouse | D22: 2024 | E22: 17 | F22: 14 | G22: 9 | H22: 0 | I22: 13 | J22: =SUM(E22:I22) -> 53
D23: 2025 | E23: 8 | F23: 21 | G23: 10 | H23: 0 | I23: 11 | J23: =SUM(E23:I23) -> 50
E24: =E23/E22 -> 0.47058824 | F24: =F23/F22 -> 1.5 | G24: =G23/G22 -> 1.1111111 | H24: =H23/H22 -> #DIV/0! | I24: =I23/I22 -> 0.84615385 | J24: =J23/J22 -> 0.94339623
C26: Strasbourg | D26: 2024 | E26: 7 | F26: 5 | G26: 10 | H26: 0 | I26: 8 | J26: =SUM(E26:I26) -> 30
C27: age max 11 | D27: 2025 | E27: 5 | F27: 6 | G27: 4 | H27: 1 | I27: 2 | J27: =SUM(E27:I27) -> 18
E28: =E27/E26 -> 0.71428571 | F28: =F27/F26 -> 1.2 | G28: =G27/G26 -> 0.4 | H28: =H27/H26 -> #DIV/0! | I28: =I27/I26 -> 0.25 | J28: =J27/J26 -> 0.6
C30: Vigy | D30: 2024 | E30: 3 | F30: 11 | G30: 5 | H30: 2 | I30: 5 | J30: =SUM(E30:I30) -> 26
C31: age max 14 | D31: 2025 | E31: 1 | F31: 11 | G31: 5 | H31: 0 | I31: 0 | J31: =SUM(E31:I31) -> 17
E32: =E31/E30 -> 0.33333333 | F32: =F31/F30 -> 1 | G32: =G31/G30 -> 1 | H32: =H31/H30 -> 0 | I32: =I31/I30 -> 0 | J32: =J31/J30 -> 0.65384615
C34: Lessy | D34: 2024 | E34: 5 | F34: 4 | G34: 3 | H34: 1 | I34: 5 | J34: =SUM(E34:I34) -> 18
C35: age max 14 | D35: 2025 | J35: =SUM(E35:I35) -> 0
E36: =E35/E34 -> 0 | F36: =F35/F34 -> 0 | G36: =G35/G34 -> 0 | H36: =H35/H34 -> 0 | I36: =I35/I34 -> 0 | J36: =J35/J34 -> 0
J38: potentiels :
H39: TOTAL | I39: 2024 | J39: =J6+J10+J14+J18+J22+J26+J30+J34 -> 248
I40: 2025 | J40: =J7+J11+J15+J19+J23+J27+J31+J35 -> 175
C45: TOTAL | E45: T1 | F45: T2 | G45: T3 | H45: T4 | I45: T5
D46: 2024 | E46: =E34+E30+E26+E22+E18+E14+E10+E6 -> 84 | F46: =F34+F30+F26+F22+F18+F14+F10+F6 -> 46 | G46: =G34+G30+G26+G22+G18+G14+G10+G6 -> 52 | H46: =H34+H30+H26+H22+H18+H14+H10+H6 -> 9 | I46: =I34+I30+I26+I22+I18+I14+I10+I6 -> 57 | J46: =SUM(E46:I46) -> 248 | K46: =J46-J39 -> 0
D47: 2025 | E47: =E35+E31+E27+E23+E19+E15+E11+E7 -> 42 | F47: =F35+F31+F27+F23+F19+F15+F11+F7 -> 52 | G47: =G35+G31+G27+G23+G19+G15+G11+G7 -> 40 | H47: =H35+H31+H27+H23+H19+H15+H11+H7 -> 6 | I47: =I35+I31+I27+I23+I19+I15+I11+I7 -> 35 | J47: =SUM(E47:I47) -> 175 | K47: =J47-J40 -> 0
B51: TOTAL à générer
B52: ='BP Petit Bivouac - P2'!F49 -> 31300 | C52: eur | D52: pour | E52: =D64 -> 200 | F52: enfants | G52: soit | H52: =B52/E52 -> 156.5 | I52: €/enfants en moyenne
D54: enfants | E54: respons
C55: Metz | D55: 40 | E55: 10
C56: Nancy | D56: 20 | E56: 5
C57: Freyming | D57: 35 | E57: 7 | F57: incl. ainés
C58: Plappeville | D58: 15 | E58: 3 | F58: pas de lutins
C59: Mulhouse | D59: 40 | E59: 10
C60: Strasbourg | D60: 25 | E60: 5 | F60: que lutins/lvx
C61: Vigy | D61: 25 | E61: 5 | F61: a confirmer. pas de lutins
C62: Charleville
C63: Lessy | F63: a confirmer
C64: TOTAL | D64: =SUM(D55:D62) -> 200 | E64: =SUM(E55:E62) -> 45 | F64: =D64+E64 -> 245
F65: Sans orga | M65: Sur base de la répartition 2024 :
N66: Prix | O66: Différence
B67: Sur base de la répartition 2024 : | M67: T1 | N67: =I69 -> 145.545 | O67: =H69 -> -0.07
C68: Nb enfants | D68: pourcentage | G68: Nb de part. | H68: décotte | I68: Prix par jeunes | J68: Gain total | M68: T2 | N68: =I70 -> 151.0225 | O68: =H70 -> -0.035
B69: T1 | C69: =E46 -> 84 | D69: =C69/$C$74 -> 0.33870968 | F69: T1 | G69: =ROUND($D$64*D69,0) -> 68 | H69: -0.07 | I69: =$H$52*(1+H69) -> 145.545 | J69: =I69*G69 -> 9897.06 | M69: T3 | N69: =I71 -> 156.5 | O69: =H71 -> 0
B70: T2 | C70: =F46 -> 46 | D70: =C70/$C$74 -> 0.18548387 | F70: T2 | G70: =ROUND($D$64*D70,0) -> 37 | H70: =H69/2 -> -0.035 | I70: =$H$52*(1+H70) -> 151.0225 | J70: =I70*G70 -> 5587.8325 | M70: T4 | N70: =I72 -> 168.5505 | O70: =H72 -> 0.077
B71: T3 | C71: =G46 -> 52 | D71: =C71/$C$74 -> 0.20967742 | F71: T3 | G71: =ROUND($D$64*D71,0) -> 42 | H71: 0 | I71: =$H$52*(1+H71) -> 156.5 | J71: =I71*G71 -> 6573 | M71: T5 | N71: =I73 -> 175.28 | O71: =H73 -> 0.12
B72: T4 | C72: =H46 -> 9 | D72: =C72/$C$74 -> 0.036290323 | F72: T4 | G72: =ROUND($D$64*D72,0) -> 7 | H72: 0.077 | I72: =$H$52*(1+H72) -> 168.5505 | J72: =I72*G72 -> 1179.8535 | N72: =AVERAGE(N67:N71) -> 159.3796
B73: T5 | C73: =I46 -> 57 | D73: =C73/$C$74 -> 0.22983871 | F73: T5 | G73: =ROUND($D$64*D73,0) -> 46 | H73: 0.12 | I73: =$H$52*(1+H73) -> 175.28 | J73: =I73*G73 -> 8062.88
C74: =SUM(C69:C73) -> 248 | D74: =SUM(D69:D73) -> 1 | F74: TOTAL | G74: =SUM(G69:G73) -> 200 | H74: =SUM(H69:H73) -> 0.092 | I74: TOTAL | J74: =SUM(J69:J73) -> 31300.626
J75: =+B52 -> 31300 | N75: Delta plus grand/plus petit :
I76: SOLDE | J76: =-J75+J74 -> 0.626 | N76: =N71-N67 -> 29.735 | O76: eur
M77: soit | N77: =N76/N69 -> 0.19 | O77: du tarif moyen

Sheet Compta
A1: Proposition de BP à faire valider

Sheet Budget CR
A2: Compte de résultat
A3: Prévisionnel
A5: =IF('Budget analytique'!D3="","",'Budget analytique'!D3)
A7: n° de | B7: CHARGES | C7: BP | D7: Prev. | F7: n° de | G7: PRODUITS | H7: BP | I7: =D7 -> Prev.
A8: compte | F8: compte | L8: Delta Contribution | M8: =I10*0.1-D55 -> 3351.4
A9: 60 | B9: Achats | C9: =SUM(C10:C20) -> 8373.27 | D9: =SUM(D10:D20) -> 38970 | F9: 70 | G9: Ventes de produits et prestations | H9: =SUM(H10:H18) -> 23722.97 | I9: =SUM(I10:I18) -> 56840
A10: 6040000 | B10: Prestations éducatives | C10: =-SUMIF(Table13[Type],'Budget CR'!B10,Table13[Montant]) -> 0 | D10: =-SUMIF('Liste prévisionnel'!M:M,'Budget CR'!B10,'Liste prévisionnel'!E:E) -> 2000 | E10: =IF(C10=0,0,D10/C10) -> 0 | F10: 7060000 | G10: Participation aux camps, activités | H10: =SUMIF(Table13[Type],'Budget CR'!G10,Table13[Montant]) -> 16175 | I10: =SUMIF('Liste prévisionnel'!M:M,'Budget CR'!G10,'Liste prévisionnel'!E:E) -> 51090 | J10: =IF(H10=0,0,I10/H10) -> 3.1585781 | L10: Résultat | M10: =D72 -> 3659.99
A11: 6040009 | B11: Prestations éducatives EEDF | C11: =-SUMIF(Table13[Type],'Budget CR'!B11,Table13[Montant]) -> 0 | D11: =-SUMIF('Liste prévisionnel'!M:M,'Budget CR'!B11,'Liste prévisionnel'!E:E) -> 0 | E11: =IF(C11=0,0,D11/C11) -> 0 | F11: 7060009 | G11: Participation aux camps, activités EEDF | H11: =SUMIF(Table13[Type],'Budget CR'!G11,Table13[Montant]) -> 6647.97 | I11: =SUMIF('Liste prévisionnel'!M:M,'Budget CR'!G11,'Liste prévisionnel'!E:E) -> 2800 | J11: =IF(H11=0,0,I11/H11) -> 0.4211812 | L11: Résultat retraité contrib | M11: =M10-M8 -> 308.59
A12: 6061000 | B12: Eau, gaz, électricité, combustible | C12: =-SUMIF(Table13[Type],'Budget CR'!B12,Table13[Montant]) -> 0 | D12: =-SUMIF('Liste prévisionnel'!M:M,'Budget CR'!B12,'Liste prévisionnel'!E:E) -> 500 | E12: =IF(C12=0,0,D12/C12) -> 0 | F12: 7061000 | G12: Prestations de service CAF | H12: =-SUMIF(Table13[Type],'Budget CR'!G12,Table13[Montant]) -> 0 | I12: =SUMIF('Liste prévisionnel'!M:M,'Budget CR'!G12,'Liste prévisionnel'!E:E) -> 0 | J12: =IF(H12=0,0,I12/H12) -> 0
A13: 6062000 | B13: Achats denrées alimentaires | C13: =-SUMIF(Table13[Type],'Budget CR'!B13,Table13[Montant]) -> 7218.27 | D13: =-SUMIF('Liste prévisionnel'!M:M,'Budget CR'!B13,'Liste prévisionnel'!E:E) -> 26250 | E13: =IF(C13=0,0,D13/C13) -> 3.6366054 | F13: 7070000 | G13: Vente de marchandises | H13: =-SUMIF(Table13[Type],'Budget CR'!G13,Table13[Montant]) -> 0 | I13: =SUMIF('Liste prévisionnel'!M:M,'Budget CR'!G13,'Liste prévisionnel'!E:E) -> 0 | J13: =IF(H13=0,0,I13/H13) -> 0
A14: 6063000 | B14: Petites fournitures et petit matériel | C14: =-SUMIF(Table13[Type],'Budget CR'!B14,Table13[Montant]) -> 855 | D14: =-SUMIF('Liste prévisionnel'!M:M,'Budget CR'!B14,'Liste prévisionnel'!E:E) -> 5870 | E14: =IF(C14=0,0,D14/C14) -> 6.8654971 | F14: 7070009 | G14: Vente de marchandises aux EEDF | H14: =-SUMIF(Table13[Type],'Budget CR'!G14,Table13[Montant]) -> 0 | I14: =SUMIF('Liste prévisionnel'!M:M,'Budget CR'!G14,'Liste prévisionnel'!E:E) -> 0 | J14: =IF(H14=0,0,I14/H14) -> 0
A15: 6064000 | B15: Fournitures administratives | C15: =-SUMIF(Table13[Type],'Budget CR'!B15,Table13[Montant]) -> 0 | D15: =-SUMIF('Liste prévisionnel'!M:M,'Budget CR'!B15,'Liste prévisionnel'!E:E) -> 0 | E15: =IF(C15=0,0,D15/C15) -> 0 | F15: 7083000 | G15: Locations immobilières & mobilières | H15: =-SUMIF(Table13[Type],'Budget CR'!G15,Table13[Montant]) -> 0 | I15: =SUMIF('Liste prévisionnel'!M:M,'Budget CR'!G15,'Liste prévisionnel'!E:E) -> 0 | J15: =IF(H15=0,0,I15/H15) -> 0
A16: 6065000 | B16: Carburants | C16: =-SUMIF(Table13[Type],'Budget CR'!B16,Table13[Montant]) -> 100 | D16: =-SUMIF('Liste prévisionnel'!M:M,'Budget CR'!B16,'Liste prévisionnel'!E:E) -> 1125 | E16: =IF(C16=0,0,D16/C16) -> 11.25 | F16: 7083009 | G16: Locations immobilières & mobilières EEDF | H16: =-SUMIF(Table13[Type],'Budget CR'!G16,Table13[Montant]) -> 0 | I16: =SUMIF('Liste prévisionnel'!M:M,'Budget CR'!G16,'Liste prévisionnel'!E:E) -> 0 | J16: =IF(H16=0,0,I16/H16) -> 0
A17: 6066000 | B17: Produits pharmaceutiques | C17: =-SUMIF(Table13[Type],'Budget CR'!B17,Table13[Montant]) -> 0 | D17: =-SUMIF('Liste prévisionnel'!M:M,'Budget CR'!B17,'Liste prévisionnel'!E:E) -> 100 | E17: =IF(C17=0,0,D17/C17) -> 0 | F17: 7080000 | G17: Produits activités annexes | H17: =SUMIF(Table13[Type],'Budget CR'!G17,Table13[Montant]) -> 900 | I17: =SUMIF('Liste prévisionnel'!M:M,'Budget CR'!G17,'Liste prévisionnel'!E:E) -> 0 | J17: =IF(H17=0,0,I17/H17) -> 0
A18: 6068000 | B18: Fournitures éducatives et pédagogiques | C18: =-SUMIF(Table13[Type],'Budget CR'!B18,Table13[Montant]) -> 200 | D18: =-SUMIF('Liste prévisionnel'!M:M,'Budget CR'!B18,'Liste prévisionnel'!E:E) -> 3125 | E18: =IF(C18=0,0,D18/C18) -> 15.625 | F18: 7080009 | G18: Produits activités annexes EEDF | H18: =-SUMIF(Table13[Type],'Budget CR'!G18,Table13[Montant]) -> 0 | I18: =SUMIF('Liste prévisionnel'!M:M,'Budget CR'!G18,'Liste prévisionnel'!E:E) -> 2950 | J18: =IF(H18=0,0,I18/H18) -> 0
A19: 6070000 | B19: Achat de marchandises pour la revente | C19: =-SUMIF(Table13[Type],'Budget CR'!B19,Table13[Montant]) -> 0 | D19: =-SUMIF('Liste prévisionnel'!M:M,'Budget CR'!B19,'Liste prévisionnel'!E:E) -> 0 | E19: =IF(C19=0,0,D19/C19) -> 0
A20: 6070009 | B20: Achat de marchandises à EEDF pour revente | C20: =-SUMIF(Table13[Type],'Budget CR'!B20,Table13[Montant]) -> 0 | D20: =-SUMIF('Liste prévisionnel'!M:M,'Budget CR'!B20,'Liste prévisionnel'!E:E) -> 0 | E20: =IF(C20=0,0,D20/C20) -> 0
A21: 61 | B21: Services extérieurs | C21: =SUM(C22:C31) -> 14136.05 | D21: =SUM(D22:D31) -> 21008.81 | F21: 74 | G21: Subventions | H21: =SUM(H22:H30) -> 10320 | I21: =SUM(I22:I30) -> 17040
A22: 6132000 | B22: Locations immobilières | C22: =-SUMIF(Table13[Type],'Budget CR'!B22,Table13[Montant]) -> 4320 | D22: =-SUMIF('Liste prévisionnel'!M:M,'Budget CR'!B22,'Liste prévisionnel'!E:E) -> 8480 | E22: =IF(C22=0,0,D22/C22) -> 1.962963 | F22: 7410000 | G22: Subventions Nationales | H22: =SUMIF(Table13[Type],'Budget CR'!G22,Table13[Montant]) -> 6000 | I22: =SUMIF('Liste prévisionnel'!M:M,'Budget CR'!G22,'Liste prévisionnel'!E:E) -> 6600 | J22: =IF(H22=0,0,I22/H22) -> 1.1
A23: 6132009 | B23: Locations terrains et centres EEDF | C23: =-SUMIF(Table13[Type],'Budget CR'!B23,Table13[Montant]) -> 8600 | D23: =-SUMIF('Liste prévisionnel'!M:M,'Budget CR'!B23,'Liste prévisionnel'!E:E) -> 9000 | E23: =IF(C23=0,0,D23/C23) -> 1.0465116 | F23: 7411000 | G23: Subventions régionales | H23: =-SUMIF(Table13[Type],'Budget CR'!G23,Table13[Montant]) -> 0 | I23: =SUMIF('Liste prévisionnel'!M:M,'Budget CR'!G23,'Liste prévisionnel'!E:E) -> 6000 | J23: =IF(H23=0,0,I23/H23) -> 0
A24: 6135000 | B24: Autres locations (matériel, véhicules) | C24: =-SUMIF(Table13[Type],'Budget CR'!B24,Table13[Montant]) -> 0 | D24: =-SUMIF('Liste prévisionnel'!M:M,'Budget CR'!B24,'Liste prévisionnel'!E:E) -> 1080 | E24: =IF(C24=0,0,D24/C24) -> 0 | F24: 7412000 | G24: Subventions départementales | H24: =-SUMIF(Table13[Type],'Budget CR'!G24,Table13[Montant]) -> 0 | I24: =SUMIF('Liste prévisionnel'!M:M,'Budget CR'!G24,'Liste prévisionnel'!E:E) -> 0 | J24: =IF(H24=0,0,I24/H24) -> 0
A25: 6135009 | B25: Location mobilères à EEDF | C25: =-SUMIF(Table13[Type],'Budget CR'!B25,Table13[Montant]) -> 0 | D25: =-SUMIF('Liste prévisionnel'!M:M,'Budget CR'!B25,'Liste prévisionnel'!E:E) -> 0 | E25: =IF(C25=0,0,D25/C25) -> 0 | F25: 7413000 | G25: Subventions communales | H25: =SUMIF(Table13[Type],'Budget CR'!G25,Table13[Montant]) -> 4320 | I25: =SUMIF('Liste prévisionnel'!M:M,'Budget CR'!G25,'Liste prévisionnel'!E:E) -> 4440 | J25: =IF(H25=0,0,I25/H25) -> 1.0277778
A26: 6140000 | B26: Charges locatives et de copropriété | C26: =-SUMIF(Table13[Type],'Budget CR'!B26,Table13[Montant]) -> 0 | D26: =-SUMIF('Liste prévisionnel'!M:M,'Budget CR'!B26,'Liste prévisionnel'!E:E) -> 0 | E26: =IF(C26=0,0,D26/C26) -> 0 | F26: 7414000 | G26: Subventions aides à l'emploi (CNASEA/ASP…) | H26: =-SUMIF(Table13[Type],'Budget CR'!G26,Table13[Montant]) -> 0 | I26: =SUMIF('Liste prévisionnel'!M:M,'Budget CR'!G26,'Liste prévisionnel'!E:E) -> 0 | J26: =IF(H26=0,0,I26/H26) -> 0
A27: 6150000 | B27: Entretien et réparations | C27: =-SUMIF(Table13[Type],'Budget CR'!B27,Table13[Montant]) -> 200 | D27: =-SUMIF('Liste prévisionnel'!M:M,'Budget CR'!B27,'Liste prévisionnel'!E:E) -> 500 | E27: =IF(C27=0,0,D27/C27) -> 2.5 | F27: 7414009 | G27: Subventions Reversées par EEDF (Fonjep) | H27: =-SUMIF(Table13[Type],'Budget CR'!G27,Table13[Montant]) -> 0 | I27: =SUMIF('Liste prévisionnel'!M:M,'Budget CR'!G27,'Liste prévisionnel'!E:E) -> 0 | J27: =IF(H27=0,0,I27/H27) -> 0
A28: 6160000 | B28: Primes d'assurance | C28: =-SUMIF(Table13[Type],'Budget CR'!B28,Table13[Montant]) -> 1016.05 | D28: =-SUMIF('Liste prévisionnel'!M:M,'Budget CR'!B28,'Liste prévisionnel'!E:E) -> 1948.81 | E28: =IF(C28=0,0,D28/C28) -> 1.9180257 | F28: 7415000 | G28: Subventions organismes publiques (CAF…) | H28: =-SUMIF(Table13[Type],'Budget CR'!G28,Table13[Montant]) -> 0 | I28: =SUMIF('Liste prévisionnel'!M:M,'Budget CR'!G28,'Liste prévisionnel'!E:E) -> 0 | J28: =IF(H28=0,0,I28/H28) -> 0
A29: 6180000 | B29: Frais de formations extérieures | C29: =-SUMIF(Table13[Type],'Budget CR'!B29,Table13[Montant]) -> 0 | D29: =-SUMIF('Liste prévisionnel'!M:M,'Budget CR'!B29,'Liste prévisionnel'!E:E) -> 0 | E29: =IF(C29=0,0,D29/C29) -> 0 | F29: 7416000 | G29: subventions orgnismes privés | H29: =-SUMIF(Table13[Type],'Budget CR'!G29,Table13[Montant]) -> 0 | I29: =SUMIF('Liste prévisionnel'!M:M,'Budget CR'!G29,'Liste prévisionnel'!E:E) -> 0 | J29: =IF(H29=0,0,I29/H29) -> 0
A30: 6180009 | B30: Frais de formation EEDF | C30: =-SUMIF(Table13[Type],'Budget CR'!B30,Table13[Montant]) -> 0 | D30: =-SUMIF('Liste prévisionnel'!M:M,'Budget CR'!B30,'Liste prévisionnel'!E:E) -> 0 | E30: =IF(C30=0,0,D30/C30) -> 0 | F30: 7480000 | G30: Fonds européens | H30: =-SUMIF(Table13[Type],'Budget CR'!G30,Table13[Montant]) -> 0 | I30: =SUMIF('Liste prévisionnel'!M:M,'Budget CR'!G30,'Liste prévisionnel'!E:E) -> 0 | J30: =IF(H30=0,0,I30/H30) -> 0
A31: 6183000 | B31: Documentation | C31: =-SUMIF(Table13[Type],'Budget CR'!B31,Table13[Montant]) -> 0 | D31: =-SUMIF('Liste prévisionnel'!M:M,'Budget CR'!B31,'Liste prévisionnel'!E:E) -> 0 | E31: =IF(C31=0,0,D31/C31) -> 0
A32: 62 | B32: Autres services extérieurs | C32: =SUM(C33:C40) -> 11706.7 | D32: =SUM(D33:D40) -> 4483.6
A33: 6226000 | B33: Honoraires | C33: =-SUMIF(Table13[Type],'Budget CR'!B33,Table13[Montant]) -> 0 | D33: =-SUMIF('Liste prévisionnel'!M:M,'Budget CR'!B33,'Liste prévisionnel'!E:E) -> 0 | E33: =IF(C33=0,0,D33/C33) -> 0
A34: 6230000 | B34: Publication et promotion | C34: =-SUMIF(Table13[Type],'Budget CR'!B34,Table13[Montant]) -> 0 | D34: =-SUMIF('Liste prévisionnel'!M:M,'Budget CR'!B34,'Liste prévisionnel'!E:E) -> 0 | E34: =IF(C34=0,0,D34/C34) -> 0
A35: 6230009 | B35: Publication et promotion à EEDF | C35: =-SUMIF(Table13[Type],'Budget CR'!B35,Table13[Montant]) -> 0 | D35: =-SUMIF('Liste prévisionnel'!M:M,'Budget CR'!B35,'Liste prévisionnel'!E:E) -> 0 | E35: =IF(C35=0,0,D35/C35) -> 0
A36: 6240000 | B36: Transport des participants | C36: =-SUMIF(Table13[Type],'Budget CR'!B36,Table13[Montant]) -> 8700 | D36: =-SUMIF('Liste prévisionnel'!M:M,'Budget CR'!B36,'Liste prévisionnel'!E:E) -> 3650 | E36: =IF(C36=0,0,D36/C36) -> 0.41954023
A37: 6250000 | B37: Trpt et déplac;, missions, réceptions | C37: =-SUMIF(Table13[Type],'Budget CR'!B37,Table13[Montant]) -> 2831.7 | D37: =-SUMIF('Liste prévisionnel'!M:M,'Budget CR'!B37,'Liste prévisionnel'!E:E) -> 700 | E37: =IF(C37=0,0,D37/C37) -> 0.24720133
A38: 6260000 | B38: Affranchissement, téléphone et internet | C38: =-SUMIF(Table13[Type],'Budget CR'!B38,Table13[Montant]) -> 120 | D38: =-SUMIF('Liste prévisionnel'!M:M,'Budget CR'!B38,'Liste prévisionnel'!E:E) -> 0 | E38: =IF(C38=0,0,D38/C38) -> 0
A39: 6270000 | B39: Services bancaires | C39: =-SUMIF(Table13[Type],'Budget CR'!B39,Table13[Montant]) -> 55 | D39: =-SUMIF('Liste prévisionnel'!M:M,'Budget CR'!B39,'Liste prévisionnel'!E:E) -> 63.6 | E39: =IF(C39=0,0,D39/C39) -> 1.1563636
A40: 6280000 | B40: Cotisations autres associations | C40: =-SUMIF(Table13[Type],'Budget CR'!B40,Table13[Montant]) -> 0 | D40: =-SUMIF('Liste prévisionnel'!M:M,'Budget CR'!B40,'Liste prévisionnel'!E:E) -> 70 | E40: =IF(C40=0,0,D40/C40) -> 0
A41: 63 | B41: Impôts et taxes | C41: =C42 -> 0 | D41: =D42 -> 0
A42: 6370000 | B42: Impôts divers | C42: =-SUMIF(Table13[Type],'Budget CR'!B42,Table13[Montant]) -> 0 | D42: =-SUMIF('Liste prévisionnel'!L:L,'Budget CR'!B42,'Liste prévisionnel'!E:E) -> 0 | E42: =IF(C42=0,0,D42/C42) -> 0
A43: 64 | B43: Charges de personnel | C43: =SUM(C44:C46) -> 9400 | D43: =SUM(D44:D46) -> 0
A44: 6410009 | B44: Salaires bruts | C44: =-SUMIF(Table13[Type],'Budget CR'!B44,Table13[Montant]) -> 9400 | D44: =-SUMIF('Liste prévisionnel'!M:M,'Budget CR'!B44,'Liste prévisionnel'!E:E) -> 0 | E44: =IF(C44=0,0,D44/C44) -> 0
A45: 6450009 | B45: Charges Sociales | C45: =-SUMIF(Table13[Type],'Budget CR'!B45,Table13[Montant]) -> 0 | D45: =-SUMIF('Liste prévisionnel'!M:M,'Budget CR'!B45,'Liste prévisionnel'!E:E) -> 0 | E45: =IF(C45=0,0,D45/C45) -> 0
A46: 6480000 | B46: autres charges (médecine du travail, DPCE) | C46: =-SUMIF(Table13[Type],'Budget CR'!B46,Table13[Montant]) -> 0 | D46: =-SUMIF('Liste prévisionnel'!M:M,'Budget CR'!B46,'Liste prévisionnel'!E:E) -> 0 | E46: =IF(C46=0,0,D46/C46) -> 0
A47: 65 | B47: Charges de gestion courante | C47: =SUM(C48:C55) -> 200 | D47: =SUM(D48:D55) -> 6107.6 | F47: 75 | G47: Produits de gestion courante | H47: =SUM(H48:H54) -> 200 | I47: =SUM(I48:I54) -> 350
A48: 6561009 | B48: Cotisations payées au siège | C48: =-SUMIF(Table13[Type],'Budget CR'!B48,Table13[Montant]) -> 200 | D48: =-SUMIF('Liste prévisionnel'!M:M,'Budget CR'!B48,'Liste prévisionnel'!E:E) -> 350 | E48: =IF(C48=0,0,D48/C48) -> 1.75 | F48: 7540000 | G48: Dons reçus | H48: =-SUMIF(Table13[Type],'Budget CR'!G48,Table13[Montant]) -> 0 | I48: =SUMIF('Liste prévisionnel'!M:M,'Budget CR'!G48,'Liste prévisionnel'!E:E) -> 0 | J48: =IF(H48=0,0,I48/H48) -> 0
A49: 6566009 | B49: Autres cotisations payées aux EEDF | C49: =-SUMIF(Table13[Type],'Budget CR'!B49,Table13[Montant]) -> 0 | D49: =-SUMIF('Liste prévisionnel'!M:M,'Budget CR'!B49,'Liste prévisionnel'!E:E) -> 0 | E49: =IF(C49=0,0,D49/C49) -> 0 | F49: 7540009 | G49: Dons reversés par le siège national | H49: =-SUMIF(Table13[Type],'Budget CR'!G49,Table13[Montant]) -> 0 | I49: =SUMIF('Liste prévisionnel'!M:M,'Budget CR'!G49,'Liste prévisionnel'!E:E) -> 0 | J49: =IF(H49=0,0,I49/H49) -> 0
A50: 6570009 | B50: reversements de dons à EEDF | C50: =-SUMIF(Table13[Type],'Budget CR'!B50,Table13[Montant]) -> 0 | D50: =-SUMIF('Liste prévisionnel'!M:M,'Budget CR'!B50,'Liste prévisionnel'!E:E) -> 0 | E50: =IF(C50=0,0,D50/C50) -> 0 | F50: 7560000 | G50: Cotisations des adhérents | H50: =SUMIF(Table13[Type],'Budget CR'!G50,Table13[Montant]) -> 200 | I50: =SUMIF('Liste prévisionnel'!M:M,'Budget CR'!G50,'Liste prévisionnel'!E:E) -> 350 | J50: =IF(H50=0,0,I50/H50) -> 1.75
A51: 6572009 | B51: Indemnités services civiques EEDF | C51: =-SUMIF(Table13[Type],'Budget CR'!B51,Table13[Montant]) -> 0 | D51: =-SUMIF('Liste prévisionnel'!M:M,'Budget CR'!B51,'Liste prévisionnel'!E:E) -> 0 | E51: =IF(C51=0,0,D51/C51) -> 0 | F51: 7580000 | G51: Autres produits de gestion courante | H51: =-SUMIF(Table13[Type],'Budget CR'!G51,Table13[Montant]) -> 0 | I51: =SUMIF('Liste prévisionnel'!M:M,'Budget CR'!G51,'Liste prévisionnel'!E:E) -> 0 | J51: =IF(H51=0,0,I51/H51) -> 0
A52: 6580000 | B52: Charges diverses | C52: =-SUMIF(Table13[Type],'Budget CR'!B52,Table13[Montant]) -> 0 | D52: =-SUMIF('Liste prévisionnel'!M:M,'Budget CR'!B52,'Liste prévisionnel'!E:E) -> 1000 | E52: =IF(C52=0,0,D52/C52) -> 0 | F52: 7580009 | G52: Aides, bourses par EEDF | H52: =-SUMIF(Table13[Type],'Budget CR'!G52,Table13[Montant]) -> 0 | I52: =SUMIF('Liste prévisionnel'!M:M,'Budget CR'!G52,'Liste prévisionnel'!E:E) -> 0 | J52: =IF(H52=0,0,I52/H52) -> 0
A53: 6580009 | B53: Aides versées aux structures EEDF | C53: =-SUMIF(Table13[Type],'Budget CR'!B53,Table13[Montant]) -> 0 | D53: =-SUMIF('Liste prévisionnel'!M:M,'Budget CR'!B53,'Liste prévisionnel'!E:E) -> 3000 | E53: =IF(C53=0,0,D53/C53) -> 0 | F53: 7580029 | G53: structures fermées | H53: =-SUMIF(Table13[Type],'Budget CR'!G53,Table13[Montant]) -> 0 | I53: 0 | J53: =IF(H53=0,0,I53/H53) -> 0
A54: 6580029 | B54: structures fermées | C54: =-SUMIF(Table13[Type],'Budget CR'!B54,Table13[Montant]) -> 0 | D54: =-SUMIF('Liste prévisionnel'!M:M,'Budget CR'!B54,'Liste prévisionnel'!E:E) -> 0 | E54: =IF(C54=0,0,D54/C54) -> 0 | F54: 7581009 | G54: Contribution nationale EEDF | H54: =-SUMIF(Table13[Type],'Budget CR'!G54,Table13[Montant]) -> 0 | I54: 0 | J54: =IF(H54=0,0,I54/H54) -> 0
A55: 6581009 | B55: Contribution nationale EEDF | C55: =-SUMIF(Table13[Type],'Budget CR'!B55,Table13[Montant]) -> 0 | D55: =-SUMIF('Liste prévisionnel'!M:M,'Budget CR'!B55,'Liste prévisionnel'!E:E) -> 1757.6 | E55: =IF(C55=0,0,D55/C55) -> 0
A56: 66 | B56: Charges financières | C56: =SUM(C57:C57) -> 0 | D56: =SUM(D57:D57) -> 0 | F56: 76 | G56: Produits financiers | H56: =SUM(H57) -> 0 | I56: =SUM(I57) -> 0
A57: 6600000 | B57: Charges financières | C57: =-SUMIF(Table13[Type],'Budget CR'!B57,Table13[Montant]) -> 0 | D57: =-SUMIF('Liste prévisionnel'!M:M,'Budget CR'!B57,'Liste prévisionnel'!E:E) -> 0 | F57: 7600000 | G57: Produits financiers | H57: =SUM(PRODUITS!C34:X34) -> 0 | I57: =SUMIF('Liste prévisionnel'!M:M,'Budget CR'!G57,'Liste prévisionnel'!E:E) -> 0 | J57: =IF(H57=0,0,I57/H57) -> 0
A58: 67 | B58: Charges exceptionnelles | C58: =SUM(C59:C61) -> 0 | D58: =SUM(D59:D61) -> 0 | F58: 77 | G58: Produits exceptionnels | H58: =SUM(H59:H63) -> 0 | I58: =SUM(I59:I63) -> 0
A59: 6712000 | B59: Pénalités et amendes | C59: =-SUMIF(Table13[Type],'Budget CR'!B59,Table13[Montant]) -> 0 | D59: =-SUMIF('Liste prévisionnel'!M:M,'Budget CR'!B59,'Liste prévisionnel'!E:E) -> 0 | F59: 7718000 | G59: Produits exceptionnels | H59: =-SUMIF(Table13[Type],'Budget CR'!G59,Table13[Montant]) -> 0 | I59: =SUMIF('Liste prévisionnel'!M:M,'Budget CR'!G59,'Liste prévisionnel'!E:E) -> 0 | J59: =IF(H59=0,0,I59/H59) -> 0
A60: 6718000 | B60: charges exceptionnelles | C60: =-SUMIF(Table13[Type],'Budget CR'!B60,Table13[Montant]) -> 0 | D60: =-SUMIF('Liste prévisionnel'!M:M,'Budget CR'!B60,'Liste prévisionnel'!E:E) -> 0 | F60: 7720000 | G60: Produits exceptionnels sur ex. antérieur | H60: =-SUMIF(Table13[Type],'Budget CR'!G60,Table13[Montant]) -> 0 | I60: =SUMIF('Liste prévisionnel'!M:M,'Budget CR'!G60,'Liste prévisionnel'!E:E) -> 0 | J60: =IF(H60=0,0,I60/H60) -> 0
A61: 6750000 | B61: valeur comptable actif sorti | C61: =-SUMIF(Table13[Type],'Budget CR'!B61,Table13[Montant]) -> 0 | D61: =-SUMIF('Liste prévisionnel'!M:M,'Budget CR'!B61,'Liste prévisionnel'!E:E) -> 0 | F61: 7750000 | G61: Prix vente des immobilisations sorties | H61: =-SUMIF(Table13[Type],'Budget CR'!G61,Table13[Montant]) -> 0 | I61: =SUMIF('Liste prévisionnel'!M:M,'Budget CR'!G61,'Liste prévisionnel'!E:E) -> 0 | J61: =IF(H61=0,0,I61/H61) -> 0
A62: 68 | B62: Amortissements | C62: =SUM(C63:C64) -> 0 | D62: =SUM(D63:D64) -> 0 | F62: 7770000 | G62: Quote-part de subvention d'investissement | H62: =-SUMIF(Table13[Type],'Budget CR'!G62,Table13[Montant]) -> 0 | I62: =SUMIF('Liste prévisionnel'!M:M,'Budget CR'!G62,'Liste prévisionnel'!E:E) -> 0 | J62: =IF(H62=0,0,I62/H62) -> 0
A63: 6810000 | B63: Dotation aux amortissements | C63: =-SUMIF(Table13[Type],'Budget CR'!B63,Table13[Montant]) -> 0 | D63: =-SUMIF('Liste prévisionnel'!M:M,'Budget CR'!B63,'Liste prévisionnel'!E:E) -> 0 | F63: 7815000 | G63: Reprise de provisions | H63: =-SUMIF(Table13[Type],'Budget CR'!G63,Table13[Montant]) -> 0 | I63: =SUMIF('Liste prévisionnel'!M:M,'Budget CR'!G63,'Liste prévisionnel'!E:E) -> 0 | J63: =IF(H63=0,0,I63/H63) -> 0
A64: 6815000 | B64: Dotation aux provisions | C64: =-SUMIF(Table13[Type],'Budget CR'!B64,Table13[Montant]) -> 0 | D64: =-SUMIF('Liste prévisionnel'!M:M,'Budget CR'!B64,'Liste prévisionnel'!E:E) -> 0 | F64: 7910000 | G64: Transfert de charges d'exploitation | H64: =SUM(PRODUITS!C41:X41) -> 0 | I64: =SUM(PRODUITS!Z41:AU41) -> 0
B65: TOTAL DES CHARGES | C65: =C9+C21+C32+C41+C43+C47+C56+C58+C62 -> 43816.02 | D65: =D9+D21+D32+D41+D43+D47+D56+D58+D62 -> 70570.01 | G65: TOTAL DES PRODUITS | H65: =H9+H21+H47+H56+H58+H64 -> 34242.97 | I65: =I9+I21+I47+I56+I58+I64 -> 74230
A67: 86 | B67: Emp des contr volontaires en nature | C67: =C68 -> 0 | D67: =D68 -> 0 | F67: 87 | G67: Contribution volontaire en nature | H67: =H68 -> 0 | I67: =I68 -> 0
A68: 864 | B68: Encadrement bénévole | F68: 870 | G68: Encadrement bénévole
B70: TOTAL | C70: =C65+C67 -> 43816.02 | D70: =D65+D67 -> 70570.01 | G70: TOTAL | H70: =H65+H67 -> 34242.97 | I70: =I65+I67 -> 74230
B72: Résultat excédent. de l'exercice | C72: =IF(H70>C70,H70-C70,0) -> 0 | D72: =IF(I70>D70,I70-D70,0) -> 3659.99 | G72: Résultat déficit. de l'exercice | H72: =IF(H70<C70,C70-H70,0) -> 9573.05 | I72: =IF(I70<D70,D70-I70,0) -> 0
B74: TOTAL GENERAL | C74: =C70+C72 -> 43816.02 | D74: =D70+D72 -> 74230 | G74: TOTAL GENERAL | H74: =H70+H72 -> 43816.02 | I74: =I70+I72 -> 74230
G76: CONTRIBUTION 2026 : | I76: ='Liste prévisionnel'!M1 -> 5109
G77: Résultat retraité de la contribution | I77: =D72+D55-I76 -> 308.59

Sheet TCD
A1: Exercice | B1: 2024 | H1: Considérant les retraîtements
A3: Row Labels | B3: Sum of Montant | H3: Exercice | I3: 2024
A4: Activité Guebwiller | B4: 1114.01 | H4: A reverser | I4: NON
A5: Activité SLA | B5: 2185.45
A6: BAFA Base avril | B6: 4227.32 | H6: Row Labels | I6: Sum of Montant
A7: Camion | B7: -337.45 | H7: BAFA Base avril | I7: 208.32
A8: Congrès | B8: -20.05 | H8: Camion | I8: -337.45
A9: Fonctionnement | B9: -6 | H9: Congrès | I9: -20.05
A10: MS AD | B10: 560 | H10: Fonctionnement | I10: -6
A11: RIR | B11: -174 | H11: MS AD | I11: 560
A12: Tremplin camp | B12: -1926.5 | H12: RIR | I12: -174
A13: visite camps | B13: -167.03 | H13: Tremplin camp | I13: -1926.5
A14: Permanence | B14: -1449.23 | H14: visite camps | I14: -167.03
A15: Grand Total | B15: 4006.52 | H15: Permanence | I15: -1449.23
H16: Grand Total | I16: -3311.94

Sheet Liste Réel
F1: Total 2024 | G1: =SUMIF(A:A,"2024",E:E) -> 0 | I1: Sous-total | J1: =SUBTOTAL(109,E:E) -> 0 | L1: Contribution 2024 | M1: =SUMIF(M3:M2740,N1,E3:E2740)/10 -> 0 | N1: Participation aux camps, activités
A2: Exercice | B2: N° | C2: Date | D2: Compte/caisse/CHQ | E2: Montant | F2: Tiers | G2: Description | H2: Analytique 0 | I2: Analytique 1 | J2: projet | K2: Détail | L2: A reverser | M2: Compta | N2: Produits | O2: Charges | P2: Column1

Sheet Liste prévisionnel
G1: =SUMIF(A:A,"2024",E:E) -> 0 | I1: Sous-total | J1: =SUBTOTAL(109,E:E) -> 3659.99 | L1: Contribution 2024 | M1: =SUMIF(M3:M2504,N1,E3:E2504)/10 -> 5109 | N1: Participation aux camps, activités
A2: Exercice | B2: N° | C2: Date | D2: Compte/caisse/CHQ | E2: Montant | F2: Colonne1 | G2: Description | H2: Analytique 0 | I2: Analytique 1 | J2: projet | K2: Détail | L2: A reverser | M2: Compta | N2: Produits | O2: Charges | P2: Column1 | Q2: Check1 | R2: check2
A3: 2025 | B3: 95 | E3: -70 | G3: Adhésion COJEP | H3: Fonctionnement | I3: Frais généraux | J3: Adhésion autres association | L3: NON | M3: Cotisations autres associations | N3: =IF(BP[[#This Row],[Montant]]>0,BP[[#This Row],[Montant]],0) -> 0 | O3: =IF(BP[[#This Row],[Montant]]<0,-BP[[#This Row],[Montant]],0) -> 70 | P3: =IFERROR(VLOOKUP(BP[[#This Row],[projet]],'Listes détails'!A:I,9,0),"") | Q3: =VLOOKUP(BP[[#This Row],[Compta]],'Budget CR'!B:B,1,0) -> Cotisations autres associations | R3: =VLOOKUP(BP[[#This Row],[Compta]],'Budget CR'!G:G,1,0) -> #N/A
A4: 2025 | E4: -350 | G4: Adhésions | H4: Fonctionnement | I4: Frais associatifs | J4: Adhésions | L4: NON | M4: Cotisations payées au siège | N4: =IF(BP[[#This Row],[Montant]]>0,BP[[#This Row],[Montant]],0) -> 0 | O4: =IF(BP[[#This Row],[Montant]]<0,-BP[[#This Row],[Montant]],0) -> 350 | P4: =VLOOKUP(BP[[#This Row],[projet]],'Listes détails'!A:I,9,0) -> #N/A | Q4: =VLOOKUP(BP[[#This Row],[Compta]],'Budget CR'!B:B,1,0) -> Cotisations payées au siège | R4: =VLOOKUP(BP[[#This Row],[Compta]],'Budget CR'!G:G,1,0) -> #N/A
A5: 2025 | E5: 350 | G5: Adhésions | H5: Fonctionnement | I5: Frais associatifs | J5: Adhésions | L5: NON | M5: Cotisations des adhérents | N5: =IF(BP[[#This Row],[Montant]]>0,BP[[#This Row],[Montant]],0) -> 350 | O5: =IF(BP[[#This Row],[Montant]]<0,-BP[[#This Row],[Montant]],0) -> 0 | P5: =VLOOKUP(BP[[#This Row],[projet]],'Listes détails'!A:I,9,0) -> #N/A | Q5: =VLOOKUP(BP[[#This Row],[Compta]],'Budget CR'!B:B,1,0) -> #N/A | R5: =VLOOKUP(BP[[#This Row],[Compta]],'Budget CR'!G:G,1,0) -> Cotisations des adhérents
A6: 2025 | E6: -3000 | G6: Hébergement | H6: Pédagogie | I6: Formations | J6: BAFA Appro octobre | L6: NON | M6: Locations terrains et centres EEDF | N6: =IF(BP[[#This Row],[Montant]]>0,BP[[#This Row],[Montant]],0) -> 0 | O6: =IF(BP[[#This Row],[Montant]]<0,-BP[[#This Row],[Montant]],0) -> 3000 | P6: =VLOOKUP(BP[[#This Row],[projet]],'Listes détails'!A:I,9,0) -> #N/A | Q6: =VLOOKUP(BP[[#This Row],[Compta]],'Budget CR'!B:B,1,0) -> Locations terrains et centres EEDF | R6: =VLOOKUP(BP[[#This Row],[Compta]],'Budget CR'!G:G,1,0) -> #N/A
A7: 2025 | E7: =-10*6*25 -> -1500 | G7: Alimentaire | H7: Pédagogie | I7: Formations | J7: BAFA Appro octobre | K7: 10€/j sur 6 j à 25 pers | L7: NON | M7: Achats denrées alimentaires | N7: =IF(BP[[#This Row],[Montant]]>0,BP[[#This Row],[Montant]],0) -> 0 | O7: =IF(BP[[#This Row],[Montant]]<0,-BP[[#This Row],[Montant]],0) -> 1500 | P7: =VLOOKUP(BP[[#This Row],[projet]],'Listes détails'!A:I,9,0) -> #N/A | Q7: =VLOOKUP(BP[[#This Row],[Compta]],'Budget CR'!B:B,1,0) -> Achats denrées alimentaires | R7: =VLOOKUP(BP[[#This Row],[Compta]],'Budget CR'!G:G,1,0) -> #N/A
A8: 2025 | E8: =100*-15 -> -1500 | G8: Bourse régionale | H8: Pédagogie | I8: Formations | J8: BAFA Appro octobre | K8: 15 stagiaires concernés | L8: NON | M8: Aides versées aux structures EEDF | N8: =IF(BP[[#This Row],[Montant]]>0,BP[[#This Row],[Montant]],0) -> 0 | O8: =IF(BP[[#This Row],[Montant]]<0,-BP[[#This Row],[Montant]],0) -> 1500 | P8: =VLOOKUP(BP[[#This Row],[projet]],'Listes détails'!A:I,9,0) -> #N/A | Q8: =VLOOKUP(BP[[#This Row],[Compta]],'Budget CR'!B:B,1,0) -> Aides versées aux structures EEDF | R8: =VLOOKUP(BP[[#This Row],[Compta]],'Budget CR'!G:G,1,0) -> #N/A
A9: 2025 | E9: -500 | G9: Péda | H9: Pédagogie | I9: Formations | J9: BAFA Appro octobre | L9: NON | M9: Fournitures éducatives et pédagogiques | N9: =IF(BP[[#This Row],[Montant]]>0,BP[[#This Row],[Montant]],0) -> 0 | O9: =IF(BP[[#This Row],[Montant]]<0,-BP[[#This Row],[Montant]],0) -> 500 | P9: =IFERROR(VLOOKUP(BP[[#This Row],[projet]],'Listes détails'!A:I,9,0),"") | Q9: =VLOOKUP(BP[[#This Row],[Compta]],'Budget CR'!B:B,1,0) -> Fournitures éducatives et pédagogiques | R9: =VLOOKUP(BP[[#This Row],[Compta]],'Budget CR'!G:G,1,0) -> #N/A
A10: 2025 | E10: =14*475 -> 6650 | G10: Participation stagiaire | H10: Pédagogie | I10: Formations | J10: BAFA Appro octobre | K10: 13 stagiaires | L10: NON | M10: Participation aux camps, activités | N10: =IF(BP[[#This Row],[Montant]]>0,BP[[#This Row],[Montant]],0) -> 6650 | O10: =IF(BP[[#This Row],[Montant]]<0,-BP[[#This Row],[Montant]],0) -> 0 | P10: =VLOOKUP(BP[[#This Row],[projet]],'Listes détails'!A:I,9,0) -> #N/A | Q10: =VLOOKUP(BP[[#This Row],[Compta]],'Budget CR'!B:B,1,0) -> #N/A | R10: =VLOOKUP(BP[[#This Row],[Compta]],'Budget CR'!G:G,1,0) -> Participation aux camps, activités
A11: 2025 | B11: 114 | E11: -3000 | G11: Hébergement | H11: Pédagogie | I11: Formations | J11: BAFA Base avril | L11: NON | M11: Locations terrains et centres EEDF | N11: =IF(BP[[#This Row],[Montant]]>0,BP[[#This Row],[Montant]],0) -> 0 | O11: =IF(BP[[#This Row],[Montant]]<0,-BP[[#This Row],[Montant]],0) -> 3000 | P11: =IFERROR(VLOOKUP(BP[[#This Row],[projet]],'Listes détails'!A:I,9,0),"") -> Formations BAFA-BAFD | Q11: =VLOOKUP(BP[[#This Row],[Compta]],'Budget CR'!B:B,1,0) -> Locations terrains et centres EEDF | R11: =VLOOKUP(BP[[#This Row],[Compta]],'Budget CR'!G:G,1,0) -> #N/A
A12: 2025 | B12: 90 | E12: =-10*6*25 -> -1500 | G12: Alimentaire | H12: Pédagogie | I12: Formations | J12: BAFA Base avril | K12: 10€/j sur 6 j à 25 pers | L12: NON | M12: Achats denrées alimentaires | N12: =IF(BP[[#This Row],[Montant]]>0,BP[[#This Row],[Montant]],0) -> 0 | O12: =IF(BP[[#This Row],[Montant]]<0,-BP[[#This Row],[Montant]],0) -> 1500 | P12: =IFERROR(VLOOKUP(BP[[#This Row],[projet]],'Listes détails'!A:I,9,0),"") -> Formations BAFA-BAFD | Q12: =VLOOKUP(BP[[#This Row],[Compta]],'Budget CR'!B:B,1,0) -> Achats denrées alimentaires | R12: =VLOOKUP(BP[[#This Row],[Compta]],'Budget CR'!G:G,1,0) -> #N/A
A13: 2025 | B13: 103 | E13: =100*-15 -> -1500 | G13: Bourse régionale | H13: Pédagogie | I13: Formations | J13: BAFA Base avril | K13: 15 stagiaires concernés | L13: NON | M13: Aides versées aux structures EEDF | N13: =IF(BP[[#This Row],[Montant]]>0,BP[[#This Row],[Montant]],0) -> 0 | O13: =IF(BP[[#This Row],[Montant]]<0,-BP[[#This Row],[Montant]],0) -> 1500 | P13: =IFERROR(VLOOKUP(BP[[#This Row],[projet]],'Listes détails'!A:I,9,0),"") -> Formations BAFA-BAFD | Q13: =VLOOKUP(BP[[#This Row],[Compta]],'Budget CR'!B:B,1,0) -> Aides versées aux structures EEDF | R13: =VLOOKUP(BP[[#This Row],[Compta]],'Budget CR'!G:G,1,0) -> #N/A
A14: 2025 | B14: 89 | E14: -500 | G14: Péda | H14: Pédagogie | I14: Formations | J14: BAFA Base avril | L14: NON | M14: Fournitures éducatives et pédagogiques | N14: =IF(BP[[#This Row],[Montant]]>0,BP[[#This Row],[Montant]],0) -> 0 | O14: =IF(BP[[#This Row],[Montant]]<0,-BP[[#This Row],[Montant]],0) -> 500 | P14: =IFERROR(VLOOKUP(BP[[#This Row],[projet]],'Listes détails'!A:I,9,0),"") -> Formations BAFA-BAFD | Q14: =VLOOKUP(BP[[#This Row],[Compta]],'Budget CR'!B:B,1,0) -> Fournitures éducatives et pédagogiques | R14: =VLOOKUP(BP[[#This Row],[Compta]],'Budget CR'!G:G,1,0) -> #N/A
A15: 2025 | B15: 23 | E15: =14*535 -> 7490 | G15: Participation stagiaire | H15: Pédagogie | I15: Formations | J15: BAFA Base avril | K15: 14 stagiaires | L15: NON | M15: Participation aux camps, activités | N15: =IF(BP[[#This Row],[Montant]]>0,BP[[#This Row],[Montant]],0) -> 7490 | O15: =IF(BP[[#This Row],[Montant]]<0,-BP[[#This Row],[Montant]],0) -> 0 | P15: =IFERROR(VLOOKUP(BP[[#This Row],[projet]],'Listes détails'!A:I,9,0),"") -> Formations BAFA-BAFD | Q15: =VLOOKUP(BP[[#This Row],[Compta]],'Budget CR'!B:B,1,0) -> #N/A | R15: =VLOOKUP(BP[[#This Row],[Compta]],'Budget CR'!G:G,1,0) -> Participation aux camps, activités
A16: 2025 | B16: 30 | E16: -63.6 | G16: Cotisation CB | H16: Fonctionnement | I16: Frais généraux | J16: Banque | L16: NON | M16: Services bancaires | N16: =IF(BP[[#This Row],[Montant]]>0,BP[[#This Row],[Montant]],0) -> 0 | O16: =IF(BP[[#This Row],[Montant]]<0,-BP[[#This Row],[Montant]],0) -> 63.6 | P16: =IFERROR(VLOOKUP(BP[[#This Row],[projet]],'Listes détails'!A:I,9,0),"") | Q16: =VLOOKUP(BP[[#This Row],[Compta]],'Budget CR'!B:B,1,0) -> Services bancaires | R16: =VLOOKUP(BP[[#This Row],[Compta]],'Budget CR'!G:G,1,0) -> #N/A
A17: 2025 | B17: 27 | E17: -733.55 | G17: Assurance | H17: Fonctionnement | I17: Véhicules | J17: Camion | K17: Assurance | L17: NON | M17: Primes d'assurance | N17: =IF(BP[[#This Row],[Montant]]>0,BP[[#This Row],[Montant]],0) -> 0 | O17: =IF(BP[[#This Row],[Montant]]<0,-BP[[#This Row],[Montant]],0) -> 733.55 | P17: =IFERROR(VLOOKUP(BP[[#This Row],[projet]],'Listes détails'!A:I,9,0),"") -> Autres activités | Q17: =VLOOKUP(BP[[#This Row],[Compta]],'Budget CR'!B:B,1,0) -> Primes d'assurance | R17: =VLOOKUP(BP[[#This Row],[Compta]],'Budget CR'!G:G,1,0) -> #N/A
A18: 2025 | E18: -500 | G18: Entretien | H18: Fonctionnement | I18: Véhicules | J18: Camion | L18: NON | M18: Entretien et réparations | N18: =IF(BP[[#This Row],[Montant]]>0,BP[[#This Row],[Montant]],0) -> 0 | O18: =IF(BP[[#This Row],[Montant]]<0,-BP[[#This Row],[Montant]],0) -> 500 | P18: =VLOOKUP(BP[[#This Row],[projet]],'Listes détails'!A:I,9,0) -> Autres activités | Q18: =VLOOKUP(BP[[#This Row],[Compta]],'Budget CR'!B:B,1,0) -> Entretien et réparations | R18: =VLOOKUP(BP[[#This Row],[Compta]],'Budget CR'!G:G,1,0) -> #N/A
A19: 2025 | B19: 5 | E19: 1750 | G19: Location | H19: Fonctionnement | I19: Véhicules | J19: Camion | L19: NON | M19: Produits activités annexes EEDF | N19: =IF(BP[[#This Row],[Montant]]>0,BP[[#This Row],[Montant]],0) -> 1750 | O19: =IF(BP[[#This Row],[Montant]]<0,-BP[[#This Row],[Montant]],0) -> 0 | P19: =IFERROR(VLOOKUP(BP[[#This Row],[projet]],'Listes détails'!A:I,9,0),"") -> Autres activités | Q19: =VLOOKUP(BP[[#This Row],[Compta]],'Budget CR'!B:B,1,0) -> #N/A | R19: =VLOOKUP(BP[[#This Row],[Compta]],'Budget CR'!G:G,1,0) -> Produits activités annexes EEDF
A20: 2025 | B20: 115 | E20: -1000 | G20: Hébergement | H20: Vie de la région | I20: Vie associative | J20: Congrès régional | L20: NON | M20: Locations terrains et centres EEDF | N20: =IF(BP[[#This Row],[Montant]]>0,BP[[#This Row],[Montant]],0) -> 0 | O20: =IF(BP[[#This Row],[Montant]]<0,-BP[[#This Row],[Montant]],0) -> 1000 | P20: =IFERROR(VLOOKUP(BP[[#This Row],[projet]],'Listes détails'!A:I,9,0),"") -> Congrès régional | Q20: =VLOOKUP(BP[[#This Row],[Compta]],'Budget CR'!B:B,1,0) -> Locations terrains et centres EEDF | R20: =VLOOKUP(BP[[#This Row],[Compta]],'Budget CR'!G:G,1,0) -> #N/A
A21: 2025 | B21: 78 | E21: -1000 | G21: Transport | H21: Vie de la région | I21: Vie associative | J21: Congrès régional | L21: NON | M21: Transport des participants | N21: =IF(BP[[#This Row],[Montant]]>0,BP[[#This Row],[Montant]],0) -> 0 | O21: =IF(BP[[#This Row],[Montant]]<0,-BP[[#This Row],[Montant]],0) -> 1000 | P21: =IFERROR(VLOOKUP(BP[[#This Row],[projet]],'Listes détails'!A:I,9,0),"") -> Congrès régional | Q21: =VLOOKUP(BP[[#This Row],[Compta]],'Budget CR'!B:B,1,0) -> Transport des participants | R21: =VLOOKUP(BP[[#This Row],[Compta]],'Budget CR'!G:G,1,0) -> #N/A
A22: 2025 | B22: 57 | E22: -800 | G22: Alimentaire | H22: Vie de la région | I22: Vie associative | J22: Congrès régional | L22: NON | M22: Achats denrées alimentaires | N22: =IF(BP[[#This Row],[Montant]]>0,BP[[#This Row],[Montant]],0) -> 0 | O22: =IF(BP[[#This Row],[Montant]]<0,-BP[[#This Row],[Montant]],0) -> 800 | P22: =VLOOKUP(BP[[#This Row],[projet]],'Listes détails'!A:I,9,0) -> Congrès régional | Q22: =VLOOKUP(BP[[#This Row],[Compta]],'Budget CR'!B:B,1,0) -> Achats denrées alimentaires | R22: =VLOOKUP(BP[[#This Row],[Compta]],'Budget CR'!G:G,1,0) -> #N/A
A23: 2025 | B23: 86 | E23: 2800 | G23: Participation activité | H23: Vie de la région | I23: Vie associative | J23: Congrès régional | L23: NON | M23: Participation aux camps, activités EEDF | N23: =IF(BP[[#This Row],[Montant]]>0,BP[[#This Row],[Montant]],0) -> 2800 | O23: =IF(BP[[#This Row],[Montant]]<0,-BP[[#This Row],[Montant]],0) -> 0 | P23: =IFERROR(VLOOKUP(BP[[#This Row],[projet]],'Listes détails'!A:I,9,0),"") -> Congrès régional | Q23: =VLOOKUP(BP[[#This Row],[Compta]],'Budget CR'!B:B,1,0) -> #N/A | R23: =VLOOKUP(BP[[#This Row],[Compta]],'Budget CR'!G:G,1,0) -> Participation aux camps, activités EEDF
A24: 2025 | E24: -1757.6 | G24: Contribution 2024 | H24: Fonctionnement | I24: Frais associatifs | J24: Contribution 2024 | L24: NON | M24: Contribution nationale EEDF | N24: =IF(BP[[#This Row],[Montant]]>0,BP[[#This Row],[Montant]],0) -> 0 | O24: =IF(BP[[#This Row],[Montant]]<0,-BP[[#This Row],[Montant]],0) -> 1757.6 | P24: =VLOOKUP(BP[[#This Row],[projet]],'Listes détails'!A:I,9,0) -> #N/A | Q24: =VLOOKUP(BP[[#This Row],[Compta]],'Budget CR'!B:B,1,0) -> Contribution nationale EEDF | R24: =VLOOKUP(BP[[#This Row],[Compta]],'Budget CR'!G:G,1,0) -> Contribution nationale EEDF
A25: 2025 | E25: -300 | G25: Transport | H25: Vie de la région | I25: Vie associative | J25: Equipe régionale | L25: Non | M25: Transport des participants | N25: =IF(BP[[#This Row],[Montant]]>0,BP[[#This Row],[Montant]],0) -> 0 | O25: =IF(BP[[#This Row],[Montant]]<0,-BP[[#This Row],[Montant]],0) -> 300 | P25: =VLOOKUP(BP[[#This Row],[projet]],'Listes détails'!A:I,9,0) -> #N/A | Q25: =VLOOKUP(BP[[#This Row],[Compta]],'Budget CR'!B:B,1,0) -> Transport des participants | R25: =VLOOKUP(BP[[#This Row],[Compta]],'Budget CR'!G:G,1,0) -> #N/A
A26: 2025 | E26: -200 | G26: Alimentaire | H26: Vie de la région | I26: Vie associative | J26: Equipe régionale | K26: Alimentaire rencontre ER | L26: NON | M26: Achats denrées alimentaires | N26: =IF(BP[[#This Row],[Montant]]>0,BP[[#This Row],[Montant]],0) -> 0 | O26: =IF(BP[[#This Row],[Montant]]<0,-BP[[#This Row],[Montant]],0) -> 200 | P26: =VLOOKUP(BP[[#This Row],[projet]],'Listes détails'!A:I,9,0) -> #N/A | Q26: =VLOOKUP(BP[[#This Row],[Compta]],'Budget CR'!B:B,1,0) -> Achats denrées alimentaires | R26: =VLOOKUP(BP[[#This Row],[Compta]],'Budget CR'!G:G,1,0) -> #N/A
A27: 2025 | B27: 17 | E27: =12*-370 -> -4440 | G27: Location immo. | H27: Fonctionnement | I27: Frais généraux | J27: Permanence | L27: NON | M27: Locations immobilières | N27: =IF(BP[[#This Row],[Montant]]>0,BP[[#This Row],[Montant]],0) -> 0 | O27: =IF(BP[[#This Row],[Montant]]<0,-BP[[#This Row],[Montant]],0) -> 4440 | P27: =IFERROR(VLOOKUP(BP[[#This Row],[projet]],'Listes détails'!A:I,9,0),"") -> Fonctionnement (charges et produits indirects) | Q27: =VLOOKUP(BP[[#This Row],[Compta]],'Budget CR'!B:B,1,0) -> Locations immobilières | R27: =VLOOKUP(BP[[#This Row],[Compta]],'Budget CR'!G:G,1,0) -> #N/A
A28: 2025 | B28: 28 | E28: -309.17 | G28: Assurance | H28: Fonctionnement | I28: Frais généraux | J28: Permanence | K28: Assurance | L28: NON | M28: Primes d'assurance | N28: =IF(BP[[#This Row],[Montant]]>0,BP[[#This Row],[Montant]],0) -> 0 | O28: =IF(BP[[#This Row],[Montant]]<0,-BP[[#This Row],[Montant]],0) -> 309.17 | P28: =IFERROR(VLOOKUP(BP[[#This Row],[projet]],'Listes détails'!A:I,9,0),"") -> Fonctionnement (charges et produits indirects) | Q28: =VLOOKUP(BP[[#This Row],[Compta]],'Budget CR'!B:B,1,0) -> Primes d'assurance | R28: =VLOOKUP(BP[[#This Row],[Compta]],'Budget CR'!G:G,1,0) -> #N/A
A29: 2025 | E29: 4440 | G29: Subvention | H29: Fonctionnement | I29: Frais généraux | J29: Permanence | L29: NON | M29: Subventions communales | N29: =IF(BP[[#This Row],[Montant]]>0,BP[[#This Row],[Montant]],0) -> 4440 | O29: =IF(BP[[#This Row],[Montant]]<0,-BP[[#This Row],[Montant]],0) -> 0 | P29: =VLOOKUP(BP[[#This Row],[projet]],'Listes détails'!A:I,9,0) -> Fonctionnement (charges et produits indirects) | Q29: =VLOOKUP(BP[[#This Row],[Compta]],'Budget CR'!B:B,1,0) -> #N/A | R29: =VLOOKUP(BP[[#This Row],[Compta]],'Budget CR'!G:G,1,0) -> Subventions communales
A30: 2025 | E30: =-SUMIF('BP Petit Bivouac'!B:B,BP[[#This Row],[Compta]],'BP Petit Bivouac'!F:F) -> -20250 | G30: Alimentaire | H30: Pédagogie | I30: Petit Bivouac | J30: Petit Bivouac | L30: NON | M30: Achats denrées alimentaires | N30: =IF(BP[[#This Row],[Montant]]>0,BP[[#This Row],[Montant]],0) -> 0 | O30: =IF(BP[[#This Row],[Montant]]<0,-BP[[#This Row],[Montant]],0) -> 20250 | Q30: =VLOOKUP(BP[[#This Row],[Compta]],'Budget CR'!B:B,1,0) -> Achats denrées alimentaires | R30: =VLOOKUP(BP[[#This Row],[Compta]],'Budget CR'!G:G,1,0) -> #N/A
A31: 2025 | E31: =-SUMIF('BP Petit Bivouac'!B:B,BP[[#This Row],[Compta]],'BP Petit Bivouac'!F:F) -> -5870 | G31: Matériel | H31: Pédagogie | I31: Petit Bivouac | J31: Petit Bivouac | L31: NON | M31: Petites fournitures et petit matériel | N31: =IF(BP[[#This Row],[Montant]]>0,BP[[#This Row],[Montant]],0) -> 0 | O31: =IF(BP[[#This Row],[Montant]]<0,-BP[[#This Row],[Montant]],0) -> 5870 | P31: =VLOOKUP(BP[[#This Row],[projet]],'Listes détails'!A:I,9,0) -> #N/A | Q31: =VLOOKUP(BP[[#This Row],[Compta]],'Budget CR'!B:B,1,0) -> Petites fournitures et petit matériel | R31: =VLOOKUP(BP[[#This Row],[Compta]],'Budget CR'!G:G,1,0) -> #N/A
A32: 2025 | E32: =-SUMIF('BP Petit Bivouac'!B:B,BP[[#This Row],[Compta]],'BP Petit Bivouac'!F:F) -> -4040 | G32: Hébergement | H32: Pédagogie | I32: Petit Bivouac | J32: Petit Bivouac | L32: NON | M32: Locations immobilières | N32: =IF(BP[[#This Row],[Montant]]>0,BP[[#This Row],[Montant]],0) -> 0 | O32: =IF(BP[[#This Row],[Montant]]<0,-BP[[#This Row],[Montant]],0) -> 4040 | P32: =VLOOKUP(BP[[#This Row],[projet]],'Listes détails'!A:I,9,0) -> #N/A | Q32: =VLOOKUP(BP[[#This Row],[Compta]],'Budget CR'!B:B,1,0) -> Locations immobilières | R32: =VLOOKUP(BP[[#This Row],[Compta]],'Budget CR'!G:G,1,0) -> #N/A
A33: 2025 | E33: =-SUMIF('BP Petit Bivouac'!B:B,BP[[#This Row],[Compta]],'BP Petit Bivouac'!F:F) -> -2125 | G33: Matériel pédagogique | H33: Pédagogie | I33: Petit Bivouac | J33: Petit Bivouac | L33: NON | M33: Fournitures éducatives et pédagogiques | N33: =IF(BP[[#This Row],[Montant]]>0,BP[[#This Row],[Montant]],0) -> 0 | O33: =IF(BP[[#This Row],[Montant]]<0,-BP[[#This Row],[Montant]],0) -> 2125 | P33: =VLOOKUP(BP[[#This Row],[projet]],'Listes détails'!A:I,9,0) -> #N/A | Q33: =VLOOKUP(BP[[#This Row],[Compta]],'Budget CR'!B:B,1,0) -> Fournitures éducatives et pédagogiques | R33: =VLOOKUP(BP[[#This Row],[Compta]],'Budget CR'!G:G,1,0) -> #N/A
A34: 2025 | E34: =-SUMIF('BP Petit Bivouac'!B:B,BP[[#This Row],[Compta]],'BP Petit Bivouac'!F:F) -> -2000 | G34: Petit Matériel | H34: Pédagogie | I34: Petit Bivouac | J34: Petit Bivouac | L34: NON | M34: Prestations éducatives | N34: =IF(BP[[#This Row],[Montant]]>0,BP[[#This Row],[Montant]],0) -> 0 | O34: =IF(BP[[#This Row],[Montant]]<0,-BP[[#This Row],[Montant]],0) -> 2000 | P34: =VLOOKUP(BP[[#This Row],[projet]],'Listes détails'!A:I,9,0) -> #N/A | Q34: =VLOOKUP(BP[[#This Row],[Compta]],'Budget CR'!B:B,1,0) -> Prestations éducatives | R34: =VLOOKUP(BP[[#This Row],[Compta]],'Budget CR'!G:G,1,0) -> #N/A
A35: 2025 | E35: =-SUMIF('BP Petit Bivouac'!B:B,BP[[#This Row],[Compta]],'BP Petit Bivouac'!F:F) -> -1080 | G35: Location véhicule | H35: Pédagogie | I35: Petit Bivouac | J35: Petit Bivouac | L35: NON | M35: Autres locations (matériel, véhicules) | N35: =IF(BP[[#This Row],[Montant]]>0,BP[[#This Row],[Montant]],0) -> 0 | O35: =IF(BP[[#This Row],[Montant]]<0,-BP[[#This Row],[Montant]],0) -> 1080 | P35: =VLOOKUP(BP[[#This Row],[projet]],'Listes détails'!A:I,9,0) -> #N/A | Q35: =VLOOKUP(BP[[#This Row],[Compta]],'Budget CR'!B:B,1,0) -> Autres locations (matériel, véhicules) | R35: =VLOOKUP(BP[[#This Row],[Compta]],'Budget CR'!G:G,1,0) -> #N/A
A36: 2025 | E36: =-SUMIF('BP Petit Bivouac'!B:B,BP[[#This Row],[Compta]],'BP Petit Bivouac'!F:F) -> -875 | G36: Carburants | H36: Pédagogie | I36: Petit Bivouac | J36: Petit Bivouac | L36: NON | M36: Carburants | N36: =IF(BP[[#This Row],[Montant]]>0,BP[[#This Row],[Montant]],0) -> 0 | O36: =IF(BP[[#This Row],[Montant]]<0,-BP[[#This Row],[Montant]],0) -> 875 | P36: =VLOOKUP(BP[[#This Row],[projet]],'Listes détails'!A:I,9,0) -> #N/A | Q36: =VLOOKUP(BP[[#This Row],[Compta]],'Budget CR'!B:B,1,0) -> Carburants | R36: =VLOOKUP(BP[[#This Row],[Compta]],'Budget CR'!G:G,1,0) -> #N/A
A37: 2025 | E37: =-SUMIF('BP Petit Bivouac'!B:B,BP[[#This Row],[Compta]],'BP Petit Bivouac'!F:F) -> -700 | G37: Transport | H37: Pédagogie | I37: Petit Bivouac | J37: Petit Bivouac | L37: NON | M37: Trpt et déplac;, missions, réceptions | N37: =IF(BP[[#This Row],[Montant]]>0,BP[[#This Row],[Montant]],0) -> 0 | O37: =IF(BP[[#This Row],[Montant]]<0,-BP[[#This Row],[Montant]],0) -> 700 | P37: =VLOOKUP(BP[[#This Row],[projet]],'Listes détails'!A:I,9,0) -> #N/A | Q37: =VLOOKUP(BP[[#This Row],[Compta]],'Budget CR'!B:B,1,0) -> Trpt et déplac;, missions, réceptions | R37: =VLOOKUP(BP[[#This Row],[Compta]],'Budget CR'!G:G,1,0) -> #N/A
A38: 2025 | E38: =-SUMIF('BP Petit Bivouac'!B:B,BP[[#This Row],[Compta]],'BP Petit Bivouac'!F:F) -> -500 | G38: Gaz | H38: Pédagogie | I38: Petit Bivouac | J38: Petit Bivouac | K38: Entretien divers | L38: NON | M38: Eau, gaz, électricité, combustible | N38: =IF(BP[[#This Row],[Montant]]>0,BP[[#This Row],[Montant]],0) -> 0 | O38: =IF(BP[[#This Row],[Montant]]<0,-BP[[#This Row],[Montant]],0) -> 500 | P38: =VLOOKUP(BP[[#This Row],[projet]],'Listes détails'!A:I,9,0) -> #N/A | Q38: =VLOOKUP(BP[[#This Row],[Compta]],'Budget CR'!B:B,1,0) -> Eau, gaz, électricité, combustible | R38: =VLOOKUP(BP[[#This Row],[Compta]],'Budget CR'!G:G,1,0) -> #N/A
A39: 2025 | E39: =-SUMIF('BP Petit Bivouac'!B:B,BP[[#This Row],[Compta]],'BP Petit Bivouac'!F:F) -> -100 | G39: Pharmacetique | H39: Pédagogie | I39: Petit Bivouac | J39: Petit Bivouac | L39: NON | M39: Produits pharmaceutiques | N39: =IF(BP[[#This Row],[Montant]]>0,BP[[#This Row],[Montant]],0) -> 0 | O39: =IF(BP[[#This Row],[Montant]]<0,-BP[[#This Row],[Montant]],0) -> 100 | P39: =VLOOKUP(BP[[#This Row],[projet]],'Listes détails'!A:I,9,0) -> #N/A | Q39: =VLOOKUP(BP[[#This Row],[Compta]],'Budget CR'!B:B,1,0) -> Produits pharmaceutiques | R39: =VLOOKUP(BP[[#This Row],[Compta]],'Budget CR'!G:G,1,0) -> #N/A
A40: 2025 | E40: =-SUMIF('BP Petit Bivouac'!B:B,BP[[#This Row],[Compta]],'BP Petit Bivouac'!F:F) -> -100 | G40: Assurance | H40: Pédagogie | I40: Petit Bivouac | J40: Petit Bivouac | L40: NON | M40: Primes d'assurance | N40: =IF(BP[[#This Row],[Montant]]>0,BP[[#This Row],[Montant]],0) -> 0 | O40: =IF(BP[[#This Row],[Montant]]<0,-BP[[#This Row],[Montant]],0) -> 100 | P40: =VLOOKUP(BP[[#This Row],[projet]],'Listes détails'!A:I,9,0) -> #N/A | Q40: =VLOOKUP(BP[[#This Row],[Compta]],'Budget CR'!B:B,1,0) -> Primes d'assurance | R40: =VLOOKUP(BP[[#This Row],[Compta]],'Budget CR'!G:G,1,0) -> #N/A
A41: 2025 | E41: =SUMIF('BP Petit Bivouac'!B:B,BP[[#This Row],[Compta]],'BP Petit Bivouac'!F:F) -> 5000 | G41: Subvention | H41: Pédagogie | I41: Petit Bivouac | J41: Petit Bivouac | L41: NON | M41: Subventions régionales | N41: =IF(BP[[#This Row],[Montant]]>0,BP[[#This Row],[Montant]],0) -> 5000 | O41: =IF(BP[[#This Row],[Montant]]<0,-BP[[#This Row],[Montant]],0) -> 0 | P41: =VLOOKUP(BP[[#This Row],[projet]],'Listes détails'!A:I,9,0) -> #N/A | Q41: =VLOOKUP(BP[[#This Row],[Compta]],'Budget CR'!B:B,1,0) -> #N/A | R41: =VLOOKUP(BP[[#This Row],[Compta]],'Budget CR'!G:G,1,0) -> Subventions régionales
A42: 2025 | E42: =SUMIF('BP Petit Bivouac'!B:B,BP[[#This Row],[Compta]],'BP Petit Bivouac'!F:F) -> 36950 | G42: Participation | H42: Pédagogie | I42: Petit Bivouac | J42: Petit Bivouac | L42: NON | M42: Participation aux camps, activités | N42: =IF(BP[[#This Row],[Montant]]>0,BP[[#This Row],[Montant]],0) -> 36950 | O42: =IF(BP[[#This Row],[Montant]]<0,-BP[[#This Row],[Montant]],0) -> 0 | P42: =VLOOKUP(BP[[#This Row],[projet]],'Listes détails'!A:I,9,0) -> #N/A | Q42: =VLOOKUP(BP[[#This Row],[Compta]],'Budget CR'!B:B,1,0) -> #N/A | R42: =VLOOKUP(BP[[#This Row],[Compta]],'Budget CR'!G:G,1,0) -> Participation aux camps, activités
A43: 2025 | E43: -1000 | G43: Participation équipiers | H43: Pédagogie | I43: Petit Bivouac | J43: Grand Bivouac | L43: NON | M43: Charges diverses | N43: =IF(BP[[#This Row],[Montant]]>0,BP[[#This Row],[Montant]],0) -> 0 | O43: =IF(BP[[#This Row],[Montant]]<0,-BP[[#This Row],[Montant]],0) -> 1000 | P43: =VLOOKUP(BP[[#This Row],[projet]],'Listes détails'!A:I,9,0) -> #N/A | Q43: =VLOOKUP(BP[[#This Row],[Compta]],'Budget CR'!B:B,1,0) -> Charges diverses | R43: =VLOOKUP(BP[[#This Row],[Compta]],'Budget CR'!G:G,1,0) -> #N/A
A44: 2025 | E44: 1000 | G44: Subvention | H44: Pédagogie | I44: Petit Bivouac | J44: Grand Bivouac | L44: NON | M44: Subventions régionales | N44: =IF(BP[[#This Row],[Montant]]>0,BP[[#This Row],[Montant]],0) -> 1000 | O44: =IF(BP[[#This Row],[Montant]]<0,-BP[[#This Row],[Montant]],0) -> 0 | P44: =VLOOKUP(BP[[#This Row],[projet]],'Listes détails'!A:I,9,0) -> #N/A | Q44: =VLOOKUP(BP[[#This Row],[Compta]],'Budget CR'!B:B,1,0) -> #N/A | R44: =VLOOKUP(BP[[#This Row],[Compta]],'Budget CR'!G:G,1,0) -> Subventions régionales
A45: 2025 | B45: 32 | E45: -350 | G45: Transport | H45: Vie de la région | I45: Activités des SLA | J45: Suivi groupes et visites | L45: NON | M45: Transport des participants | N45: =IF(BP[[#This Row],[Montant]]>0,BP[[#This Row],[Montant]],0) -> 0 | O45: =IF(BP[[#This Row],[Montant]]<0,-BP[[#This Row],[Montant]],0) -> 350 | P45: =IFERROR(VLOOKUP(BP[[#This Row],[projet]],'Listes détails'!A:I,9,0),"") | Q45: =VLOOKUP(BP[[#This Row],[Compta]],'Budget CR'!B:B,1,0) -> Transport des participants | R45: =VLOOKUP(BP[[#This Row],[Compta]],'Budget CR'!G:G,1,0) -> #N/A
A46: 2025 | E46: -1000 | G46: Alimentaire | H46: Pédagogie | I46: Formations | J46: Tremplin année - octobre | L46: NON | M46: Achats denrées alimentaires | N46: =IF(BP[[#This Row],[Montant]]>0,BP[[#This Row],[Montant]],0) -> 0 | O46: =IF(BP[[#This Row],[Montant]]<0,-BP[[#This Row],[Montant]],0) -> 1000 | P46: =VLOOKUP(BP[[#This Row],[projet]],'Listes détails'!A:I,9,0) -> Formations des bénévoles (hors BAFA-BAFD) | Q46: =VLOOKUP(BP[[#This Row],[Compta]],'Budget CR'!B:B,1,0) -> Achats denrées alimentaires | R46: =VLOOKUP(BP[[#This Row],[Compta]],'Budget CR'!G:G,1,0) -> #N/A
A47: 2025 | E47: -1000 | G47: Hébergement | H47: Pédagogie | I47: Formations | J47: Tremplin année - octobre | L47: NON | M47: Locations terrains et centres EEDF | N47: =IF(BP[[#This Row],[Montant]]>0,BP[[#This Row],[Montant]],0) -> 0 | O47: =IF(BP[[#This Row],[Montant]]<0,-BP[[#This Row],[Montant]],0) -> 1000 | P47: =VLOOKUP(BP[[#This Row],[projet]],'Listes détails'!A:I,9,0) -> Formations des bénévoles (hors BAFA-BAFD) | Q47: =VLOOKUP(BP[[#This Row],[Compta]],'Budget CR'!B:B,1,0) -> Locations terrains et centres EEDF | R47: =VLOOKUP(BP[[#This Row],[Compta]],'Budget CR'!G:G,1,0) -> #N/A
A48: 2025 | E48: -1000 | G48: Transport | H48: Pédagogie | I48: Formations | J48: Tremplin année - octobre | L48: NON | M48: Transport des participants | N48: =IF(BP[[#This Row],[Montant]]>0,BP[[#This Row],[Montant]],0) -> 0 | O48: =IF(BP[[#This Row],[Montant]]<0,-BP[[#This Row],[Montant]],0) -> 1000 | P48: =VLOOKUP(BP[[#This Row],[projet]],'Listes détails'!A:I,9,0) -> Formations des bénévoles (hors BAFA-BAFD) | Q48: =VLOOKUP(BP[[#This Row],[Compta]],'Budget CR'!B:B,1,0) -> Transport des participants | R48: =VLOOKUP(BP[[#This Row],[Compta]],'Budget CR'!G:G,1,0) -> #N/A
A49: 2025 | E49: 3300 | G49: Subvention | H49: Pédagogie | I49: Formations | J49: Tremplin année - octobre | L49: NON | M49: Subventions Nationales | N49: =IF(BP[[#This Row],[Montant]]>0,BP[[#This Row],[Montant]],0) -> 3300 | O49: =IF(BP[[#This Row],[Montant]]<0,-BP[[#This Row],[Montant]],0) -> 0 | P49: =VLOOKUP(BP[[#This Row],[projet]],'Listes détails'!A:I,9,0) -> Formations des bénévoles (hors BAFA-BAFD) | Q49: =VLOOKUP(BP[[#This Row],[Compta]],'Budget CR'!B:B,1,0) -> #N/A | R49: =VLOOKUP(BP[[#This Row],[Compta]],'Budget CR'!G:G,1,0) -> Subventions Nationales
A50: 2025 | B50: 63 | E50: -1000 | G50: Alimentaire | H50: Pédagogie | I50: Formations | J50: Tremplin camp - Avril | L50: NON | M50: Achats denrées alimentaires | N50: =IF(BP[[#This Row],[Montant]]>0,BP[[#This Row],[Montant]],0) -> 0 | O50: =IF(BP[[#This Row],[Montant]]<0,-BP[[#This Row],[Montant]],0) -> 1000 | P50: =IFERROR(VLOOKUP(BP[[#This Row],[projet]],'Listes détails'!A:I,9,0),"") -> Formations des bénévoles (hors BAFA-BAFD) | Q50: =VLOOKUP(BP[[#This Row],[Compta]],'Budget CR'!B:B,1,0) -> Achats denrées alimentaires | R50: =VLOOKUP(BP[[#This Row],[Compta]],'Budget CR'!G:G,1,0) -> #N/A
A51: 2025 | B51: 116 | E51: -1000 | G51: Hébergement | H51: Pédagogie | I51: Formations | J51: Tremplin camp - Avril | L51: NON | M51: Locations terrains et centres EEDF | N51: =IF(BP[[#This Row],[Montant]]>0,BP[[#This Row],[Montant]],0) -> 0 | O51: =IF(BP[[#This Row],[Montant]]<0,-BP[[#This Row],[Montant]],0) -> 1000 | P51: =IFERROR(VLOOKUP(BP[[#This Row],[projet]],'Listes détails'!A:I,9,0),"") -> Formations des bénévoles (hors BAFA-BAFD) | Q51: =VLOOKUP(BP[[#This Row],[Compta]],'Budget CR'!B:B,1,0) -> Locations terrains et centres EEDF | R51: =VLOOKUP(BP[[#This Row],[Compta]],'Budget CR'!G:G,1,0) -> #N/A
A52: 2025 | B52: 76 | E52: -1000 | G52: Transport | H52: Pédagogie | I52: Formations | J52: Tremplin camp - Avril | L52: NON | M52: Transport des participants | N52: =IF(BP[[#This Row],[Montant]]>0,BP[[#This Row],[Montant]],0) -> 0 | O52: =IF(BP[[#This Row],[Montant]]<0,-BP[[#This Row],[Montant]],0) -> 1000 | P52: =IFERROR(VLOOKUP(BP[[#This Row],[projet]],'Listes détails'!A:I,9,0),"") -> Formations des bénévoles (hors BAFA-BAFD) | Q52: =VLOOKUP(BP[[#This Row],[Compta]],'Budget CR'!B:B,1,0) -> Transport des participants | R52: =VLOOKUP(BP[[#This Row],[Compta]],'Budget CR'!G:G,1,0) -> #N/A
A53: 2025 | E53: 3300 | G53: Subvention | H53: Pédagogie | I53: Formations | J53: Tremplin camp - Avril | L53: NON | M53: Subventions Nationales | N53: =IF(BP[[#This Row],[Montant]]>0,BP[[#This Row],[Montant]],0) -> 3300 | O53: =IF(BP[[#This Row],[Montant]]<0,-BP[[#This Row],[Montant]],0) -> 0 | P53: =VLOOKUP(BP[[#This Row],[projet]],'Listes détails'!A:I,9,0) -> Formations des bénévoles (hors BAFA-BAFD) | Q53: =VLOOKUP(BP[[#This Row],[Compta]],'Budget CR'!B:B,1,0) -> #N/A | R53: =VLOOKUP(BP[[#This Row],[Compta]],'Budget CR'!G:G,1,0) -> Subventions Nationales
A54: 2025 | E54: -806.09 | G54: Assurance | H54: Fonctionnement | I54: Véhicules | J54: Véhicule Golbey | K54: Assurance | L54: NON | M54: Primes d'assurance | N54: =IF(BP[[#This Row],[Montant]]>0,BP[[#This Row],[Montant]],0) -> 0 | O54: =IF(BP[[#This Row],[Montant]]<0,-BP[[#This Row],[Montant]],0) -> 806.09 | P54: =VLOOKUP(BP[[#This Row],[projet]],'Listes détails'!A:I,9,0) -> 0 | Q54: =VLOOKUP(BP[[#This Row],[Compta]],'Budget CR'!B:B,1,0) -> Primes d'assurance | R54: =VLOOKUP(BP[[#This Row],[Compta]],'Budget CR'!G:G,1,0) -> #N/A
A55: 2025 | E55: -250 | G55: Entretien | H55: Fonctionnement | I55: Véhicules | J55: Véhicule Golbey | L55: NON | M55: Carburants | N55: =IF(BP[[#This Row],[Montant]]>0,BP[[#This Row],[Montant]],0) -> 0 | O55: =IF(BP[[#This Row],[Montant]]<0,-BP[[#This Row],[Montant]],0) -> 250 | P55: =VLOOKUP(BP[[#This Row],[projet]],'Listes détails'!A:I,9,0) -> 0 | Q55: =VLOOKUP(BP[[#This Row],[Compta]],'Budget CR'!B:B,1,0) -> Carburants | R55: =VLOOKUP(BP[[#This Row],[Compta]],'Budget CR'!G:G,1,0) -> #N/A
A56: 2025 | E56: 1200 | G56: Location | H56: Fonctionnement | I56: Véhicules | J56: Véhicule Golbey | L56: NON | M56: Produits activités annexes EEDF | N56: =IF(BP[[#This Row],[Montant]]>0,BP[[#This Row],[Montant]],0) -> 1200 | O56: =IF(BP[[#This Row],[Montant]]<0,-BP[[#This Row],[Montant]],0) -> 0 | P56: =VLOOKUP(BP[[#This Row],[projet]],'Listes détails'!A:I,9,0) -> 0 | Q56: =VLOOKUP(BP[[#This Row],[Compta]],'Budget CR'!B:B,1,0) -> #N/A | R56: =VLOOKUP(BP[[#This Row],[Compta]],'Budget CR'!G:G,1,0) -> Produits activités annexes EEDF
N57: =IF(BP[[#This Row],[Montant]]>0,BP[[#This Row],[Montant]],0) -> 0 | O57: =IF(BP[[#This Row],[Montant]]<0,-BP[[#This Row],[Montant]],0) -> 0 | P57: =VLOOKUP(BP[[#This Row],[projet]],'Listes détails'!A:I,9,0) -> #N/A | Q57: =VLOOKUP(BP[[#This Row],[Compta]],'Budget CR'!B:B,1,0) -> #N/A | R57: =VLOOKUP(BP[[#This Row],[Compta]],'Budget CR'!G:G,1,0) -> #N/A

Sheet TCD récap
A1: A reverser | B1: NON
A3: Row Labels | B3: Sum of Produits | C3: Sum of Charges | D3: Sum of Montant
A4: Fonctionnement
A5: Véhicules | B5: 2950 | C5: 2289.64 | D5: 660.36
A6: Camion | B6: 1750 | C6: 1233.55 | D6: 516.45
A7: Assurance | B7: 0 | C7: 733.55 | D7: -733.55
A8: Entretien | B8: 0 | C8: 500 | D8: -500
A9: Location | B9: 1750 | C9: 0 | D9: 1750
A10: Véhicule Golbey | B10: 1200 | C10: 1056.09 | D10: 143.91
A11: Assurance | B11: 0 | C11: 806.09 | D11: -806.09
A12: Entretien | B12: 0 | C12: 250 | D12: -250
A13: Location | B13: 1200 | C13: 0 | D13: 1200
A14: Frais généraux | B14: 4440 | C14: 4882.77 | D14: -442.77
A15: Adhésion autres association | B15: 0 | C15: 70 | D15: -70
A16: Adhésion COJEP | B16: 0 | C16: 70 | D16: -70
... A30: Grand Total | B30: 74230 | C30: 70570.01 | D30: 3659.99

Sheet Soldes banque
O1: =J12 -> BRED-Moselle
O2: =J13 -> BRED - LA
A3: Solde au | B3: =MAX(BP[Date]) -> 0 | O3: =F20 -> Cheque non encaissés
A4: Date du jour | B4: =TODAY() -> 45666 | O4: =F23 -> Non payé-F en attente
A5: Retard | B5: =B4-B3 -> 45666 | C5: =IF(B5=0,"Liste à jour",CONCATENATE("il y a ",B5," jour(s) de retard")) -> il y a 45666 jour(s) de retard | O5: =F24 -> Non payé-Facture émise
O6: =G23 -> Non payé-Facture reçue
F7: =F13+F12 -> 28909.23 | O7: =G24 -> Non payé-Facture à émettre
O8: Mouvements internes
F9: Solde réel | G9: Solde calculé | H9: Check
A10: BRED : | B10: au 01/01/24 | D10: Var | F10: =CONCATENATE("Au ",DAY(B3),"/",MONTH(B3),"/",YEAR(B3)) -> Au 0/1/1900 | G10: =CONCATENATE("Au ",DAY(B3),"/",MONTH(B3),"/",YEAR(B3)) -> Au 0/1/1900
A12: Moselle | B12: 8357.16 | D12: =SUMIFS('Liste prévisionnel'!E:E,'Liste prévisionnel'!D:D,'Soldes banque'!J12) -> 0 | F12: 19837.93 | G12: =B12+D12 -> 8357.16 | H12: =IF(ROUND(F12-G12,2)=0,"Ok","Erreur") -> Erreur | I12: =F12-G12 -> 11480.77 | J12: BRED-Moselle
A13: Lorraine-Alsace | B13: 5158.61 | D13: =SUMIFS('Liste prévisionnel'!E:E,'Liste prévisionnel'!D:D,'Soldes banque'!J13) -> 0 | F13: 9071.3 | G13: =B13+D13 -> 5158.61 | H13: =IF(ROUND(F13-G13,2)=0,"Ok","Erreur") -> Erreur | I13: =F13-G13 -> 3912.69 | J13: BRED - LA
A15: CAISSE | B15: au 01/01/24 | D15: Var | F15: Solde réel | G15: Solde calculé | H15: Check
A16: Liquide | B16: 0 | D16: 0 | F16: 0 | G16: 0 | H16: =IF(ROUND(F16-G16,2)=0,"Ok","Erreur") -> Ok
A19: AUTRES
A20: Cheque non encaissés | B20: =SUMIFS(BP[Montant],BP[Compte/caisse/CHQ],'Soldes banque'!F20,BP[Montant],">0")+SUMIFS(BP[Montant],BP[Compte/caisse/CHQ],'Soldes banque'!G20,BP[Montant],">0") -> 0 | F20: Cheque non encaissés
A23: Paiement à faire | B23: =SUMIFS(BP[Montant],BP[Compte/caisse/CHQ],'Soldes banque'!F23,BP[Montant],"<0")+SUMIFS(BP[Montant],BP[Compte/caisse/CHQ],'Soldes banque'!G23,BP[Montant],"<0") -> 0 | F23: Non payé-F en attente | G23: Non payé-Facture reçue
A24: Factures à payer - Clients | B24: =SUMIFS(BP[Montant],BP[Compte/caisse/CHQ],'Soldes banque'!F24,BP[Montant],">0")+SUMIFS(BP[Montant],BP[Compte/caisse/CHQ],'Soldes banque'!G24,BP[Montant],">0") -> 0 | F24: Non payé-Facture émise | G24: Non payé-Facture à émettre
B25: Total | D25: LA | E25: Moselle
A26: A récupérer | B26: =E26+D26 -> 0 | D26: =-SUMIFS(BP[Montant],BP[Compte/caisse/CHQ],'Soldes banque'!J13,BP[Montant],"<0",BP[A reverser],"OUI") -> 0 | E26: =-SUMIFS(BP[Montant],BP[Compte/caisse/CHQ],'Soldes banque'!J12,BP[Montant],"<0",BP[A reverser],"OUI") -> 0
A27: A reverser | B27: =E27+D27 -> 0 | D27: =SUMIFS(BP[Montant],BP[Compte/caisse/CHQ],'Soldes banque'!J13,BP[Montant],">0",BP[A reverser],"OUI") -> 0 | E27: =SUMIFS(BP[Montant],BP[Compte/caisse/CHQ],'Soldes banque'!J12,BP[Montant],">0",BP[A reverser],"OUI") -> 0
A29: Total reversement | B29: =B26-B27 -> 0
E32: DISPO | F32: =F12+F13+B23+B24+B29 -> 28909.23

Sheet AG
A3: Strasbourg : | B3: 594.72
A4: Thionville | B4: 575.26
A5: Valentina | B5: 33.4
A6: Antho | B6: =D6+C6 -> 46.99 | C6: 25.99 | D6: 21
B7: =SUM(B3:B6) -> 1250.37

Sheet Camion

Sheet Liste Prévisionnels
A2: Exercice | B2: Date | C2: Compte/caisse/CHQ | D2: Montant | E2: ACTIVITES | F2: Type | G2: projet | H2: Détail | I2: Compta
D3: 200 | E3: Equipe régionale | F3: Cotisations des adhérents | G3: Adhésion | I3: Fonctionnement
D4: -200 | E4: Equipe régionale | F4: Cotisations payées au siège | G4: Adhésion | I4: Fonctionnement
D5: =-120*5 -> -600 | E5: Assemblée Générale | F5: Participation aux camps, activités EEDF | G5: Assemblée Générale
D6: -892.5 | E6: Formations BAFA-BAFD | F6: Achats denrées alimentaires | G6: BAFA Appro - Oct.
D7: -177.5 | E7: Formations BAFA-BAFD | F7: Petites fournitures et petit matériel | G7: BAFA Appro - Oct.
D8: -50 | E8: Formations BAFA-BAFD | F8: Carburants | G8: BAFA Appro - Oct.
D9: -2800 | E9: Formations BAFA-BAFD | F9: Locations terrains et centres EEDF | G9: BAFA Appro - Oct.
D10: -100 | E10: Formations BAFA-BAFD | F10: Trpt et déplac;, missions, réceptions | G10: BAFA Appro - Oct.
D11: 1387.5 | E11: Formations BAFA-BAFD | F11: Participation aux camps, activités | G11: BAFA Appro - Oct.
D12: 2887.5 | E12: Formations BAFA-BAFD | F12: Participation aux camps, activités EEDF | G12: BAFA Appro - Oct.
D13: -892.5 | E13: Formations BAFA-BAFD | F13: Achats denrées alimentaires | G13: BAFA Base avril
D14: -177.5 | E14: Formations BAFA-BAFD | F14: Petites fournitures et petit matériel | G14: BAFA Base avril
D15: -50 | E15: Formations BAFA-BAFD | F15: Carburants | G15: BAFA Base avril
D16: -2800 | E16: Formations BAFA-BAFD | F16: Locations terrains et centres EEDF | G16: BAFA Base avril
D17: -100 | E17: Formations BAFA-BAFD | F17: Trpt et déplac;, missions, réceptions | G17: BAFA Base avril
... D19: 2887.5 | E19: Formations BAFA-BAFD | F19: Participation aux camps, activités EEDF | G19: BAFA Base avril
D20: -695.65 | E20: Autres activités | F20: Primes d'assurance | G20: Camion | H20: Assurance camion | I20: Fonctionnement
D21: -200 | E21: Autres activités | F21: Entretien et réparations | G21: Camion | H21: Réparations | I21: Fonctionnement
D22: 900 | E22: Autres activités | F22: Produits activités annexes | G22: Camion | H22: Locations | I22: Fonctionnement
D23: =-4*120 -> -480 | E23: Conseil National | F23: Participation aux camps, activités EEDF | G23: CN | H23: Participation CN
D24: 1952.97 | E24: Congrès régional | F24: Participation aux camps, activités EEDF | G24: Congrès régional | I24: Congrès régional
D25: -521.27 | E25: Congrès régional | F25: Achats denrées alimentaires | G25: Congrès régional | I25: Congrès régional
D26: -800 | E26: Congrès régional | F26: Locations terrains et centres EEDF | G26: Congrès régional | I26: Congrès régional
D27: -631.7 | E27: Congrès régional | F27: Trpt et déplac;, missions, réceptions | G27: Congrès régional | I27: Congrès régional
D28: -55 | E28: Fonctionnement (charges et produits indirects) | F28: Services bancaires | G28: Fonctionnement | H28: CB | I28: Fonctionnement
D29: -500 | E29: Fonctionnement (charges et produits indirects) | F29: Petites fournitures et petit matériel | G29: Fonctionnement | H29: Matériels divers | I29: Fonctionnement
D30: -120 | E30: Fonctionnement (charges et produits indirects) | F30: Affranchissement, téléphone et internet | G30: Fonctionnement | H30: Tel | I30: Fonctionnement
D31: -9400 | E31: Fonctionnement (charges et produits indirects) | F31: Salaires bruts | G31: MS AD | H31: MS AD | I31: Fonctionnement
D32: 9400 | E32: Fonctionnement (charges et produits indirects) | F32: Transfert de charges d'exploitation | G32: MS AD | H32: MS AD | I32: Fonctionnement
D33: =-12*360 -> -4320 | E33: Fonctionnement (charges et produits indirects) | F33: Locations immobilières | G33: Permanence | H33: Loyers perm | I33: Fonctionnement
D34: -320.4 | E34: Fonctionnement (charges et produits indirects) | F34: Primes d'assurance | G34: Permanence | H34: Assurance perm | I34: Fonctionnement
D35: =12*360 -> 4320 | E35: Fonctionnement (charges et produits indirects) | F35: Subventions communales | G35: Permanence | H35: Subvention loyer | I35: Fonctionnement
D36: =-2*202*8 -> -3232 | E36: Mini-séjours et rassemblements régionaux | F36: Achats denrées alimentaires | G36: RIR
D37: -200 | E37: Mini-séjours et rassemblements régionaux | F37: Fournitures éducatives et pédagogiques | G37: RIR
D38: -200 | E38: Mini-séjours et rassemblements régionaux | F38: Locations terrains et centres EEDF | G38: RIR
D39: -8700 | E39: Mini-séjours et rassemblements régionaux | F39: Transport des participants | G39: RIR
D40: =65*160 -> 10400 | E40: Mini-séjours et rassemblements régionaux | F40: Participation aux camps, activités | G40: RIR
D41: -840 | E41: Formations des bénévoles (hors BAFA-BAFD) | F41: Achats denrées alimentaires | G41: Tremplin année - octobre
D42: -1000 | E42: Formations des bénévoles (hors BAFA-BAFD) | F42: Locations terrains et centres EEDF | G42: Tremplin année - octobre
D43: -1000 | E43: Formations des bénévoles (hors BAFA-BAFD) | F43: Trpt et déplac;, missions, réceptions | G43: Tremplin année - octobre
D44: 3000 | E44: Formations des bénévoles (hors BAFA-BAFD) | F44: Subventions Nationales | G44: Tremplin année - octobre | H44: FDVA 1
D45: -840 | E45: Formations des bénévoles (hors BAFA-BAFD) | F45: Achats denrées alimentaires | G45: Tremplin camp - Avril
D46: -1000 | E46: Formations des bénévoles (hors BAFA-BAFD) | F46: Locations terrains et centres EEDF | G46: Tremplin camp - Avril
D47: -1000 | E47: Formations des bénévoles (hors BAFA-BAFD) | F47: Trpt et déplac;, missions, réceptions | G47: Tremplin camp - Avril
D48: 3000 | E48: Formations des bénévoles (hors BAFA-BAFD) | F48: Subventions Nationales | G48: Tremplin camp - Avril | H48: FDVA 1
D49: 3000 | E49: Séjours ouverts | F49: Participation aux camps, activités | G49: Camps ouverts | I49: Séjours ouverts

Sheet Liste Cpt 6 et 7
A1: 60 | B1: Achats | F1: 70 | G1: Ventes de produits et prestations
A2: 6040000 | B2: Prestations éducatives | F2: 7060000 | G2: Participation aux camps, activités
A3: 6040009 | B3: Prestations éducatives EEDF | F3: 7060009 | G3: Participation aux camps, activités EEDF
A4: 6061000 | B4: Eau, gaz, électricité, combustible | F4: 7061000 | G4: Prestations de service CAF
A5: 6062000 | B5: Achats denrées alimentaires | F5: 7070000 | G5: Vente de marchandises
A6: 6063000 | B6: Petites fournitures et petit matériel | F6: 7070009 | G6: Vente de marchandises aux EEDF
A7: 6064000 | B7: Fournitures administratives | F7: 7083000 | G7: Locations immobilières & mobilières
A8: 6065000 | B8: Carburants | F8: 7083009 | G8: Locations immobilières & mobilières EEDF
A9: 6066000 | B9: Produits pharmaceutiques | F9: 7080000 | G9: Produits activités annexes
A10: 6068000 | B10: Fournitures éducatives et pédagogiques | F10: 7080009 | G10: Produits activités annexes EEDF
A11: 6070000 | B11: Achat de marchandises pour la revente | F11: 74 | G11: Subventions
A12: 6070009 | B12: Achat de marchandises à EEDF pour revente | F12: 7410000 | G12: Subventions Nationales
... A37: 6450009 | B37: Charges Sociales | F37: 7910000 | G37: Transfert de charges d'exploitation
A38: 6480000 | B38: autres charges (médecine du travail, DPCE)
A39: 65 | B39: Charges de gestion courante
A40: 6561009 | B40: Cotisations payées au siège
A41: 6566009 | B41: Autres cotisations payées aux EEDF
A42: 6570009 | B42: reversements de dons à EEDF
A43: 6572009 | B43: Indemnités services civiques EEDF
A44: 6580000 | B44: Charges diverses
A45: 6580009 | B45: Aides versées aux structures EEDF
A46: 6580029 | B46: structures fermées
A47: 6581009 | B47: Contribution nationale EEDF
A48: 66 | B48: Charges financières
A49: 6600000 | B49: Charges financières
... A56: 6815000 | B56: Dotation aux provisions
B57: TOTAL DES CHARGES

Sheet Détails par projet
A1: =D4 -> Véhicule Golbey
A2: Sous réserves d'erreurs: merci de les signaler si nécessaire
A3: ANALYTIQUE | D3: =VLOOKUP($D$4,'Listes détails'!A:M,2,0) -> 0 | G3: Date de réalisation - Début : | J3: =VLOOKUP($D$4,'Listes détails'!A:M,3,0) -> 0
A4: PROJET | D4: Véhicule Golbey | G4: Date de réalisation - Fin : | J4: =VLOOKUP($D$4,'Listes détails'!A:M,4,0) -> 0
A5: Nombre de participants : | B5: Prévisionnel | C5: =VLOOKUP($D$4,'Listes détails'!A:M,7,0) -> 0 | D5: Réel | E5: =VLOOKUP($D$4,'Listes détails'!A:M,8,0) -> 0
A7: Prévisionnel : | F7: Réel :
A9: Produits : | B9: Prix unitaire : | C9: Nombre | D9: Total | E9: Compta | F9: =A9 -> Produits : | G9: Prix unitaire : | H9: Nombre | I9: Total
A10: Participation : | F10: =A10 -> Participation : | G10: =I10/H10 -> #DIV/0! | H10: =$E$5 -> 0 | I10: =IF(SUMIFS('Liste prévisionnel'!E:E,'Liste prévisionnel'!I:I,$D$4,'Liste prévisionnel'!K:K,"NON",'Liste prévisionnel'!L:L,J10)<0,-SUMIFS('Liste prévisionnel'!E:E,'Liste prévisionnel'!I:I,$D$4,'Liste prévisionnel'!K:K,"NON",'Liste prévisionnel'!L:L,J10),SUMIFS('Liste prévisionnel'!E:E,'Liste prévisionnel'!I:I,$D$4,'Liste prévisionnel'!K:K,"NON",'Liste prévisionnel'!L:L,J10)) -> 0 | J10: =E10 -> 0
A11: Facturation interne | B11: =D11/C11 -> #DIV/0! | C11: =$C$5 -> 0 | D11: =SUMIFS('Liste Prévisionnels'!D:D,'Liste Prévisionnels'!F:F,$E11,'Liste Prévisionnels'!G:G,$D$4) -> 0 | E11: Participation aux camps, activités EEDF | F11: =A11 -> Facturation interne | G11: =I11/H11 -> #DIV/0! | H11: =$E$5 -> 0 | I11: =IF(SUMIFS('Liste prévisionnel'!E:E,'Liste prévisionnel'!I:I,$D$4,'Liste prévisionnel'!K:K,"NON",'Liste prévisionnel'!L:L,J11)<0,-SUMIFS('Liste prévisionnel'!E:E,'Liste prévisionnel'!I:I,$D$4,'Liste prévisionnel'!K:K,"NON",'Liste prévisionnel'!L:L,J11),SUMIFS('Liste prévisionnel'!E:E,'Liste prévisionnel'!I:I,$D$4,'Liste prévisionnel'!K:K,"NON",'Liste prévisionnel'!L:L,J11)) -> 0 | J11: =E11 -> Participation aux camps, activités EEDF
A12: Facturation externe / familles | B12: =D12/C12 -> #DIV/0! | C12: =$C$5 -> 0 | D12: =SUMIFS('Liste Prévisionnels'!D:D,'Liste Prévisionnels'!F:F,$E12,'Liste Prévisionnels'!G:G,$D$4) -> 0 | E12: Participation aux camps, activités | F12: =A12 -> Facturation externe / familles | G12: =I12/H12 -> #DIV/0! | H12: =$E$5 -> 0 | I12: =IF(SUMIFS('Liste prévisionnel'!E:E,'Liste prévisionnel'!I:I,$D$4,'Liste prévisionnel'!K:K,"NON",'Liste prévisionnel'!L:L,J12)<0,-SUMIFS('Liste prévisionnel'!E:E,'Liste prévisionnel'!I:I,$D$4,'Liste prévisionnel'!K:K,"NON",'Liste prévisionnel'!L:L,J12),SUMIFS('Liste prévisionnel'!E:E,'Liste prévisionnel'!I:I,$D$4,'Liste prévisionnel'!K:K,"NON",'Liste prévisionnel'!L:L,J12)) -> 0 | J12: =E12 -> Participation aux camps, activités | K12: =IF(D12=0,0,I12/D12) -> 0
A13: Cotisation | B13: =D13/C13 -> #DIV/0! | C13: =$C$5 -> 0 | D13: =SUMIFS('Liste Prévisionnels'!D:D,'Liste Prévisionnels'!F:F,$E13,'Liste Prévisionnels'!G:G,$D$4) -> 0 | E13: Cotisations des adhérents | F13: =A13 -> Cotisation | G13: =I13/H13 -> #DIV/0! | H13: =$E$5 -> 0 | I13: =IF(SUMIFS('Liste prévisionnel'!E:E,'Liste prévisionnel'!I:I,$D$4,'Liste prévisionnel'!K:K,"NON",'Liste prévisionnel'!L:L,J13)<0,-SUMIFS('Liste prévisionnel'!E:E,'Liste prévisionnel'!I:I,$D$4,'Liste prévisionnel'!K:K,"NON",'Liste prévisionnel'!L:L,J13),SUMIFS('Liste prévisionnel'!E:E,'Liste prévisionnel'!I:I,$D$4,'Liste prévisionnel'!K:K,"NON",'Liste prévisionnel'!L:L,J13)) -> 0 | J13: =E13 -> Cotisations des adhérents
A14: Autres produits EEDF | B14: =D14/C14 -> #DIV/0! | C14: =$C$5 -> 0 | D14: =SUMIFS('Liste Prévisionnels'!D:D,'Liste Prévisionnels'!F:F,$E14,'Liste Prévisionnels'!G:G,$D$4) -> 0 | E14: Produits activités annexes EEDF | F14: =A14 -> Autres produits EEDF | G14: =I14/H14 -> #DIV/0! | H14: =$E$5 -> 0 | I14: =IF(SUMIFS('Liste prévisionnel'!E:E,'Liste prévisionnel'!I:I,$D$4,'Liste prévisionnel'!K:K,"NON",'Liste prévisionnel'!L:L,J14)<0,-SUMIFS('Liste prévisionnel'!E:E,'Liste prévisionnel'!I:I,$D$4,'Liste prévisionnel'!K:K,"NON",'Liste prévisionnel'!L:L,J14),SUMIFS('Liste prévisionnel'!E:E,'Liste prévisionnel'!I:I,$D$4,'Liste prévisionnel'!K:K,"NON",'Liste prévisionnel'!L:L,J14)) -> 0 | J14: =E14 -> Produits activités annexes EEDF
A15: Autres produits | B15: =D15/C15 -> #DIV/0! | C15: =$C$5 -> 0 | D15: =SUMIFS('Liste Prévisionnels'!D:D,'Liste Prévisionnels'!F:F,$E15,'Liste Prévisionnels'!G:G,$D$4) -> 0 | E15: Produits activités annexes | F15: =A15 -> Autres produits | G15: =I15/H15 -> #DIV/0! | H15: =$E$5 -> 0 | I15: =IF(SUMIFS('Liste prévisionnel'!E:E,'Liste prévisionnel'!I:I,$D$4,'Liste prévisionnel'!K:K,"NON",'Liste prévisionnel'!L:L,J15)<0,-SUMIFS('Liste prévisionnel'!E:E,'Liste prévisionnel'!I:I,$D$4,'Liste prévisionnel'!K:K,"NON",'Liste prévisionnel'!L:L,J15),SUMIFS('Liste prévisionnel'!E:E,'Liste prévisionnel'!I:I,$D$4,'Liste prévisionnel'!K:K,"NON",'Liste prévisionnel'!L:L,J15)) -> 0 | J15: =E15 -> Produits activités annexes
F16: =A16 -> 0 | G16: =I16/H16 -> #DIV/0! | H16: =$E$5 -> 0 | I16: =IF(SUMIFS('Liste prévisionnel'!E:E,'Liste prévisionnel'!I:I,$D$4,'Liste prévisionnel'!K:K,"NON",'Liste prévisionnel'!L:L,J16)<0,-SUMIFS('Liste prévisionnel'!E:E,'Liste prévisionnel'!I:I,$D$4,'Liste prévisionnel'!K:K,"NON",'Liste prévisionnel'!L:L,J16),SUMIFS('Liste prévisionnel'!E:E,'Liste prévisionnel'!I:I,$D$4,'Liste prévisionnel'!K:K,"NON",'Liste prévisionnel'!L:L,J16)) -> 0 | J16: =E16 -> 0
A17: Subvention | F17: =A17 -> Subvention | G17: =I17/H17 -> #DIV/0! | H17: =$E$5 -> 0 | I17: =IF(SUMIFS('Liste prévisionnel'!E:E,'Liste prévisionnel'!I:I,$D$4,'Liste prévisionnel'!K:K,"NON",'Liste prévisionnel'!L:L,J17)<0,-SUMIFS('Liste prévisionnel'!E:E,'Liste prévisionnel'!I:I,$D$4,'Liste prévisionnel'!K:K,"NON",'Liste prévisionnel'!L:L,J17),SUMIFS('Liste prévisionnel'!E:E,'Liste prévisionnel'!I:I,$D$4,'Liste prévisionnel'!K:K,"NON",'Liste prévisionnel'!L:L,J17)) -> 0 | J17: =E17 -> 0
A18: Communales | B18: =D18/C18 -> #DIV/0! | C18: =$C$5 -> 0 | D18: =SUMIFS('Liste Prévisionnels'!D:D,'Liste Prévisionnels'!F:F,$E18,'Liste Prévisionnels'!G:G,$D$4) -> 0 | E18: Subventions communales | F18: =A18 -> Communales | G18: =I18/H18 -> #DIV/0! | H18: =$E$5 -> 0 | I18: =IF(SUMIFS('Liste prévisionnel'!E:E,'Liste prévisionnel'!I:I,$D$4,'Liste prévisionnel'!K:K,"NON",'Liste prévisionnel'!L:L,J18)<0,-SUMIFS('Liste prévisionnel'!E:E,'Liste prévisionnel'!I:I,$D$4,'Liste prévisionnel'!K:K,"NON",'Liste prévisionnel'!L:L,J18),SUMIFS('Liste prévisionnel'!E:E,'Liste prévisionnel'!I:I,$D$4,'Liste prévisionnel'!K:K,"NON",'Liste prévisionnel'!L:L,J18)) -> 0 | J18: =E18 -> Subventions communales
A19: Nationales | B19: =D19/C19 -> #DIV/0! | C19: =$C$5 -> 0 | D19: =SUMIFS('Liste Prévisionnels'!D:D,'Liste Prévisionnels'!F:F,$E19,'Liste Prévisionnels'!G:G,$D$4) -> 0 | E19: Subventions Nationales | F19: =A19 -> Nationales | G19: =I19/H19 -> #DIV/0! | H19: =$E$5 -> 0 | I19: =IF(SUMIFS('Liste prévisionnel'!E:E,'Liste prévisionnel'!I:I,$D$4,'Liste prévisionnel'!K:K,"NON",'Liste prévisionnel'!L:L,J19)<0,-SUMIFS('Liste prévisionnel'!E:E,'Liste prévisionnel'!I:I,$D$4,'Liste prévisionnel'!K:K,"NON",'Liste prévisionnel'!L:L,J19),SUMIFS('Liste prévisionnel'!E:E,'Liste prévisionnel'!I:I,$D$4,'Liste prévisionnel'!K:K,"NON",'Liste prévisionnel'!L:L,J19)) -> 0 | J19: =E19 -> Subventions Nationales
F20: =A20 -> 0 | G20: =I20/H20 -> #DIV/0! | H20: =$E$5 -> 0 | I20: =IF(SUMIFS('Liste prévisionnel'!E:E,'Liste prévisionnel'!I:I,$D$4,'Liste prévisionnel'!K:K,"NON",'Liste prévisionnel'!L:L,J20)<0,-SUMIFS('Liste prévisionnel'!E:E,'Liste prévisionnel'!I:I,$D$4,'Liste prévisionnel'!K:K,"NON",'Liste prévisionnel'!L:L,J20),SUMIFS('Liste prévisionnel'!E:E,'Liste prévisionnel'!I:I,$D$4,'Liste prévisionnel'!K:K,"NON",'Liste prévisionnel'!L:L,J20)) -> 0 | J20: =E20 -> 0
A21: Autres | F21: =A21 -> Autres | G21: =I21/H21 -> #DIV/0! | H21: =$E$5 -> 0 | I21: =IF(SUMIFS('Liste prévisionnel'!E:E,'Liste prévisionnel'!I:I,$D$4,'Liste prévisionnel'!K:K,"NON",'Liste prévisionnel'!L:L,J21)<0,-SUMIFS('Liste prévisionnel'!E:E,'Liste prévisionnel'!I:I,$D$4,'Liste prévisionnel'!K:K,"NON",'Liste prévisionnel'!L:L,J21),SUMIFS('Liste prévisionnel'!E:E,'Liste prévisionnel'!I:I,$D$4,'Liste prévisionnel'!K:K,"NON",'Liste prévisionnel'!L:L,J21)) -> 0 | J21: =E21 -> 0
A22: Transferts de charges | B22: =D22/C22 -> #DIV/0! | C22: =$C$5 -> 0 | D22: =SUMIFS('Liste Prévisionnels'!D:D,'Liste Prévisionnels'!F:F,$E22,'Liste Prévisionnels'!G:G,$D$4) -> 0 | E22: Transfert de charges d'exploitation | F22: =A22 -> Transferts de charges | G22: =I22/H22 -> #DIV/0! | H22: =$E$5 -> 0 | I22: =IF(SUMIFS('Liste prévisionnel'!E:E,'Liste prévisionnel'!I:I,$D$4,'Liste prévisionnel'!K:K,"NON",'Liste prévisionnel'!L:L,J22)<0,-SUMIFS('Liste prévisionnel'!E:E,'Liste prévisionnel'!I:I,$D$4,'Liste prévisionnel'!K:K,"NON",'Liste prévisionnel'!L:L,J22),SUMIFS('Liste prévisionnel'!E:E,'Liste prévisionnel'!I:I,$D$4,'Liste prévisionnel'!K:K,"NON",'Liste prévisionnel'!L:L,J22)) -> 0 | J22: =E22 -> Transfert de charges d'exploitation
C24: TOTAL | D24: =SUM(D10:D23) -> 0 | H24: TOTAL | I24: =SUM(I10:I23) -> 0
A25: Notes sur les produits :
A26: =VLOOKUP($D$4,'Listes détails'!A:M,5,0) -> 0
A29: Charges : | B29: Prix unitaire : | C29: Nombre | D29: Total | F29: =A29 -> Charges : | G29: Prix unitaire : | H29: Nombre | I29: Total
A30: Dépenses générales | F30: Dépenses générales
A31: Alimentation | B31: =IF(D31=0,0,D31/C31) -> 0 | C31: =IF(D31=0,"",$C$5) | D31: =-SUMIFS('Liste Prévisionnels'!D:D,'Liste Prévisionnels'!F:F,$E31,'Liste Prévisionnels'!G:G,$D$4) -> 0 | E31: Achats denrées alimentaires | F31: Alimentation | G31: =IF(I31=0,0,I31/H31) -> 0 | H31: =IF(I31=0,"",$E$5) | I31: =IF(SUMIFS('Liste prévisionnel'!E:E,'Liste prévisionnel'!I:I,$D$4,'Liste prévisionnel'!K:K,"NON",'Liste prévisionnel'!L:L,J31)<0,-SUMIFS('Liste prévisionnel'!E:E,'Liste prévisionnel'!I:I,$D$4,'Liste prévisionnel'!K:K,"NON",'Liste prévisionnel'!L:L,J31),SUMIFS('Liste prévisionnel'!E:E,'Liste prévisionnel'!I:I,$D$4,'Liste prévisionnel'!K:K,"NON",'Liste prévisionnel'!L:L,J31)) -> 0 | J31: =E31 -> Achats denrées alimentaires | K31: =IF(D31=0,0,I31/D31) -> 0
A32: Entretien | B32: =IF(D32=0,0,D32/C32) -> 0 | C32: =IF(D32=0,"",$C$5) | D32: =-SUMIFS('Liste Prévisionnels'!D:D,'Liste Prévisionnels'!F:F,$E32,'Liste Prévisionnels'!G:G,$D$4) -> 0 | E32: Entretien et réparations | F32: Entretien | G32: =IF(I32=0,0,I32/H32) -> 0 | H32: =IF(I32=0,"",$E$5) | I32: =IF(SUMIFS('Liste prévisionnel'!E:E,'Liste prévisionnel'!I:I,$D$4,'Liste prévisionnel'!K:K,"NON",'Liste prévisionnel'!L:L,J32)<0,-SUMIFS('Liste prévisionnel'!E:E,'Liste prévisionnel'!I:I,$D$4,'Liste prévisionnel'!K:K,"NON",'Liste prévisionnel'!L:L,J32),SUMIFS('Liste prévisionnel'!E:E,'Liste prévisionnel'!I:I,$D$4,'Liste prévisionnel'!K:K,"NON",'Liste prévisionnel'!L:L,J32)) -> 0 | J32: Entretien et réparations | K32: =IF(D32=0,0,I32/D32) -> 0
A33: Péda | B33: =IF(D33=0,0,D33/C33) -> 0 | C33: =IF(D33=0,"",$C$5) | D33: =-SUMIFS('Liste Prévisionnels'!D:D,'Liste Prévisionnels'!F:F,$E33,'Liste Prévisionnels'!G:G,$D$4) -> 0 | E33: Fournitures éducatives et pédagogiques | F33: Péda | G33: =IF(I33=0,0,I33/H33) -> 0 | H33: =IF(I33=0,"",$E$5) | I33: =IF(SUMIFS('Liste prévisionnel'!E:E,'Liste prévisionnel'!I:I,$D$4,'Liste prévisionnel'!K:K,"NON",'Liste prévisionnel'!L:L,J33)<0,-SUMIFS('Liste prévisionnel'!E:E,'Liste prévisionnel'!I:I,$D$4,'Liste prévisionnel'!K:K,"NON",'Liste prévisionnel'!L:L,J33),SUMIFS('Liste prévisionnel'!E:E,'Liste prévisionnel'!I:I,$D$4,'Liste prévisionnel'!K:K,"NON",'Liste prévisionnel'!L:L,J33)) -> 0 | J33: Fournitures éducatives et pédagogiques | K33: =IF(D33=0,0,I33/D33) -> 0
A34: Divers | B34: =IF(D34=0,0,D34/C34) -> 0 | C34: =IF(D34=0,"",$C$5) | D34: =-SUMIFS('Liste Prévisionnels'!D:D,'Liste Prévisionnels'!F:F,$E34,'Liste Prévisionnels'!G:G,$D$4) -> 0 | E34: Petites fournitures et petit matériel | F34: Divers | G34: =IF(I34=0,0,I34/H34) -> 0 | H34: =IF(I34=0,"",$E$5) | I34: =IF(SUMIFS('Liste prévisionnel'!E:E,'Liste prévisionnel'!I:I,$D$4,'Liste prévisionnel'!K:K,"NON",'Liste prévisionnel'!L:L,J34)<0,-SUMIFS('Liste prévisionnel'!E:E,'Liste prévisionnel'!I:I,$D$4,'Liste prévisionnel'!K:K,"NON",'Liste prévisionnel'!L:L,J34),SUMIFS('Liste prévisionnel'!E:E,'Liste prévisionnel'!I:I,$D$4,'Liste prévisionnel'!K:K,"NON",'Liste prévisionnel'!L:L,J34)) -> 0 | J34: Petites fournitures et petit matériel | K34: =IF(D34=0,0,I34/D34) -> 0
A35: Carburant | B35: =IF(D35=0,0,D35/C35) -> 0 | C35: =IF(D35=0,"",$C$5) | D35: =-SUMIFS('Liste Prévisionnels'!D:D,'Liste Prévisionnels'!F:F,$E35,'Liste Prévisionnels'!G:G,$D$4) -> 0 | E35: Carburants | F35: Carburant | G35: =IF(I35=0,0,I35/H35) -> 0 | H35: =IF(I35=0,"",$E$5) | I35: =IF(SUMIFS('Liste prévisionnel'!E:E,'Liste prévisionnel'!I:I,$D$4,'Liste prévisionnel'!K:K,"NON",'Liste prévisionnel'!L:L,J35)<0,-SUMIFS('Liste prévisionnel'!E:E,'Liste prévisionnel'!I:I,$D$4,'Liste prévisionnel'!K:K,"NON",'Liste prévisionnel'!L:L,J35),SUMIFS('Liste prévisionnel'!E:E,'Liste prévisionnel'!I:I,$D$4,'Liste prévisionnel'!K:K,"NON",'Liste prévisionnel'!L:L,J35)) -> 0 | J35: Carburants | K35: =IF(D35=0,0,I35/D35) -> 0
A37: Dépenses organisationnelles | F37: Dépenses organisationnelles
A38: Déplacement | B38: =IF(D38=0,0,D38/C38) -> 0 | C38: =IF(D38=0,"",$C$5) | D38: =-SUMIFS('Liste Prévisionnels'!D:D,'Liste Prévisionnels'!F:F,$E38,'Liste Prévisionnels'!G:G,$D$4) -> 0 | E38: Trpt et déplac;, missions, réceptions | F38: Déplacement | G38: =IF(I38=0,0,I38/H38) -> 0 | H38: =IF(I38=0,"",$E$5) | I38: =IF(SUMIFS('Liste prévisionnel'!E:E,'Liste prévisionnel'!I:I,$D$4,'Liste prévisionnel'!K:K,"NON",'Liste prévisionnel'!L:L,J38)<0,-SUMIFS('Liste prévisionnel'!E:E,'Liste prévisionnel'!I:I,$D$4,'Liste prévisionnel'!K:K,"NON",'Liste prévisionnel'!L:L,J38),SUMIFS('Liste prévisionnel'!E:E,'Liste prévisionnel'!I:I,$D$4,'Liste prévisionnel'!K:K,"NON",'Liste prévisionnel'!L:L,J38)) -> 0 | J38: Trpt et déplac;, missions, réceptions | K38: =IF(D38=0,0,I38/D38) -> 0
A39: Transport | B39: =IF(D39=0,0,D39/C39) -> 0 | C39: =IF(D39=0,"",$C$5) | D39: =-SUMIFS('Liste Prévisionnels'!D:D,'Liste Prévisionnels'!F:F,$E39,'Liste Prévisionnels'!G:G,$D$4) -> 0 | E39: Transport des participants | F39: Transport | G39: =IF(I39=0,0,I39/H39) -> 0 | H39: =IF(I39=0,"",$E$5) | I39: =IF(SUMIFS('Liste prévisionnel'!E:E,'Liste prévisionnel'!I:I,$D$4,'Liste prévisionnel'!K:K,"NON",'Liste prévisionnel'!L:L,J39)<0,-SUMIFS('Liste prévisionnel'!E:E,'Liste prévisionnel'!I:I,$D$4,'Liste prévisionnel'!K:K,"NON",'Liste prévisionnel'!L:L,J39),SUMIFS('Liste prévisionnel'!E:E,'Liste prévisionnel'!I:I,$D$4,'Liste prévisionnel'!K:K,"NON",'Liste prévisionnel'!L:L,J39)) -> 0 | J39: Transport des participants | K39: =IF(D39=0,0,I39/D39) -> 0
A40: Hébergement | B40: =IF(D40=0,0,D40/C40) -> 0 | C40: =IF(D40=0,"",$C$5) | D40: =-SUMIFS('Liste Prévisionnels'!D:D,'Liste Prévisionnels'!F:F,$E40,'Liste Prévisionnels'!G:G,$D$4) -> 0 | E40: Locations terrains et centres EEDF | F40: Hébergement | G40: =IF(I40=0,0,I40/H40) -> 0 | H40: =IF(I40=0,"",$E$5) | I40: =IF(SUMIFS('Liste prévisionnel'!E:E,'Liste prévisionnel'!I:I,$D$4,'Liste prévisionnel'!K:K,"NON",'Liste prévisionnel'!L:L,J40)<0,-SUMIFS('Liste prévisionnel'!E:E,'Liste prévisionnel'!I:I,$D$4,'Liste prévisionnel'!K:K,"NON",'Liste prévisionnel'!L:L,J40),SUMIFS('Liste prévisionnel'!E:E,'Liste prévisionnel'!I:I,$D$4,'Liste prévisionnel'!K:K,"NON",'Liste prévisionnel'!L:L,J40)) -> 0 | J40: Locations terrains et centres EEDF | K40: =IF(D40=0,0,I40/D40) -> 0
A42: Frais généraux | F42: Frais généraux
A43: Loyers | B43: =IF(D43=0,0,D43/C43) -> 0 | C43: =IF(D43=0,"",$C$5) | D43: =-SUMIFS('Liste Prévisionnels'!D:D,'Liste Prévisionnels'!F:F,$E43,'Liste Prévisionnels'!G:G,$D$4) -> 0 | E43: Locations immobilières | F43: Loyers | G43: =IF(I43=0,0,I43/H43) -> 0 | H43: =IF(I43=0,"",$E$5) | I43: =IF(SUMIFS('Liste prévisionnel'!E:E,'Liste prévisionnel'!I:I,$D$4,'Liste prévisionnel'!K:K,"NON",'Liste prévisionnel'!L:L,J43)<0,-SUMIFS('Liste prévisionnel'!E:E,'Liste prévisionnel'!I:I,$D$4,'Liste prévisionnel'!K:K,"NON",'Liste prévisionnel'!L:L,J43),SUMIFS('Liste prévisionnel'!E:E,'Liste prévisionnel'!I:I,$D$4,'Liste prévisionnel'!K:K,"NON",'Liste prévisionnel'!L:L,J43)) -> 0 | J43: Locations immobilières | K43: =IF(D43=0,0,I43/D43) -> 0
A44: Frais bancaires | B44: =IF(D44=0,0,D44/C44) -> 0 | C44: =IF(D44=0,"",$C$5) | D44: =-SUMIFS('Liste Prévisionnels'!D:D,'Liste Prévisionnels'!F:F,$E44,'Liste Prévisionnels'!G:G,$D$4) -> 0 | E44: Services bancaires | F44: Frais bancaires | G44: =IF(I44=0,0,I44/H44) -> 0 | H44: =IF(I44=0,"",$E$5) | I44: =IF(SUMIFS('Liste prévisionnel'!E:E,'Liste prévisionnel'!I:I,$D$4,'Liste prévisionnel'!K:K,"NON",'Liste prévisionnel'!L:L,J44)<0,-SUMIFS('Liste prévisionnel'!E:E,'Liste prévisionnel'!I:I,$D$4,'Liste prévisionnel'!K:K,"NON",'Liste prévisionnel'!L:L,J44),SUMIFS('Liste prévisionnel'!E:E,'Liste prévisionnel'!I:I,$D$4,'Liste prévisionnel'!K:K,"NON",'Liste prévisionnel'!L:L,J44)) -> 0 | J44: Services bancaires | K44: =IF(D44=0,0,I44/D44) -> 0
A45: Frais postaux et tel. | B45: =IF(D45=0,0,D45/C45) -> 0 | C45: =IF(D45=0,"",$C$5) | D45: =-SUMIFS('Liste Prévisionnels'!D:D,'Liste Prévisionnels'!F:F,$E45,'Liste Prévisionnels'!G:G,$D$4) -> 0 | E45: Affranchissement, téléphone et internet | F45: Frais postaux et tel. | G45: =IF(I45=0,0,I45/H45) -> 0 | H45: =IF(I45=0,"",$E$5) | I45: =IF(SUMIFS('Liste prévisionnel'!E:E,'Liste prévisionnel'!I:I,$D$4,'Liste prévisionnel'!K:K,"NON",'Liste prévisionnel'!L:L,J45)<0,-SUMIFS('Liste prévisionnel'!E:E,'Liste prévisionnel'!I:I,$D$4,'Liste prévisionnel'!K:K,"NON",'Liste prévisionnel'!L:L,J45),SUMIFS('Liste prévisionnel'!E:E,'Liste prévisionnel'!I:I,$D$4,'Liste prévisionnel'!K:K,"NON",'Liste prévisionnel'!L:L,J45)) -> 0 | J45: Affranchissement, téléphone et internet | K45: =IF(D45=0,0,I45/D45) -> 0
A46: Cotisations | B46: =IF(D46=0,0,D46/C46) -> 0 | C46: =IF(D46=0,"",$C$5) | D46: =-SUMIFS('Liste Prévisionnels'!D:D,'Liste Prévisionnels'!F:F,$E46,'Liste Prévisionnels'!G:G,$D$4) -> 0 | E46: Cotisations payées au siège | F46: Cotisations | G46: =IF(I46=0,0,I46/H46) -> 0 | H46: =IF(I46=0,"",$E$5) | I46: =IF(SUMIFS('Liste prévisionnel'!E:E,'Liste prévisionnel'!I:I,$D$4,'Liste prévisionnel'!K:K,"NON",'Liste prévisionnel'!L:L,J46)<0,-SUMIFS('Liste prévisionnel'!E:E,'Liste prévisionnel'!I:I,$D$4,'Liste prévisionnel'!K:K,"NON",'Liste prévisionnel'!L:L,J46),SUMIFS('Liste prévisionnel'!E:E,'Liste prévisionnel'!I:I,$D$4,'Liste prévisionnel'!K:K,"NON",'Liste prévisionnel'!L:L,J46)) -> 0 | J46: Cotisations payées au siège | K46: =IF(D46=0,0,I46/D46) -> 0
A47: Salaires | B47: =IF(D47=0,0,D47/C47) -> 0 | C47: =IF(D47=0,"",$C$5) | D47: =-SUMIFS('Liste Prévisionnels'!D:D,'Liste Prévisionnels'!F:F,$E47,'Liste Prévisionnels'!G:G,$D$4) -> 0 | E47: Salaires bruts | F47: Salaires | G47: =IF(I47=0,0,I47/H47) -> 0 | H47: =IF(I47=0,"",$E$5) | I47: =IF(SUMIFS('Liste prévisionnel'!E:E,'Liste prévisionnel'!I:I,$D$4,'Liste prévisionnel'!K:K,"NON",'Liste prévisionnel'!L:L,J47)<0,-SUMIFS('Liste prévisionnel'!E:E,'Liste prévisionnel'!I:I,$D$4,'Liste prévisionnel'!K:K,"NON",'Liste prévisionnel'!L:L,J47),SUMIFS('Liste prévisionnel'!E:E,'Liste prévisionnel'!I:I,$D$4,'Liste prévisionnel'!K:K,"NON",'Liste prévisionnel'!L:L,J47)) -> 0 | J47: Salaires bruts | K47: =IF(D47=0,0,I47/D47) -> 0
A48: Assurance | B48: =IF(D48=0,0,D48/C48) -> 0 | C48: =IF(D48=0,"",$C$5) | D48: =-SUMIFS('Liste Prévisionnels'!D:D,'Liste Prévisionnels'!F:F,$E48,'Liste Prévisionnels'!G:G,$D$4) -> 0 | E48: Primes d'assurance | F48: Assurance | G48: =IF(I48=0,0,I48/H48) -> 0 | H48: =IF(I48=0,"",$E$5) | I48: =IF(SUMIFS('Liste prévisionnel'!E:E,'Liste prévisionnel'!I:I,$D$4,'Liste prévisionnel'!K:K,"NON",'Liste prévisionnel'!L:L,J48)<0,-SUMIFS('Liste prévisionnel'!E:E,'Liste prévisionnel'!I:I,$D$4,'Liste prévisionnel'!K:K,"NON",'Liste prévisionnel'!L:L,J48),SUMIFS('Liste prévisionnel'!E:E,'Liste prévisionnel'!I:I,$D$4,'Liste prévisionnel'!K:K,"NON",'Liste prévisionnel'!L:L,J48)) -> 0 | J48: Primes d'assurance | K48: =IF(D48=0,0,I48/D48) -> 0
A49: Bourse régionale | B49: =IF(D49=0,0,D49/C49) -> 0 | C49: =IF(D49=0,"",$C$5) | D49: =-SUMIFS('Liste Prévisionnels'!D:D,'Liste Prévisionnels'!F:F,$E49,'Liste Prévisionnels'!G:G,$D$4) -> 0 | E49: Aides versées aux structures EEDF | F49: Bourse régionale | G49: =IF(I49=0,0,I49/H49) -> 0 | H49: =IF(I49=0,"",$C$5) | I49: =IF(SUMIFS('Liste prévisionnel'!E:E,'Liste prévisionnel'!I:I,$D$4,'Liste prévisionnel'!K:K,"NON",'Liste prévisionnel'!L:L,J49)<0,-SUMIFS('Liste prévisionnel'!E:E,'Liste prévisionnel'!I:I,$D$4,'Liste prévisionnel'!K:K,"NON",'Liste prévisionnel'!L:L,J49),SUMIFS('Liste prévisionnel'!E:E,'Liste prévisionnel'!I:I,$D$4,'Liste prévisionnel'!K:K,"NON",'Liste prévisionnel'!L:L,J49)) -> 0 | J49: Aides versées aux structures EEDF | K49: =IF(D49=0,0,I49/D49) -> 0
C52: TOTAL | D52: =SUM(D31:D51) -> 0 | H52: TOTAL | I52: =SUM(I31:I51) -> 0 | J52: =I52/D52 -> #DIV/0!
C54: Résultat | D54: =D24-D52 -> 0 | H54: Résultat | I54: =I24-I52 -> 0
C55: Prévisionnel | H55: Réel
A57: Commentaire :

Sheet Assurance
A1: Impyé | B1: 7.1 | E1: PERM
A2: rectif | B2: 352.2 | E2: PERM
A3: cotisation | B3: 1580.21 | C3: Bon pasteur | D3: =864.93-178.54-6.69 -> 679.7 | E3: PERM
C4: Camion | D4: 695.65 | E4: CAMION | I4: CAMION | J4: =D4 -> 695.65
C5: Cotisation diverse | D5: =7.83+11.8 -> 19.63 | E5: PERM | I5: PERM | J5: =D5-B2+B1+D3 -> 354.23
C6: Guebwiller | D6: =178.54+6.69 -> 185.23 | E6: GUEBWILLER | I6: GUEBWILLER | J6: =D6 -> 185.23
C7: TOTAL | D7: =SUM(D3:D6) -> 1580.21
B8: -1235.11

Sheet MS AD
A3: Étiquettes de lignes | B3: Nombre de Numéro | D3: Étiquettes de lignes | E3: Août | F3: Novembre | G3: Delta
A4: FREYMING MERLEBACH-St F. d' A | B4: 40 | D4: FREYMING MERLEBACH-St F. d' A | E4: 40 | F4: =VLOOKUP(D4,[2]Feuil1!$D:$F,3,0) -> 21 | G4: =E4-F4 -> 19 | H4: =G4*20 -> 380
A5: GOLBEY | B5: 4 | D5: GOLBEY | E5: 4 | F5: =VLOOKUP(D5,[2]Feuil1!$D:$F,3,0) -> 1 | G5: =E5-F5 -> 3 | H5: =G5*20 -> 60
A6: GRAND NANCY | B6: 23 | D6: GRAND NANCY | E6: 23 | F6: =VLOOKUP(D6,[2]Feuil1!$D:$F,3,0) -> 10 | G6: =E6-F6 -> 13 | H6: =G6*20 -> 260
A7: GUEBWILLER - SCOUTS DU FLORIVAL | B7: 25 | D7: GUEBWILLER - SCOUTS DU FLORIVAL | E7: 25 | F7: =VLOOKUP(D7,[2]Feuil1!$D:$F,3,0) -> 24 | G7: =E7-F7 -> 1 | H7: =G7*20 -> 20
A8: JEAN MOULIN - LESSY | B8: 19 | D8: JEAN MOULIN - LESSY | E8: 19 | F8: =VLOOKUP(D8,[2]Feuil1!$D:$F,3,0) -> 15 | G8: =E8-F8 -> 4 | H8: =G8*20 -> 80
A9: METZ VISA - AVENTURES | B9: 43 | D9: METZ VISA - AVENTURES | E9: 43 | F9: =VLOOKUP(D9,[2]Feuil1!$D:$F,3,0) -> 41 | G9: =E9-F9 -> 2 | H9: =G9*20 -> 40
A10: MULHOUSE | B10: 53 | D10: MULHOUSE | E10: 53 | F10: =VLOOKUP(D10,[2]Feuil1!$D:$F,3,0) -> 44 | G10: =E10-F10 -> 9 | H10: =G10*20 -> 180
A11: PLAPPEVILLE | B11: 21 | D11: PLAPPEVILLE | E11: 21 | F11: =VLOOKUP(D11,[2]Feuil1!$D:$F,3,0) -> 13 | G11: =E11-F11 -> 8 | H11: =G11*20 -> 160
A12: SAINTE SAVINE | B12: 17 | D12: SAINTE SAVINE | E12: 17 | F12: =VLOOKUP(D12,[2]Feuil1!$D:$F,3,0) -> 12 | G12: =E12-F12 -> 5 | H12: =G12*20 -> 100
A13: ST JEAN DE BONNEVAL | B13: 11 | D13: ST JEAN DE BONNEVAL | E13: 11 | F13: =VLOOKUP(D13,[2]Feuil1!$D:$F,3,0) -> 8 | G13: =E13-F13 -> 3 | H13: =G13*20 -> 60
A14: STRASBOURG | B14: 53 | D14: STRASBOURG | E14: 53 | F14: =VLOOKUP(D14,[2]Feuil1!$D:$F,3,0) -> 36 | G14: =E14-F14 -> 17 | H14: =G14*20 -> 340
A15: TROYES - CASATI | B15: 34 | D15: TROYES - CASATI | E15: 34 | F15: =VLOOKUP(D15,[2]Feuil1!$D:$F,3,0) -> 24 | G15: =E15-F15 -> 10 | H15: =G15*20 -> 200
A16: VIGY | B16: 41 | D16: VIGY | E16: 41 | F16: =VLOOKUP(D16,[2]Feuil1!$D:$F,3,0) -> 33 | G16: =E16-F16 -> 8 | H16: =G16*20 -> 160
A17: (vide) | D17: (vide)
A18: Total général | B18: 384 | D18: Total général | E18: 384 | F18: =VLOOKUP(D18,[2]Feuil1!$D:$F,3,0) -> 282 | G18: =SUM(G4:G16) -> 102 | H18: =G18*20 -> 2040

Sheet BP ROLDIR
A1: BUDGET PREVISIONNEL
A2: Sous réserves d'erreurs: merci de les signaler si nécessaire
A3: Intitulé de séjour | C3: RIR | G3: Encadrants | J3: Enfants & Jeunes
A4: Organisateur | C4: ER | G4: Directeur | I4: 1 | J4: Enfants | K4: 175
A5: Directeur | G5: Formateur
A6: Prix de séjour | C6: 65 | G6: Cuisinier
A7: Date début
A8: Date fin | J8: TOTAL | K8: =SUM(K4:K7) -> 175
A9: Nbr de jours | C9: 3 | I9: 54
A10: Nbr de part. | C10: =K8 -> 175 | G10: TOTAL | I10: =SUM(I4:I9) -> 55 | J10: Journées
A12: PREVISIONNEL | G12: Réel
C13: Nbr J | D13: Nbr P | E13: Prix | F13: Total | G13: Nbr J | H13: Nbr P | I13: Prix | J13: Total
A14: A GERER PAR LE DIRECTEUR
A15: Alimentation | B15: Achats denrées alimentaires | C15: 2 | D15: =C10+I10 -> 230 | E15: 8 | F15: =C15*D15*E15 -> 3680 | G15: =$C$9 -> 3
A16: Entretien | B16: Petites fournitures et petit matériel | F16: =C16*D16*E16 -> 0 | G16: =$C$9 -> 3
A17: Matériel éducatif | B17: Fournitures éducatives et pédagogiques | C17: =$C$9 -> 3 | D17: =$C$10+$I$10 -> 230 | F17: 200 | G17: =$C$9 -> 3
A18: Matériel général | B18: Petites fournitures et petit matériel | C18: =$C$9 -> 3 | D18: =$C$10+$I$10 -> 230 | F18: =C18*D18*E18 -> 0 | G18: =$C$9 -> 3
A19: Déplacement | B19: Carburants | C19: =$C$9 -> 3 | D19: =$C$10+$I$10 -> 230 | F19: =C19*D19*E19 -> 0 | G19: =$C$9 -> 3
A20: Activités éducatives | B20: Prestations éducatives | C20: 8 | D20: =C10 -> 175 | F20: =C20*D20*E20 -> 0 | G20: =$C$9 -> 3
A21: Pharmacie | B21: Produits pharmaceutiques | C21: =C9 -> 3 | D21: =C10+I10 -> 230 | F21: =C21*D21*E21 -> 0 | G21: =$C$9 -> 3
A22: TOTAL | F22: =SUM(F15:F21) -> 3880
A23: A GERER PAR L'ORGANISATEUR
A24: C H A R G E S P R O P R E S A U S E J O U R
A25: Batiment | C25: =$C$9 -> 3 | D25: 1 | F25: 100 | G25: =$C$9 -> 3
A26: Transport | F26: 8700 | G26: =$C$9 -> 3
G27: =$C$9 -> 3
G28: =$C$9 -> 3
G29: =$C$9 -> 3
A30: TOTAL | F30: =F25+F26 -> 8800
A31: TOTAL CHARGES PROPRES AU SEJOUR | F31: =+F30+F22 -> 12680
A32: C H A R G E S A R E P A R T I R
D33: =K4 -> 175 | F33: =D33*E33 -> 0
A34: Fonction EEDF | C34: =C9 -> 3 | D34: =C10 -> 175 | F34: =K5*0.07*C6 -> 0
A35: TOTAL CHARGES A REPARTIR | F35: =SUM(F33:F34) -> 0
F36: PREVISIONNELL
A37: TOTAL DES CHARGES | F37: =F35+F31 -> 12680
A38: TOTAL DES PRODUITS | F38: =C6*K8 -> 11375
A39: RESULTAT | F39: =F38-F37 -> -1305
A40: SUBVENTION | F40: 0
A41: TOTAL | F41: =SUM(F39:F39) -> -1305

Sheet BP Séjour ouvert 1S
A1: BUDGET PREVISIONNEL
A2: Sous réserves d'erreurs: merci de les signaler si nécessaire
A3: Intitulé de séjour | C3: Séjour été 1 s | G3: Encadrants | J3: Enfants & Jeunes
A4: Organisateur | G4: Directeur | I4: 1 | J4: Lutins | K4: 10
A5: Directeur | G5: Adjoint | J5: Louveteaux | K5: 10
A6: Prix de séjour | C6: 320 | G6: Cuisinier | I6: 1 | J6: Eclés | K6: 10
A7: Date début | G7: Assistant sanitaire | J7: Aînés
A8: Date fin | G8: Anim. tech | J8: TOTAL | K8: =SUM(K4:K7) -> 30
A9: Nbr de jours | C9: 6 | G9: Animateur | I9: 5
A10: Nbr de part. | C10: =K8 -> 30 | G10: TOTAL | I10: =SUM(I4:I9) -> 7 | J10: Journées
A12: PREVISIONNEL | G12: Réel
C13: Nbr J | D13: Nbr P | E13: Prix | F13: Total | G13: Nbr J | H13: Nbr P | I13: Prix | J13: Total
A14: A GERER PAR LE DIRECTEUR
A15: Alimentation | B15: Achats denrées alimentaires | C15: =C9 -> 6 | D15: =C10+I10 -> 37 | E15: 7 | F15: =C15*D15*E15 -> 1554 | G15: =$C$9 -> 6
A16: Entretien | B16: Petites fournitures et petit matériel | C16: =$C$9 -> 6 | D16: =$C$10+$I$10 -> 37 | E16: 0.2 | F16: 50 | G16: =$C$9 -> 6
A17: Matériel éducatif | B17: Fournitures éducatives et pédagogiques | C17: =$C$9 -> 6 | D17: =$C$10+$I$10 -> 37 | E17: 1 | F17: =C17*D17*E17 -> 222 | G17: =$C$9 -> 6
A18: Matériel général | B18: Petites fournitures et petit matériel | C18: =$C$9 -> 6 | D18: =$C$10+$I$10 -> 37 | E18: 1 | F18: =C18*D18*E18 -> 222 | G18: =$C$9 -> 6
A19: Déplacement | B19: Carburants | C19: =$C$9 -> 6 | D19: =$C$10+$I$10 -> 37 | F19: 100 | G19: =$C$9 -> 6
A20: Activités éducatives | B20: Prestations éducatives | C20: 8 | D20: =C10 -> 30 | F20: =C20*D20*E20 -> 0 | G20: =$C$9 -> 6
A21: Pharmacie | B21: Produits pharmaceutiques | C21: =C9 -> 6 | D21: =C10+I10 -> 37 | F21: 50 | G21: =$C$9 -> 6
A22: TOTAL | F22: =SUM(F15:F21) -> 2198
A23: A GERER PAR L'ORGANISATEUR
A24: C H A R G E S P R O P R E S A U S E J O U R
A25: Hébergement | C25: =$C$9 -> 6 | D25: 1 | E25: 200 | F25: =C25*D25*E25 -> 1200 | G25: =$C$9 -> 6
C26: =$C$9 -> 6 | D26: 1 | F26: =C26*D26*E26 -> 0 | G26: =$C$9 -> 6
F27: =C27*D27*E27 -> 0 | G27: =$C$9 -> 6
C28: =$C$9 -> 6 | D28: =$C$10+$I$10 -> 37 | F28: =C28*D28*E28 -> 0 | G28: =$C$9 -> 6
C29: =$C$9 -> 6 | D29: =$C$10+$I$10 -> 37 | F29: =C29*D29*E29 -> 0 | G29: =$C$9 -> 6
A30: HEBERGEMENT
A31: Loyer Varia | C31: =+C9 -> 6 | D31: =+C10+I10 -> 37 | F31: =C31*D31*E31 -> 0 | G31: =$C$9 -> 6
A32: Loyer Fixe | C32: =$C$9 -> 6 | D32: 1 | G32: =$C$9 -> 6
A33: Charge | C33: =C9 -> 6 | D33: =C10+I10 -> 37 | F33: =C33*D33*E33 -> 0 | G33: =$C$9 -> 6
A34: TOTAL | F34: =SUM(F31:F33) -> 0
A35: TRANSPORT
A36: Voiture | C36: =$C$9 -> 6 | D36: 1 | E36: 200 | F36: 400 | G36: =$C$9 -> 6 | H36: 31 | J36: 0
A37: Avion | C37: =$C$9 -> 6 | D37: =C14+I14 -> 0 | F37: =C37*D37*E37 -> 0 | G37: =$C$9 -> 6 | H37: 31 | J37: =G37*H37*I37 -> 0
A38: Train | C38: =$C$9 -> 6 | D38: =C15+I15 -> 6 | F38: =C38*D38*E38 -> 0 | G38: =$C$9 -> 6 | H38: 31 | J38: =G38*H38*I38 -> 0
A39: Bus | C39: =$C$9 -> 6 | D39: =C16+I16 -> 6 | F39: =C39*D39*E39 -> 0 | G39: =$C$9 -> 6 | H39: 31 | J39: =G39*H39*I39 -> 0
A40: Autre | C40: =$C$9 -> 6 | D40: =C17+I17 -> 6 | F40: =C40*D40*E40 -> 0 | G40: =G9 -> Animateur | H40: 31 | J40: =G40*H40*I40 -> #VALUE!
A41: TOTAL | F41: =SUM(F36:F40) -> 400
A42: INDEMNITES Permanents
A43: Organisateur | C43: =$C$9 -> 6 | D43: 1 | E43: 200 | F43: =C43*D43*E43 -> 1200 | J43: =G43*H43*I43 -> 0
A44: Animateur | C44: =C5+2 -> 2 | D44: =I1 -> 0 | F44: =C44*D44*E44 -> 0 | J44: =G44*H44*I44 -> 0
A45: Charges | E45: 0.4 | F45: =(F44+F43)*E45 -> 480 | I45: 0.4 | J45: =(J44+J43)*I45 -> 0
A46: INDEMNITES Saisoniers
A47: Directeur | C47: =$C$9 -> 6 | D47: 1 | E47: 50 | F47: =C47*D47*E47 -> 300 | J47: =G47*H47*I47 -> 0
A48: Adjoint | C48: =$C$9 -> 6 | D48: =I5 -> 0 | F48: =C48*D48*E48 -> 0 | J48: =G48*H48*I48 -> 0
A49: Cuisinier | C49: =$C$9 -> 6 | D49: =I6 -> 1 | F49: =C49*D49*E49 -> 0 | J49: =G49*H49*I49 -> 0
A50: Service | C50: =$C$9 -> 6 | D50: =I7 -> 0 | F50: =C50*D50*E50 -> 0 | J50: =G50*H50*I50 -> 0
A51: Animateur tech. | C51: =$C$9 -> 6 | D51: 1 | F51: =C51*D51*E51 -> 0 | J51: =M51 -> 0
A52: Animateur | C52: =$C$9 -> 6 | D52: =I9 -> 5 | E52: 40 | F52: =C52*D52*E52 -> 1200 | J52: =G52*H52*I52 -> 0
E53: TOTAL | F53: =SUM(F47:F52) -> 1500 | I53: TOTAL | J53: =SUM(J47:J52) -> 0
A54: Congés payés | E54: 0.1 | F54: =F53*E54 -> 150 | I54: =E54 -> 0.1 | J54: =J53*I54 -> 0
E55: TOTAL | F55: =SUM(F53:F54) -> 1650 | I55: TOTAL | J55: =SUM(J53:J54) -> 0
A56: Charges patronales | E56: 0.3 | F56: =E56*F55 -> 495 | I56: =E56 -> 0.3 | J56: =I56*J55 -> 0
E57: TOTAL | F57: =SUM(F55:F56) -> 2145 | I57: TOTAL | J57: =SUM(J55:J56) -> 0
A58: Autres charges | F58: =E58*I10 -> 0 | J58: =I58*M10 -> 0
A59: TOTAL | F59: =SUM(F57:F58) -> 2145 | J59: =SUM(J57:J58) -> 0
A60: TOTAL CHARGES PROPRES AU SEJOUR | F60: =F34+F41+F59+F26+F25+F27+F28+F29 -> 3745 | J60: =#REF!+#REF!+J34+J41+J59 -> #REF!
A61: C H A R G E S A R E P A R T I R
A62: COTISATIONS
A63: Adhé. Partic. | C63: 1 | D63: =C10 -> 30 | E63: 20 | F63: =C63*D63*E63 -> 600 | J63: =G63*H63*I63 -> 0
A64: Adhé. Directeur | C64: 1 | D64: =SUM(I4:I5) -> 1 | F64: =C64*D64*E64 -> 0 | J64: =G64*H64*I64 -> 0
A65: Adhé. Anim | C65: 1 | D65: =SUM(I7:I9) -> 5 | E65: 0 | F65: =C65*D65*E65 -> 0 | J65: =G65*H65*I65 -> 0
A66: TOTAL | F66: =SUM(F63:F65) -> 600 | J66: =SUM(J63:J65) -> 0
A67: Intervention | C67: =C9 -> 6 | D67: =C10 -> 30 | F67: =C67*D67*E67 -> 0 | J67: =G67*H67*I67 -> 0
A68: Prép.Formation | C68: =C9 -> 6 | D68: =C10 -> 30 | F68: =C68*D68*E68 -> 0 | J68: =G68*H68*I68 -> 0
A69: Divers | C69: =C9 -> 6 | D69: =C10 -> 30 | F69: =C69*D69*E69 -> 0 | J69: =G69*H69*I69 -> 0
A70: Convoyage | C70: =C9 -> 6 | D70: =C10 -> 30 | F70: =D70*E70*C70 -> 0 | J70: =H70*I70*G70 -> 0
A71: Communication | F71: 50
A72: Fonction EEDF | C72: =C9 -> 6 | D72: =C10 -> 30 | F72: =F76*0.07 -> 672 | J72: =J76*0.07 -> 672
A73: TOTAL CHARGES A REPARTIR | F73: =SUM(F66:F72) -> 1322 | J73: =SUM(J66:J72) -> 672
F74: PREVISIONNELL | J74: REEL
A75: TOTAL DES CHARGES | F75: =F73+F60+F22 -> 7265 | J75: =J73+J60+J22 -> #REF!
A76: TOTAL DES PRODUITS | F76: =C6*K8 -> 9600 | J76: =F76 -> 9600
A77: RESULTAT | F77: =F76-F75 -> 2335 | J77: =J76-J75 -> #REF!
A78: SUBVENTION | F78: 0
A79: TOTAL | F79: =SUM(F77:F77) -> 2335

Sheet BP Séjour ouvert 2S
A1: BUDGET PREVISIONNEL
A2: Sous réserves d'erreurs: merci de les signaler si nécessaire
A3: Intitulé de séjour | C3: Séjour été 1 s | G3: Encadrants | J3: Enfants & Jeunes
A4: Organisateur | G4: Directeur | I4: 1 | J4: Lutins | K4: 10
A5: Directeur | G5: Adjoint | I5: 1 | J5: Louveteaux | K5: 10
A6: Prix de séjour | C6: 530 | G6: Cuisinier | J6: Eclés | K6: 10
A7: Date début | G7: Assistant sanitaire | J7: Aînés
A8: Date fin | G8: Anim. tech | J8: TOTAL | K8: =SUM(K4:K7) -> 30
A9: Nbr de jours | C9: 14 | G9: Animateur | I9: 6
A10: Nbr de part. | C10: =K8 -> 30 | G10: TOTAL | I10: =SUM(I4:I9) -> 8 | J10: Journées
A12: PREVISIONNEL | G12: Réel
C13: Nbr J | D13: Nbr P | E13: Prix | F13: Total | G13: Nbr J | H13: Nbr P | I13: Prix | J13: Total
A14: A GERER PAR LE DIRECTEUR
A15: Alimentation | B15: Achats denrées alimentaires | C15: =C9 -> 14 | D15: =C10+I10 -> 38 | E15: 7 | F15: =C15*D15*E15 -> 3724 | G15: =$C$9 -> 14
A16: Entretien | B16: Petites fournitures et petit matériel | C16: =$C$9 -> 14 | D16: =$C$10+$I$10 -> 38 | E16: 0.2 | F16: 50 | G16: =$C$9 -> 14
A17: Matériel éducatif | B17: Fournitures éducatives et pédagogiques | C17: =$C$9 -> 14 | D17: =$C$10+$I$10 -> 38 | E17: 1 | F17: =C17*D17*E17 -> 532 | G17: =$C$9 -> 14
A18: Matériel général | B18: Petites fournitures et petit matériel | C18: =$C$9 -> 14 | D18: =$C$10+$I$10 -> 38 | E18: 1 | F18: =C18*D18*E18 -> 532 | G18: =$C$9 -> 14
A19: Déplacement | B19: Carburants | C19: =$C$9 -> 14 | D19: =$C$10+$I$10 -> 38 | F19: 200 | G19: =$C$9 -> 14
A20: Activités éducatives | B20: Prestations éducatives | C20: 8 | D20: =C10 -> 30 | F20: =C20*D20*E20 -> 0 | G20: =$C$9 -> 14
A21: Pharmacie | B21: Produits pharmaceutiques | C21: =C9 -> 14 | D21: =C10+I10 -> 38 | F21: 50 | G21: =$C$9 -> 14
A22: TOTAL | F22: =SUM(F15:F21) -> 5088
A23: A GERER PAR L'ORGANISATEUR
A24: C H A R G E S P R O P R E S A U S E J O U R
A25: Hébergement | C25: =$C$9 -> 14 | D25: 1 | F25: 2000 | G25: =$C$9 -> 14
C26: =$C$9 -> 14 | D26: 1 | F26: =C26*D26*E26 -> 0 | G26: =$C$9 -> 14
F27: =C27*D27*E27 -> 0 | G27: =$C$9 -> 14
C28: =$C$9 -> 14 | D28: =$C$10+$I$10 -> 38 | F28: =C28*D28*E28 -> 0 | G28: =$C$9 -> 14
C29: =$C$9 -> 14 | D29: =$C$10+$I$10 -> 38 | F29: =C29*D29*E29 -> 0 | G29: =$C$9 -> 14
A30: HEBERGEMENT
A31: Loyer Varia | C31: =+C9 -> 14 | D31: =+C10+I10 -> 38 | F31: =C31*D31*E31 -> 0 | G31: =$C$9 -> 14
A32: Loyer Fixe | C32: =$C$9 -> 14 | D32: 1 | G32: =$C$9 -> 14
A33: Charge | C33: =C9 -> 14 | D33: =C10+I10 -> 38 | F33: =C33*D33*E33 -> 0 | G33: =$C$9 -> 14
A34: TOTAL | F34: =SUM(F31:F33) -> 0
A35: TRANSPORT
A36: Voiture | C36: =$C$9 -> 14 | D36: 1 | E36: 200 | F36: 400 | G36: =$C$9 -> 14 | H36: 31 | J36: 0
A37: Avion | C37: =$C$9 -> 14 | D37: =C14+I14 -> 0 | F37: =C37*D37*E37 -> 0 | G37: =$C$9 -> 14 | H37: 31 | J37: =G37*H37*I37 -> 0
A38: Train | C38: =$C$9 -> 14 | D38: =C15+I15 -> 14 | F38: =C38*D38*E38 -> 0 | G38: =$C$9 -> 14 | H38: 31 | J38: =G38*H38*I38 -> 0
A39: Bus | C39: =$C$9 -> 14 | D39: =C16+I16 -> 14 | F39: =C39*D39*E39 -> 0 | G39: =$C$9 -> 14 | H39: 31 | J39: =G39*H39*I39 -> 0
A40: Autre | C40: =$C$9 -> 14 | D40: =C17+I17 -> 14 | F40: =C40*D40*E40 -> 0 | G40: =G9 -> Animateur | H40: 31 | J40: =G40*H40*I40 -> #VALUE!
A41: TOTAL | F41: =SUM(F36:F40) -> 400
A42: INDEMNITES Permanents
A43: Organisateur | C43: =$C$9 -> 14 | D43: 1 | E43: 200 | F43: =C43*D43*E43 -> 2800 | J43: =G43*H43*I43 -> 0
A44: Animateur | C44: =C5+2 -> 2 | D44: =I1 -> 0 | F44: =C44*D44*E44 -> 0 | J44: =G44*H44*I44 -> 0
A45: Charges | E45: 0.4 | F45: =(F44+F43)*E45 -> 1120 | I45: 0.4 | J45: =(J44+J43)*I45 -> 0
A46: INDEMNITES Saisoniers
A47: Directeur | C47: =$C$9 -> 14 | D47: 1 | E47: 50 | F47: =C47*D47*E47 -> 700 | J47: =G47*H47*I47 -> 0
A48: Adjoint | C48: =$C$9 -> 14 | D48: =I5 -> 1 | F48: =C48*D48*E48 -> 0 | J48: =G48*H48*I48 -> 0
A49: Cuisinier | C49: =$C$9 -> 14 | D49: =I6 -> 0 | F49: =C49*D49*E49 -> 0 | J49: =G49*H49*I49 -> 0
A50: Service | C50: =$C$9 -> 14 | D50: =I7 -> 0 | F50: =C50*D50*E50 -> 0 | J50: =G50*H50*I50 -> 0
A51: Animateur tech. | C51: =$C$9 -> 14 | D51: 1 | F51: =C51*D51*E51 -> 0 | J51: =M51 -> 0
A52: Animateur | C52: =$C$9 -> 14 | D52: =I9 -> 6 | E52: 40 | F52: =C52*D52*E52 -> 3360 | J52: =G52*H52*I52 -> 0
E53: TOTAL | F53: =SUM(F47:F52) -> 4060 | I53: TOTAL | J53: =SUM(J47:J52) -> 0
A54: Congés payés | E54: 0.1 | F54: =F53*E54 -> 406 | I54: =E54 -> 0.1 | J54: =J53*I54 -> 0
E55: TOTAL | F55: =SUM(F53:F54) -> 4466 | I55: TOTAL | J55: =SUM(J53:J54) -> 0
A56: Charges patronales | E56: 0.3 | F56: =E56*F55 -> 1339.8 | I56: =E56 -> 0.3 | J56: =I56*J55 -> 0
E57: TOTAL | F57: =SUM(F55:F56) -> 5805.8 | I57: TOTAL | J57: =SUM(J55:J56) -> 0
A58: Autres charges | F58: =E58*I10 -> 0 | J58: =I58*M10 -> 0
A59: TOTAL | F59: =SUM(F57:F58) -> 5805.8 | J59: =SUM(J57:J58) -> 0
A60: TOTAL CHARGES PROPRES AU SEJOUR | F60: =F34+F41+F59+F26+F25+F27+F28+F29 -> 8205.8 | J60: =#REF!+#REF!+J34+J41+J59 -> #REF!
A61: C H A R G E S A R E P A R T I R
A62: COTISATIONS
A63: Adhé. Partic. | C63: 1 | D63: =C10 -> 30 | E63: 20 | F63: =C63*D63*E63 -> 600 | J63: =G63*H63*I63 -> 0
A64: Adhé. Directeur | C64: 1 | D64: =SUM(I4:I5) -> 2 | F64: =C64*D64*E64 -> 0 | J64: =G64*H64*I64 -> 0
A65: Adhé. Anim | C65: 1 | D65: =SUM(I7:I9) -> 6 | E65: 0 | F65: =C65*D65*E65 -> 0 | J65: =G65*H65*I65 -> 0
A66: TOTAL | F66: =SUM(F63:F65) -> 600 | J66: =SUM(J63:J65) -> 0
A67: Intervention | C67: =C9 -> 14 | D67: =C10 -> 30 | F67: =C67*D67*E67 -> 0 | J67: =G67*H67*I67 -> 0
A68: Prép.Formation | C68: =C9 -> 14 | D68: =C10 -> 30 | F68: =C68*D68*E68 -> 0 | J68: =G68*H68*I68 -> 0
A69: Divers | C69: =C9 -> 14 | D69: =C10 -> 30 | F69: =C69*D69*E69 -> 0 | J69: =G69*H69*I69 -> 0
A70: Convoyage | C70: =C9 -> 14 | D70: =C10 -> 30 | F70: =D70*E70*C70 -> 0 | J70: =H70*I70*G70 -> 0
A71: Communication | F71: 50
A72: Fonction EEDF | C72: =C9 -> 14 | D72: =C10 -> 30 | F72: =F76*0.07 -> 1113 | J72: =J76*0.07 -> 1113
A73: TOTAL CHARGES A REPARTIR | F73: =SUM(F66:F72) -> 1763 | J73: =SUM(J66:J72) -> 1113
F74: PREVISIONNELL | J74: REEL
A75: TOTAL DES CHARGES | F75: =F73+F60+F22 -> 15056.8 | J75: =J73+J60+J22 -> #REF!
A76: TOTAL DES PRODUITS | F76: =C6*K8 -> 15900 | J76: =F76 -> 15900
A77: RESULTAT | F77: =F76-F75 -> 843.2 | J77: =J76-J75 -> #REF!
A78: SUBVENTION | F78: 0
A79: TOTAL | F79: =SUM(F77:F77) -> 843.2

Sheet OLD - BP Tremplins
A1: BUDGET PREVISIONNEL
A2: Sous réserves d'erreurs: merci de les signaler si nécessaire
A3: Intitulé de séjour | C3: BAFA Appro octobre | G3: Encadrants | J3: Enfants & Jeunes
A4: Organisateur | C4: ER | G4: Directeur | J4: Interne
A5: Directeur | C5: Célia | G5: Formateur | J5: Externe
A6: Prix de séjour | G6: Cuisinier | J6: Eclés
A7: Date début | J7: Aînés
A8: Date fin | J8: TOTAL | K8: =SUM(K4:K7) -> 0
A9: Nbr de jours | C9: 2
A10: Nbr de part. | C10: 60 | G10: TOTAL | I10: =SUM(I4:I9) -> 0 | J10: Journées
A12: AVRIL | G12: OCTOBRE
C13: Nbr J | D13: Nbr P | E13: Prix | F13: Total | G13: Nbr J | H13: Nbr P | I13: Prix | J13: Total
A14: A GERER PAR LE DIRECTEUR
A15: Alimentation | B15: Achats denrées alimentaires | C15: =C9 -> 2 | D15: =C10+I10 -> 60 | E15: 7 | F15: =C15*D15*E15 -> 840 | G15: =C15 -> 2 | H15: =D15 -> 60 | I15: 7 | J15: =G15*H15*I15 -> 840 | L15: =F15+J15 -> 1680
A16: Entretien | B16: Petites fournitures et petit matériel | F16: =C16*D16*E16 -> 0 | G16: =C16 -> 0 | H16: =D16 -> 0 | J16: =G16*H16*I16 -> 0
A17: Matériel éducatif | B17: Fournitures éducatives et pédagogiques | C17: =$C$9 -> 2 | D17: =$C$10+$I$10 -> 60 | F17: =C17*D17*E17 -> 0 | G17: =C17 -> 2 | H17: =D17 -> 60 | J17: =G17*H17*I17 -> 0
A18: Matériel général | B18: Petites fournitures et petit matériel | C18: =$C$9 -> 2 | D18: =$C$10+$I$10 -> 60 | F18: 160 | G18: =C18 -> 2 | H18: =D18 -> 60 | J18: 160 | L18: =F18+J18 -> 320
A19: Déplacement | B19: Carburants | C19: =$C$9 -> 2 | D19: =$C$10+$I$10 -> 60 | F19: =C19*D19*E19 -> 0 | G19: =C19 -> 2 | H19: =D19 -> 60 | J19: =G19*H19*I19 -> 0
A20: Activités éducatives | B20: Prestations éducatives | C20: 8 | D20: =C10 -> 60 | F20: =C20*D20*E20 -> 0 | G20: =C20 -> 8 | H20: =D20 -> 60 | J20: =G20*H20*I20 -> 0
A21: Pharmacie | B21: Produits pharmaceutiques | C21: =C9 -> 2 | D21: =C10+I10 -> 60 | F21: =C21*D21*E21 -> 0 | G21: =C21 -> 2 | H21: =D21 -> 60 | J21: =G21*H21*I21 -> 0
A22: TOTAL | F22: =SUM(F15:F21) -> 1000 | J22: =SUM(J15:J21) -> 1000
A23: A GERER PAR L'ORGANISATEUR
A24: C H A R G E S P R O P R E S A U S E J O U R
A25: Batiment | C25: =$C$9 -> 2 | D25: 1 | F25: 1000 | G25: =$C$9 -> 2 | J25: 1000 | L25: =F25+J25 -> 2000
A26: Transport des participants | F26: 1000 | G26: =$C$9 -> 2 | J26: 1000 | L26: =F26+J26 -> 2000
G27: =$C$9 -> 2
G28: =$C$9 -> 2
G29: =$C$9 -> 2
A30: TOTAL | F30: =F25+F26 -> 2000 | J30: =J25+J26 -> 2000
A31: TOTAL CHARGES PROPRES AU SEJOUR | F31: =+F30+F22 -> 3000 | J31: =+J30+J22 -> 3000
A32: C H A R G E S A R E P A R T I R
A33: Subvention | D33: =K4 -> 0 | F33: 3000 | J33: 3000 | L33: =F33+J33 -> 6000
C34: =C9 -> 2 | D34: =C10 -> 60 | F34: =K5*0.07*C6 -> 0
A35: TOTAL CHARGES A REPARTIR
F36: PREVISIONNELL
A37: TOTAL DES CHARGES | F37: =F35+F31 -> 3000 | J37: =J35+J31 -> 3000
A38: TOTAL DES PRODUITS | F38: =F33 -> 3000 | J38: =J33 -> 3000
A39: RESULTAT | F39: =F38-F37 -> 0 | J39: =J38-J37 -> 0
A40: SUBVENTION | F40: 0
A41: TOTAL | F41: =SUM(F39:F39) -> 0

Sheet OLD BP Congrès
A1: BUDGET PREVISIONNEL
A2: Sous réserves d'erreurs: merci de les signaler si nécessaire
A3: Intitulé de séjour | C3: Congrès | G3: Encadrants | J3: Enfants & Jeunes
A4: Organisateur | C4: ER | G4: Directeur | J4: Interne
A5: Directeur | G5: Formateur | J5: Externe
A6: Prix de séjour | G6: Cuisinier | J6: Eclés
A7: Date début | J7: Aînés
A8: Date fin | J8: TOTAL | K8: =SUM(K4:K7) -> 0
A9: Nbr de jours | C9: 2
A10: Nbr de part. | C10: 60 | G10: TOTAL | I10: =SUM(I4:I9) -> 0 | J10: Journées
A12: AVRIL | G12: OCTOBRE
C13: Nbr J | D13: Nbr P | E13: Prix | F13: Total | G13: Nbr J | H13: Nbr P | I13: Prix | J13: Total
A14: A GERER PAR LE DIRECTEUR
A15: Alimentation | B15: Achats denrées alimentaires | C15: =C9 -> 2 | D15: =C10+I10 -> 60 | E15: 7 | F15: =C15*D15*E15 -> 840 | G15: =C15 -> 2 | H15: =D15 -> 60 | I15: 7 | J15: =G15*H15*I15 -> 840 | L15: =F15+J15 -> 1680
A16: Entretien | B16: Petites fournitures et petit matériel | F16: =C16*D16*E16 -> 0 | G16: =C16 -> 0 | H16: =D16 -> 0 | J16: =G16*H16*I16 -> 0
A17: Matériel éducatif | B17: Fournitures éducatives et pédagogiques | C17: =$C$9 -> 2 | D17: =$C$10+$I$10 -> 60 | F17: =C17*D17*E17 -> 0 | G17: =C17 -> 2 | H17: =D17 -> 60 | J17: =G17*H17*I17 -> 0
A18: Matériel général | B18: Petites fournitures et petit matériel | C18: =$C$9 -> 2 | D18: =$C$10+$I$10 -> 60 | F18: 160 | G18: =C18 -> 2 | H18: =D18 -> 60 | J18: 160 | L18: =F18+J18 -> 320
A19: Déplacement | B19: Carburants | C19: =$C$9 -> 2 | D19: =$C$10+$I$10 -> 60 | F19: =C19*D19*E19 -> 0 | G19: =C19 -> 2 | H19: =D19 -> 60 | J19: =G19*H19*I19 -> 0
A20: Activités éducatives | B20: Prestations éducatives | C20: 8 | D20: =C10 -> 60 | F20: =C20*D20*E20 -> 0 | G20: =C20 -> 8 | H20: =D20 -> 60 | J20: =G20*H20*I20 -> 0
A21: Pharmacie | B21: Produits pharmaceutiques | C21: =C9 -> 2 | D21: =C10+I10 -> 60 | F21: =C21*D21*E21 -> 0 | G21: =C21 -> 2 | H21: =D21 -> 60 | J21: =G21*H21*I21 -> 0
A22: TOTAL | F22: =SUM(F15:F21) -> 1000 | J22: =SUM(J15:J21) -> 1000
A23: A GERER PAR L'ORGANISATEUR
A24: C H A R G E S P R O P R E S A U S E J O U R
A25: Batiment | C25: =$C$9 -> 2 | D25: 1 | F25: 1000 | G25: =$C$9 -> 2 | J25: 1000 | L25: =F25+J25 -> 2000
A26: Transport des participants | F26: 1000 | G26: =$C$9 -> 2 | J26: 1000 | L26: =F26+J26 -> 2000
G27: =$C$9 -> 2
G28: =$C$9 -> 2
G29: =$C$9 -> 2
A30: TOTAL | F30: =F25+F26 -> 2000 | J30: =J25+J26 -> 2000
A31: TOTAL CHARGES PROPRES AU SEJOUR | F31: =+F30+F22 -> 3000 | J31: =+J30+J22 -> 3000
A32: C H A R G E S A R E P A R T I R
A33: Subvention | D33: =K4 -> 0 | F33: 3000 | J33: 3000 | L33: =F33+J33 -> 6000
C34: =C9 -> 2 | D34: =C10 -> 60 | F34: =K5*0.07*C6 -> 0
A35: TOTAL CHARGES A REPARTIR
F36: PREVISIONNELL
A37: TOTAL DES CHARGES | F37: =F35+F31 -> 3000 | J37: =J35+J31 -> 3000
A38: TOTAL DES PRODUITS | F38: =F33 -> 3000 | J38: =J33 -> 3000
A39: RESULTAT | F39: =F38-F37 -> 0 | J39: =J38-J37 -> 0
A40: SUBVENTION | F40: 0
A41: TOTAL | F41: =SUM(F39:F39) -> 0

Sheet Carnet de bord Sprinter
A1: Horodateur | B1: Je m'appelle.... | C1: Je suis du groupe de ..... | D1: La voiture est garée....( lieu ou est garée la voiture LOL) | E1: Je prends le camion pour.... | G1: Je .... | H1: Le compteur kilométrique est à .... | I1: kilométrage réalisé | J1: As-tu constaté une anomalie? | K1: Le réservoir est-a combien de barres? (0-10) | L1: Le réservoir est-a combien de barres? (0-10) | M1: J'ai remis du carburant? | N1: Si OUI, combien de litres?
A2: 45304.439 | B2: Jules | C2: Visa | D2: Plapville | E2: Local visa | G2: démarre le véhicule | H2: 280261 | J2: Non | K2: 10
A3: 45304.55 | B3: Riz | C3: Metz visa | D3: Local Metz | E3: Aller à l’adeppa | G3: démarre le véhicule | H3: 280270 | K3: Plein 10
A4: 45304.57 | B4: Riz | C4: Metz visa | D4: Adeppa | G4: gare le véhicule | H4: 280286 | J4: Petite fuite provenant sûrement du toit le passager droite recevait de l’eau lors des bosses | L4: 10 | M4: NON
A5: 45305.677 | B5: Riz | C5: Visa Metz | D5: Adeppa | E5: Local metz | G5: démarre le véhicule | H5: 280287 | K5: 10
A6: 45305.703 | B6: Riz | C6: Visa | D6: Local | G6: gare le véhicule | H6: 280303 | J6: Démarrage aux câbles /froid | L6: 10 | M6: NON
A7: 45305.735 | B7: Jules | C7: Visa | D7: Local visa | E7: Plapville | G7: démarre le véhicule | H7: 280303 | J7: Non | K7: 10
A8: 45305.736 | B8: Jules | C8: Visa | D8: Plapville | G8: gare le véhicule | H8: 280311 | I8: =H8-H2 -> 50 | J8: Non | L8: 10 | M8: OUI | N8: 7l30
A9: 45322.731 | B9: Yann | C9: Garagiste | D9: Plappeville | G9: gare le véhicule | H9: 280321 | J9: Trajet pour CT | L9: 10 | M9: NON
A10: 45330.394 | B10: Célia hassdenteufel | C10: La région | D10: Plappeville | E10: Récupérer les tables au centre social de Meineau à Strasbourg chez Lola | G10: démarre le véhicule | H10: 280321 | J10: Absence | K10: 10/10
A11: 45330.397 | B11: Celia Hassdenteufel | C11: La région | D11: Plappeville | G11: gare le véhicule | H11: 280720 | I11: =H11-H10 -> 399 | J11: Non | L11: 10/10 | M11: OUI | N11: 45
A12: 45374.368 | B12: Thomas | C12: Région | D12: Plappeville | G12: gare le véhicule | H12: 280786 | I12: =H12-H11 -> 66 | J12: Camion pour rangement permance. | L12: 10 | M12: NON
A13: 45374.376 | B13: Jules | C13: Visa | D13: Salle des fêtes plapville | E13: Local visa | G13: démarre le véhicule | H13: 280786 | J13: Non | K13: 10
A14: 45374.39 | B14: Jules | C14: Visa | D14: Local visa | G14: gare le véhicule | H14: 280795 | J14: Non | L14: 9 | M14: NON
A15: 45374.534 | B15: Jules | C15: Visa | D15: Local visa | E15: Vigy | G15: démarre le véhicule | H15: 280795 | K15: 9
A16: 45374.557 | B16: Jules | C16: Visa | D16: Vigy | G16: gare le véhicule | H16: 280812 | J16: Sa couine quand j'appuie sur l'embrayage | L16: 9 | M16: NON
A17: 45375.686 | B17: Jules | C17: Metz | D17: Adeppa | E17: Rentrer Metz local | G17: démarre le véhicule | H17: 280812 | J17: Non | K17: 9
A18: 45375.701 | B18: Jules | C18: Visa | D18: Local Visa | G18: gare le véhicule | H18: 280829 | L18: 9 | M18: NON
A19: 45375.785 | B19: Jules | C19: Visa | D19: Local visa | E19: Salle des fêtes plapville | G19: démarre le véhicule | H19: 280829 | K19: 9
A20: 45375.804 | B20: Jules | C20: Visa | D20: Salle des fêtes plapville | G20: gare le véhicule | H20: 280837 | I20: =H20-H13 -> 51 | L20: 10 | M20: OUI | N20: 12
A21: 45380.38 | B21: Frédéric Dubois | C21: Vigy | D21: Salle polyvalente plappeville | E21: Chantiers a vigy | G21: démarre le véhicule | H21: 280837 | J21: Non | K21: 10
A22: 45382.849 | B22: Lucas Laugeray-Droz | C22: Vigy | D22: À la salle polyvalente de Plappeville | G22: gare le véhicule | H22: 281069 | I22: =H22-H21 -> 232 | J22: RAS | L22: 10 | M22: OUI | N22: 35.19
A23: 45390.299 | B23: Thomas | C23: Région | D23: Salle polyvalente | E23: Région | G23: gare le véhicule | H23: 281084 | J23: RAS | K23: 10 | L23: 10 | M23: NON | N23: Déplacement camion pour Quentinoise
A24: 45393.708 | B24: Thomas | C24: Perso | D24: Salle polyvalente | E24: Perso | G24: démarre le véhicule | H24: 281084 | K24: 10 | L24: 10
A25: 45393.792 | B25: Thomas | C25: Perso | D25: Salle polyvalente | E25: Perso | G25: gare le véhicule | H25: 281162 | I25: =H25-H24 -> 78 | K25: 10 | L25: 10 | N25: 5L
A26: 45394.781 | B26: Jules | C26: Visa | D26: Salle des fêtes de plapville | E26: Local visa | F26: Tremplin | G26: démarre le véhicule | H26: 281162 | K26: 10
A27: 45394.795 | B27: Jules | C27: Visa | D27: Local Visa | F27: Tremplin | G27: gare le véhicule | H27: 281171 | L27: 10 | M27: NON
A28: 45394.855 | B28: Jules | C28: Visa | D28: Au local de visa | E28: Aller aux tronches | F28: Tremplin | G28: démarre le véhicule | H28: 281171 | J28: Embrayage qui grince
A29: 45396.611 | B29: Jules | C29: Visa | D29: Centre tronches | E29: Local visa | F29: Tremplin | G29: démarre le véhicule | H29: 281332 | K29: 7
A30: 45396.696 | B30: Jules | C30: Visa | D30: Local visa | F30: Tremplin | G30: gare le véhicule | H30: 281493 | I30: =H30-H26 -> 331 | L30: 5 | M30: NON
A31: 45402.529 | B31: Jules | C31: Visa | D31: Locavisa | E31: Ferme de souleuvre | G31: démarre le véhicule | H31: 281493 | J31: Non | K31: 10
A32: 45402.566 | B32: Jules | C32: Visa | D32: Ferme de souleuvre | G32: gare le véhicule | H32: 281544 | J32: Non | L32: 10 | M32: NON
A33: 45403.692 | B33: Jules | C33: Visa | D33: Ferme de la souleuvre | E33: Local visa | G33: démarre le véhicule | H33: 281544 | K33: 10
A34: 45403.721 | B34: Jules | C34: Visa | D34: Local visa | G34: gare le véhicule | H34: 281577 | L34: 9 | M34: NON
A35: 45404.704 | B35: Celia | C35: Metz | D35: Local’metz | E35: Retour Plapp | G35: démarre le véhicule | H35: 281577 | K35: 9
A36: 45404.735 | B36: Celia | C36: Metz | D36: Plapp salle po | G36: gare le véhicule | H36: 281587 | I36: =H36-H31 -> 94 | L36: 10 | M36: OUI | N36: 11,23L
A37: 45410.719 | B37: APL | C37: APL | D37: Plappeville | G37: gare le véhicule | H37: 281606 | I37: =H37-H36 -> 19 | J37: Marche de Plappeville | L37: 10 | M37: NON
A38: 45413.454 | B38: Pierre muller | C38: Tronches | D38: Salle des fêtes Plappeville | E38: Perso | G38: démarre le véhicule | H38: 281606 | J38: Ras | K38: 10 - Plein

Sheet Listes détails
A1: projet | B1: Analytique | C1: Début | D1: Fin | E1: commentaires produits | F1: commentaires charges | G1: Effectif prévisionnel | H1: Effectif réel | I1: Activité
A2: Congrès régional | B2: VIE INSTITUTIONNELLE | C2: 45317 | D2: 45318 | E2: Refacturés aux SLA sur la base des charges réelles et au prorata des adhérents de +16ans au 31.08.N-1 | G2: 55 | H2: 56 | I2: Congrès régional
A3: Tremplin camp - Avril | C3: 45395 | D3: 45396 | G3: 45 | H3: 50 | I3: Formations des bénévoles (hors BAFA-BAFD)
A4: Tremplin année - octobre | C4: 45566 | D4: 45567 | G4: 1 | H4: 1 | I4: Formations des bénévoles (hors BAFA-BAFD)
A5: RIR | C5: 45429 | D5: 45431 | G5: 160 | H5: 149 | I5: Mini-séjours et rassemblements régionaux
A6: Permanence | C6: 45292 | D6: 45657 | G6: 1 | H6: 1 | I6: Fonctionnement (charges et produits indirects)
A7: Camion | C7: 45292 | D7: 45657 | G7: 1 | H7: 1 | I7: Autres activités
A8: Fonctionnement | C8: 45292 | D8: 45657 | G8: 1 | H8: 1 | I8: Fonctionnement (charges et produits indirects)
A9: Adhésion | C9: 45292 | D9: 45657 | G9: 1 | H9: 1 | I9: Fonctionnement (charges et produits indirects)
A10: MS AD | C10: 45292 | D10: 45657 | G10: 1 | H10: 1 | I10: Fonctionnement (charges et produits indirects)
A11: BAFA Base avril | C11: 45409 | D11: 45416 | G11: 14 | H11: 14 | I11: Formations BAFA-BAFD
A12: BAFA Appro - Oct. | C12: 45592 | D12: 45599 | E12: Date à confirmer | G12: 1 | H12: 1 | I12: Formations BAFA-BAFD
A13: Activité Guebwiller
A14: Activité SLA
A15: Assemblée générale | I15: Assemblée Générale
A16: CN avril | I16: Conseil National
A17: Véhicule Golbey

Sheet Factures

Sheet BP Petit Bivouac
A1: BUDGET PREVISIONNEL -propal 1
A2: Sous réserves d'erreurs: merci de les signaler si nécessaire
A3: Intitulé de séjour | C3: Petit bivouac | G3: Encadrants | J3: Enfants & Jeunes
A4: Organisateur | G4: Lutins | I4: 15 | J4: Lutins | K4: 30 | L4: ratio effectif | M4: =K4/I4 -> 2
A5: Prix de séjour (1er enfant) | B5: 65% des jeunes | C5: 190 | G5: Louveteaux | I5: 13 | J5: Louveteaux | K5: 90 | L5: ratio effectif | M5: =K5/I5 -> 6.9230769
A6: Prix de séjour (Enfants suivants) | B6: 35% des jeunes | C6: 175 | G6: Eclés | I6: 12 | J6: Eclés | K6: 80 | L6: ratio effectif | M6: =K6/I6 -> 6.6666667
A7: Date début | C7: 45851 | G7: Aînés | I7: 0 | J7: Aînés | K7: 0 | L7: ratio effectif | M7: =K7/I7 -> #DIV/0! | N7: pas d'ainés a petit bivouac
A8: Date fin | C8: 45859 | G8: Commun | I8: 10 | J8: TOTAL | K8: =SUM(K4:K7) -> 200
A9: Nbr de jours | C9: =C8-C7+1 -> 9
A10: Nbr de part. | C10: =K8 -> 200 | G10: TOTAL | I10: =SUM(I4:I9) -> 50 | J10: Journées | K10: =(K8+I10)*C9 -> 2250
A12: PREVISIONNEL | G12: Réel
C13: Nbr J | D13: Nbr P | E13: Prix | F13: Total | G13: Nbr J | H13: Nbr P | I13: Prix | J13: Total | K13: Delta
A14: A GERER PAR LES DIRECTEURS
A15: cpt60 - Achat
A16: Alimentation | B16: Achats denrées alimentaires | C16: =C9 -> 9 | D16: =C10+I10 -> 250 | E16: 9 | F16: =C16*D16*E16 -> 20250
A17: Entretien | B17: Petites fournitures et petit matériel | C17: =$C$9 -> 9 | D17: =$C$10+$I$10 -> 250 | E17: 0.1 | F17: =C17*D17*E17 -> 225
A18: Gaz cuisson | B18: Eau, gaz, électricité, combustible | C18: 1 | D18: 1 | E18: 500 | F18: =C18*D18*E18 -> 500
A19: Matériel éducatif | B19: Fournitures éducatives et pédagogiques | C19: 1 | D19: =$C$10+$I$10 -> 250 | E19: 2.5 | F19: =C19*D19*E19 -> 625
A20: Matériel éducatif - Foulard GE | B20: Fournitures éducatives et pédagogiques | C20: 1 | D20: =$C$10+$I$10 -> 250 | E20: 6 | F20: =C20*D20*E20 -> 1500
A21: Matériel général | B21: Petites fournitures et petit matériel | C21: 9 | D21: =$C$10+$I$10 -> 250 | E21: 2.1 | F21: =C21*D21*E21 -> 4725
A22: Matériel général vélo | B22: Petites fournitures et petit matériel | C22: 5 | D22: =$I$6+$K$6 -> 92 | E22: 2 | F22: =C22*D22*E22 -> 920
A23: Déplacement | B23: Carburants | C23: 1 | D23: 1 | E23: 875 | F23: =C23*D23*E23 -> 875
A24: Activités éducatives | B24: Prestations éducatives | C24: 1 | D24: =$C$10+$I$10 -> 250 | E24: 8 | F24: =C24*D24*E24 -> 2000
A25: Pharmacie | B25: Produits pharmaceutiques | C25: 1 | D25: 1 | E25: 100 | F25: =C25*D25*E25 -> 100
A26: TOTAL BP Direction | F26: =SUM(F16:F25) -> 31720
A27: A GERER PAR L'ORGANISATEUR
A28: C H A R G E S P R O P R E S A U S E J O U R
A29: cpt61 - Services extérieurs
A30: Location (hébergement) - lu/loup | B30: Locations immobilières | C30: =$C$9 -> 9 | D30: =I$4+K$4+I$5+K$5+I$8 -> 158 | E30: 2 | F30: =C30*D30*E30 -> 2844
A31: Location (hébergement) - E/E itinérance | B31: Locations immobilières | C31: 4 | D31: =$I$6+$K$6 -> 92 | E31: 2 | F31: =C31*D31*E31 -> 736
A32: Location (hébergement) - E/E sur place | B32: Locations immobilières | C32: 5 | D32: =$I$6+$K$6 -> 92 | E32: 1 | F32: =C32*D32*E32 -> 460
A33: Location (autres) | B33: Autres locations (matériel, véhicules) | C33: 9 | D33: 2 | E33: 60 | F33: =C33*D33*E33 -> 1080
A34: Formation | B34: Frais de formation EEDF | C34: =$C$9 -> 9 | D34: =$C$10+$I$10 -> 250 | E34: 0 | F34: =C34*D34*E34 -> 0
A35: Assurance | B35: Primes d'assurance | C35: 1 | D35: 1 | E35: 100 | F35: =C35*D35*E35 -> 100
A36: TOTAL BP Organisateur - cpt61 | F36: =SUM(F30:F35) -> 5220
A37: cpt62 - Autres services
A38: Publicité | B38: Publication et promotion | C38: 1 | D38: 1 | F38: =C38*D38*E38 -> 0
A39: Transport (équipe) | B39: Trpt et déplac;, missions, réceptions | C39: 1 | D39: 1 | E39: 700 | F39: =C39*D39*E39 -> 700
A40: Transport (participants lutins/loups) | B40: Transport des participants | C40: 1 | D40: =I$4+K$4+I$5+K$5+I$8 -> 158 | F40: =C40*D40*E40 -> 0
A41: Transport (participants éclés/aînés) | B41: Transport des participants | C41: 1 | D41: =$I$6+$K$6 -> 92 | F41: =C41*D41*E41 -> 0
A42: TOTAL BP Organisateur - cpt62 | F42: =SUM(F38:F41) -> 700
A43: cpt65 - Charges de gestion courante
A44: Contribution (10% des produits) | F44: =F54*0.1 -> 3695
A45: TOTAL BP Organisateur - cpt65 | F45: =F44 -> 3695
F48: PREVISIONNEL | K48: REEL
A49: TOTAL DES CHARGES | F49: =F50+F51 -> 41335 | K49: =K50+K51 -> 0
A50: Dont BP organisateur | F50: =F42+F45+F36 -> 9615 | K50: =K42+K45+K36 -> 0
A51: Dont BP directeur | F51: =F26 -> 31720 | K51: =K26 -> 0
A53: TOTAL DES PRODUITS | F53: =F54+F55 -> 41950 | K53: =K54+K55 -> 0
A54: Dont participation parents | B54: Participation aux camps, activités | F54: =C5*(0.65*K8)+C6*(0.35*K8) -> 36950 | K54: =H5*(0.65*P8)+H6*(0.35*P8) -> 0
A55: Dont participation régionale | B55: Subventions régionales | F55: 5000 | K55: 0
A57: RESULTAT | F57: =F53-F49 -> 615 | K57: =K53-K49 -> 0
C59: Marge de sécurité | F59: =F57/F53 -> 0.01466031

Sheet RIR
B1: RIR | C1: Nb enfant | D1: Prix unit | E1: Total | F1: Nb adulte | G1: Prix unit | H1: Total | I1: Mode de paiement
B3: EEDF Metz | C3: 29 | D3: 65 | E3: 1885 | F3: 12 | G3: 0 | H3: 0 | I3: Prélèvement J+7
B4: EEDF Strasbourg | C4: 35 | D4: 65 | E4: 2275 | F4: 35 | G4: 0 | H4: 0 | I4: Prélèvement J+7
B5: EEDF Freyming | C5: 21 | D5: 65 | E5: 1365 | F5: 3 | G5: 0 | H5: 0 | I5: Prélèvement J+7
B6: EEDF Plappeville | C6: 17 | D6: 65 | E6: 1105 | F6: 17 | G6: 0 | H6: 0 | I6: Prélèvement J+7
B7: EEDF Nancy | C7: 21 | D7: 65 | E7: 1365 | F7: 2 | G7: 0 | H7: 0 | I7: Prélèvement J+7
B8: EEDF Mulhouse | C8: 34 | D8: 65 | E8: 2210 | F8: 34 | G8: 0 | H8: 0 | I8: Prélèvement J+7
B10: TOTAL | C10: 157 | E10: 10205 | H10: 0

Sheet AG Part
A1: AG | D1: =SUM(B3:C21) -> 40
B2: Délégués | C2: Obs
A3: Florival | B3: 1 | C3: 1
A4: Metz | B4: 1
A5: Nancy | B5: 1
A6: Golbey | B6: 1
A7: Région | B7: 5
A8: Troyes | B8: 1
A9: Balnot | B9: 1
A10: Strasbourg | B10: 1
A11: Mulhouse | B11: 1
A12: Freyming | B12: 1
A13: Lessy | B13: 1
A14: Vigy | B14: 1 | C14: 1
A15: Ludo | B15: 1
A16: Plappeville | B16: 1
A17: TOTAL | B17: =SUM(B3:B16) -> 18 | C17: =SUM(C3:C16) -> 2

Sheet Rapport

Sheet Rapport 1 indicateur
A1: EEDF : Rapport financier
A3: Région Grand Est
A5: Exercice 2024
A22: Compte régionaux
D24: Au 31/12/24 | F24: Année N-1 | H24: évolution
A26: Résultat
A28: Trésorerie
A32: Consolidé
D35: Au 31/12/24 | F35: Année N-1 | H35: évolution
A37: Résultat
A39: Trésorerie

Sheet Rapport 2 - Sommaire
A1: Le rapport financier :
A5: C'est quoi le rapport financier ?
A6: Ce document comptable établi annuellement par le trésorier de la structure est présenté à l’assemblée générale à chaque fin d’exercice et soumis à son approbation. Le rapport financier d’une association s’appuie sur le compte de résultat, le bilan et :
A7: Reprend les grands flux financiers de l’association, c’est-à-dire les recettes et dépenses établies dans le compte de résultat ainsi que les actifs et passifs inscrits dans le bilan ;
A8: Présente la structure des différents types de fonds pour une compréhension globale de l’activité ;
A9: Présente la provenance des fonds collectés et des fonds dépensés ;
A10: Explique la situation de la trésorerie.
A12: Dans ce document, nous verrons :
A14: □ Quels sont les principaux indicateurs de 2023 et 2024 - Page de garde_x001E_
A16: □ Qu'est ce que le rapport financier - Page actuelle
A18: □ Comment se réparti le résultat entre les différentes activités - Pages X à Y
A20: □ Quelle est la provenance des fonds par activité et la dépense qui est en faite - Page X
... A26: □ En annexe, le compte de résultat et le bilan 2023 et 2024

Sheet Rapport 3 - balance analytique
A2: Le résultat comptable décortiqué :
A3: Le résultat comptable mesure les ressources nettes restant à l'issue de l'exercice : bénéfice ou perte. Il correspond à la différence entre les produits et les charges de l'exercice
A5: 2025
A6: Vie de la région | G6: Résultat | H6: Produit | I6: Charge
B7: Vie associative | G7: =H7-I7 -> -500 | H7: =SUM(H8:H11) -> 2800 | I7: =SUM(I8:I11) -> 3300
C8: Congrès régional | G8: =H8-I8 -> 0 | H8: =SUMIFS('Liste prévisionnel'!N:N,'Liste prévisionnel'!H:H,$A$6,'Liste prévisionnel'!I:I,$B$7,'Liste prévisionnel'!J:J,$C8,'Liste prévisionnel'!A:A,$A$5) -> 2800 | I8: =SUMIFS('Liste prévisionnel'!O:O,'Liste prévisionnel'!H:H,$A$6,'Liste prévisionnel'!I:I,$B$7,'Liste prévisionnel'!J:J,$C8,'Liste prévisionnel'!A:A,$A$5) -> 2800
C9: Assemblée générale | G9: =H9-I9 -> 0 | H9: =SUMIFS('Liste prévisionnel'!N:N,'Liste prévisionnel'!H:H,$A$6,'Liste prévisionnel'!I:I,$B$7,'Liste prévisionnel'!J:J,$C9,'Liste prévisionnel'!A:A,$A$5) -> 0 | I9: =SUMIFS('Liste prévisionnel'!O:O,'Liste prévisionnel'!H:H,$A$6,'Liste prévisionnel'!I:I,$B$7,'Liste prévisionnel'!J:J,$C9,'Liste prévisionnel'!A:A,$A$5) -> 0
C10: CN | G10: =H10-I10 -> 0 | H10: =SUMIFS('Liste prévisionnel'!N:N,'Liste prévisionnel'!H:H,$A$6,'Liste prévisionnel'!I:I,$B$7,'Liste prévisionnel'!J:J,$C10,'Liste prévisionnel'!A:A,$A$5) -> 0 | I10: =SUMIFS('Liste prévisionnel'!O:O,'Liste prévisionnel'!H:H,$A$6,'Liste prévisionnel'!I:I,$B$7,'Liste prévisionnel'!J:J,$C10,'Liste prévisionnel'!A:A,$A$5) -> 0
C11: Equipe régionale | G11: =H11-I11 -> -500 | H11: =SUMIFS('Liste prévisionnel'!N:N,'Liste prévisionnel'!H:H,$A$6,'Liste prévisionnel'!I:I,$B$7,'Liste prévisionnel'!J:J,$C11,'Liste prévisionnel'!A:A,$A$5) -> 0 | I11: =SUMIFS('Liste prévisionnel'!O:O,'Liste prévisionnel'!H:H,$A$6,'Liste prévisionnel'!I:I,$B$7,'Liste prévisionnel'!J:J,$C11,'Liste prévisionnel'!A:A,$A$5) -> 500 | P11: Listes
P12: Analytique 0 | Q12: Analytique 1 | R12: projet
B13: Activités des SLA | G13: =H13-I13 -> -350 | H13: =SUM(H14:H15) -> 0 | I13: =SUM(I14:I15) -> 350 | P13: Vie de la région | Q13: Activités des SLA | R13: Congrès régional
C14: Suivi groupes et visites | G14: =H14-I14 -> -350 | H14: =SUMIFS('Liste prévisionnel'!N:N,'Liste prévisionnel'!H:H,$A$6,'Liste prévisionnel'!I:I,$B$13,'Liste prévisionnel'!J:J,$C14,'Liste prévisionnel'!A:A,$A$5) -> 0 | I14: =SUMIFS('Liste prévisionnel'!O:O,'Liste prévisionnel'!H:H,$A$6,'Liste prévisionnel'!I:I,$B$13,'Liste prévisionnel'!J:J,$C14,'Liste prévisionnel'!A:A,$A$5) -> 350 | P14: Pédagogie | Q14: Petit Bivouac | R14: Assemblée générale
C15: PSO | G15: =H15-I15 -> 0 | H15: =SUMIFS('Liste prévisionnel'!N:N,'Liste prévisionnel'!H:H,$A$6,'Liste prévisionnel'!I:I,$B$13,'Liste prévisionnel'!J:J,$C15,'Liste prévisionnel'!A:A,$A$5) -> 0 | I15: =SUMIFS('Liste prévisionnel'!O:O,'Liste prévisionnel'!H:H,$A$6,'Liste prévisionnel'!I:I,$B$13,'Liste prévisionnel'!J:J,$C15,'Liste prévisionnel'!A:A,$A$5) -> 0 | P15: Fonctionnement | Q15: Formations | R15: CN
P16: X | Q16: Camp ouvert | R16: Equipe régionale
D17: =CONCATENATE("Total ",A6," :") -> Total Vie de la région : | G17: =G13+G7 -> -850 | H17: =H13+H7 -> 2800 | I17: =I13+I7 -> 3650 | Q17: Frais généraux | R17: Suivi groupes et visites
Q18: Frais associatifs | R18: PSO
A19: Pédagogie | G19: Résultat | H19: Produit | I19: Charge | Q19: Véhicules | R19: BAFA Base avril
B20: Petit Bivouac | G20: =H20-I20 -> 4310 | H20: =SUMIFS('Liste prévisionnel'!N:N,'Liste prévisionnel'!H:H,$A$19,'Liste prévisionnel'!I:I,$B20,'Liste prévisionnel'!A:A,$A$5) -> 42950 | I20: =SUMIFS('Liste prévisionnel'!O:O,'Liste prévisionnel'!H:H,$A$19,'Liste prévisionnel'!I:I,$B20,'Liste prévisionnel'!A:A,$A$5) -> 38640 | R20: BAFA Appro octobre
R21: Tremplin année - octobre
B22: Formations | G22: =H22-I22 -> 1740 | H22: =SUM(H23:H26) -> 20740 | I22: =SUM(I23:I26) -> 19000 | R22: Tremplin camp - avril
C23: BAFA Base avril | G23: =H23-I23 -> 990 | H23: =SUMIFS('Liste prévisionnel'!N:N,'Liste prévisionnel'!H:H,$A$19,'Liste prévisionnel'!I:I,$B$22,'Liste prévisionnel'!J:J,$C23,'Liste prévisionnel'!A:A,$A$5) -> 7490 | I23: =SUMIFS('Liste prévisionnel'!O:O,'Liste prévisionnel'!H:H,$A$19,'Liste prévisionnel'!I:I,$B$22,'Liste prévisionnel'!J:J,$C23,'Liste prévisionnel'!A:A,$A$5) -> 6500 | R23: Petit Bivouac - Camp 1
C24: BAFA Appro octobre | G24: =H24-I24 -> 150 | H24: =SUMIFS('Liste prévisionnel'!N:N,'Liste prévisionnel'!H:H,$A$19,'Liste prévisionnel'!I:I,$B$22,'Liste prévisionnel'!J:J,$C24,'Liste prévisionnel'!A:A,$A$5) -> 6650 | I24: =SUMIFS('Liste prévisionnel'!O:O,'Liste prévisionnel'!H:H,$A$19,'Liste prévisionnel'!I:I,$B$22,'Liste prévisionnel'!J:J,$C24,'Liste prévisionnel'!A:A,$A$5) -> 6500 | R24: Camp ouvert
C25: Tremplin année - octobre | G25: =H25-I25 -> 300 | H25: =SUMIFS('Liste prévisionnel'!N:N,'Liste prévisionnel'!H:H,$A$19,'Liste prévisionnel'!I:I,$B$22,'Liste prévisionnel'!J:J,$C25,'Liste prévisionnel'!A:A,$A$5) -> 3300 | I25: =SUMIFS('Liste prévisionnel'!O:O,'Liste prévisionnel'!H:H,$A$19,'Liste prévisionnel'!I:I,$B$22,'Liste prévisionnel'!J:J,$C25,'Liste prévisionnel'!A:A,$A$5) -> 3000 | R25: Banque
C26: Tremplin camp - avril | G26: =H26-I26 -> 300 | H26: =SUMIFS('Liste prévisionnel'!N:N,'Liste prévisionnel'!H:H,$A$19,'Liste prévisionnel'!I:I,$B$22,'Liste prévisionnel'!J:J,$C26,'Liste prévisionnel'!A:A,$A$5) -> 3300 | I26: =SUMIFS('Liste prévisionnel'!O:O,'Liste prévisionnel'!H:H,$A$19,'Liste prévisionnel'!I:I,$B$22,'Liste prévisionnel'!J:J,$C26,'Liste prévisionnel'!A:A,$A$5) -> 3000 | R26: Téléphonie
R27: Adhésion autres association
G28: =H28-I28 -> 0 | H28: =SUMIFS('Liste prévisionnel'!N:N,'Liste prévisionnel'!H:H,$A$19,'Liste prévisionnel'!J:J,$B28,'Liste prévisionnel'!A:A,$A$5) -> 0 | I28: =SUMIFS('Liste prévisionnel'!O:O,'Liste prévisionnel'!H:H,$A$19,'Liste prévisionnel'!J:J,$B28,'Liste prévisionnel'!A:A,$A$5) -> 0 | R28: Permanence
R29: Autres
D30: =CONCATENATE("Total ",A19," :") -> Total Pédagogie : | G30: =G22+G20+G28 -> 6050 | H30: =H22+H20+H28 -> 63690 | I30: =I22+I20+I28 -> 57640 | R30: Contribution 2024
R31: MS AD
A32: Fonctionnement | R32: Adhésions
B33: Frais généraux | G33: =H33-I33 -> -442.77 | H33: =SUM(H34:H38) -> 4440 | I33: =SUM(I34:I38) -> 4882.77 | R33: Camion
C34: Banque | G34: =H34-I34 -> -63.6 | H34: =SUMIFS('Liste prévisionnel'!N:N,'Liste prévisionnel'!H:H,$A$32,'Liste prévisionnel'!I:I,$B$33,'Liste prévisionnel'!J:J,$C34,'Liste prévisionnel'!A:A,$A$5) -> 0 | I34: =SUMIFS('Liste prévisionnel'!O:O,'Liste prévisionnel'!H:H,$A$32,'Liste prévisionnel'!I:I,$B$33,'Liste prévisionnel'!J:J,$C34,'Liste prévisionnel'!A:A,$A$5) -> 63.6 | R34: Véhicule Golbey
C35: Téléphonie | G35: =H35-I35 -> 0 | H35: =SUMIFS('Liste prévisionnel'!N:N,'Liste prévisionnel'!H:H,$A$32,'Liste prévisionnel'!I:I,$B$33,'Liste prévisionnel'!J:J,$C35,'Liste prévisionnel'!A:A,$A$5) -> 0 | I35: =SUMIFS('Liste prévisionnel'!O:O,'Liste prévisionnel'!H:H,$A$32,'Liste prévisionnel'!I:I,$B$33,'Liste prévisionnel'!J:J,$C35,'Liste prévisionnel'!A:A,$A$5) -> 0 | R35: Petit Bivouac - Camp 2
C36: Adhésion autres association | G36: =H36-I36 -> -70 | H36: =SUMIFS('Liste prévisionnel'!N:N,'Liste prévisionnel'!H:H,$A$32,'Liste prévisionnel'!I:I,$B$33,'Liste prévisionnel'!J:J,$C36,'Liste prévisionnel'!A:A,$A$5) -> 0 | I36: =SUMIFS('Liste prévisionnel'!O:O,'Liste prévisionnel'!H:H,$A$32,'Liste prévisionnel'!I:I,$B$33,'Liste prévisionnel'!J:J,$C36,'Liste prévisionnel'!A:A,$A$5) -> 70
C37: Permanence | G37: =H37-I37 -> -309.17 | H37: =SUMIFS('Liste prévisionnel'!N:N,'Liste prévisionnel'!H:H,$A$32,'Liste prévisionnel'!I:I,$B$33,'Liste prévisionnel'!J:J,$C37,'Liste prévisionnel'!A:A,$A$5) -> 4440 | I37: =SUMIFS('Liste prévisionnel'!O:O,'Liste prévisionnel'!H:H,$A$32,'Liste prévisionnel'!I:I,$B$33,'Liste prévisionnel'!J:J,$C37,'Liste prévisionnel'!A:A,$A$5) -> 4749.17
C38: Autres | G38: =H38-I38 -> 0 | H38: =SUMIFS('Liste prévisionnel'!N:N,'Liste prévisionnel'!H:H,$A$32,'Liste prévisionnel'!I:I,$B$33,'Liste prévisionnel'!J:J,$C38,'Liste prévisionnel'!A:A,$A$5) -> 0 | I38: =SUMIFS('Liste prévisionnel'!O:O,'Liste prévisionnel'!H:H,$A$32,'Liste prévisionnel'!I:I,$B$33,'Liste prévisionnel'!J:J,$C38,'Liste prévisionnel'!A:A,$A$5) -> 0
B40: Frais associatifs | G40: =H40-I40 -> -1757.6 | H40: =SUM(H41:H43) -> 350 | I40: =SUM(I41:I43) -> 2107.6
C41: Contribution 2024 | G41: =H41-I41 -> -1757.6 | H41: =SUMIFS('Liste prévisionnel'!N:N,'Liste prévisionnel'!H:H,$A$32,'Liste prévisionnel'!I:I,$B$40,'Liste prévisionnel'!J:J,$C41,'Liste prévisionnel'!A:A,$A$5) -> 0 | I41: =SUMIFS('Liste prévisionnel'!O:O,'Liste prévisionnel'!H:H,$A$32,'Liste prévisionnel'!I:I,$B$40,'Liste prévisionnel'!J:J,$C41,'Liste prévisionnel'!A:A,$A$5) -> 1757.6
C42: MS AD | G42: =H42-I42 -> 0 | H42: =SUMIFS('Liste prévisionnel'!N:N,'Liste prévisionnel'!H:H,$A$32,'Liste prévisionnel'!I:I,$B$40,'Liste prévisionnel'!J:J,$C42,'Liste prévisionnel'!A:A,$A$5) -> 0 | I42: =SUMIFS('Liste prévisionnel'!O:O,'Liste prévisionnel'!H:H,$A$32,'Liste prévisionnel'!I:I,$B$40,'Liste prévisionnel'!J:J,$C42,'Liste prévisionnel'!A:A,$A$5) -> 0
C43: Adhésions | G43: =H43-I43 -> 0 | H43: =SUMIFS('Liste prévisionnel'!N:N,'Liste prévisionnel'!H:H,$A$32,'Liste prévisionnel'!I:I,$B$40,'Liste prévisionnel'!J:J,$C43,'Liste prévisionnel'!A:A,$A$5) -> 350 | I43: =SUMIFS('Liste prévisionnel'!O:O,'Liste prévisionnel'!H:H,$A$32,'Liste prévisionnel'!I:I,$B$40,'Liste prévisionnel'!J:J,$C43,'Liste prévisionnel'!A:A,$A$5) -> 350
B45: Véhicules | G45: =H45-I45 -> 660.36 | H45: =SUM(H46:H48) -> 2950 | I45: =SUM(I46:I48) -> 2289.64
C46: Camion | G46: =H46-I46 -> 516.45 | H46: =SUMIFS('Liste prévisionnel'!N:N,'Liste prévisionnel'!H:H,$A$32,'Liste prévisionnel'!I:I,$B$45,'Liste prévisionnel'!J:J,$C46,'Liste prévisionnel'!A:A,$A$5) -> 1750 | I46: =SUMIFS('Liste prévisionnel'!O:O,'Liste prévisionnel'!H:H,$A$32,'Liste prévisionnel'!I:I,$B$45,'Liste prévisionnel'!J:J,$C46,'Liste prévisionnel'!A:A,$A$5) -> 1233.55
C47: Véhicule Golbey | G47: =H47-I47 -> 143.91 | H47: =SUMIFS('Liste prévisionnel'!N:N,'Liste prévisionnel'!H:H,$A$32,'Liste prévisionnel'!I:I,$B$45,'Liste prévisionnel'!J:J,$C47,'Liste prévisionnel'!A:A,$A$5) -> 1200 | I47: =SUMIFS('Liste prévisionnel'!O:O,'Liste prévisionnel'!H:H,$A$32,'Liste prévisionnel'!I:I,$B$45,'Liste prévisionnel'!J:J,$C47,'Liste prévisionnel'!A:A,$A$5) -> 1056.09
D49: =CONCATENATE("Total ",A32," :") -> Total Fonctionnement : | G49: =G40+G33+G45 -> -1540.01 | H49: =H41+H39+H47 -> 1200 | I49: =I41+I39+I47 -> 2813.69
D51: TOTAL Général | G51: =G49+G30+G17 -> 3659.99 | H51: =H49+H30+H17 -> 67690 | I51: =I49+I30+I17 -> 64103.69
G52: Résultat | H52: Produit | I52: Charge
G54: Résultat retraité de la contribution
G55: =G51-G41-'Liste prévisionnel'!M1 -> 308.59

Sheet Rapport 4 - Detail
A1: Vie de la région
A3: Analyse de la vie associative
B5: Congrès régional
A7: Le contexte : évènement institutionnel de 2 jours en janvier 2024 - Le prix est réparti au proratas des adhérents en capacité de voter au congrès au 31/08/2023.
A9: Répartition des produits et charges :
B11: Charges | D11: Produits
A13: Congrès régional | B13: Alimentation | C13: =-(SUMIFS('Liste prévisionnel'!E:E,'Liste prévisionnel'!J:J,A13,'Liste prévisionnel'!G:G,O13,'Liste prévisionnel'!E:E,"<0")) -> 800 | D13: Participation | E13: =SUMIFS('Liste prévisionnel'!E:E,'Liste prévisionnel'!J:J,A13,'Liste prévisionnel'!G:G,U13,'Liste prévisionnel'!E:E,">0") -> 2800 | O13: Alimentaire | U13: Participation activité
A14: Congrès régional | B14: Transport | C14: =-(SUMIFS('Liste prévisionnel'!E:E,'Liste prévisionnel'!J:J,A14,'Liste prévisionnel'!G:G,O14)) -> 1000 | O14: Transport
A15: Congrès régional | B15: Hébergement | C15: =-(SUMIFS('Liste prévisionnel'!E:E,'Liste prévisionnel'!J:J,A15,'Liste prévisionnel'!G:G,O15,'Liste prévisionnel'!E:E,"<0")) -> 1000 | O15: Hébergement | P15: Loc camping car
B19: Total charges | C19: =SUM(C13:C16) -> 2800 | D19: Total produits | E19: =SUM(E13:E16) -> 2800
C21: Résultat | D21: =E19-C19 -> 0
A23: Note de l'équipe régionale : Le prix par adhérent est de 9.40 €, une seule personne étant adhérente au 31/08/23 sur l'échelon régional, ce qui donne explique le résultat.
B27: Assemblée générale
A29: Le contexte : évènement institutionnel de 2 jours en juin 2024 - Le prix est défini par le siège. La région gère le transport des participants du Grand Est et se fait rembourser ensuite. Il y a eu 5 délégués élus au congrès et le responsable régional présents.
A31: Répartition des produits et charges :
B32: Charges | D32: Produits
A34: Assemblée Générale | B34: Déplacement AG | C34: =-(SUMIFS('Liste prévisionnel'!E:E,'Liste prévisionnel'!J:J,A34,'Liste prévisionnel'!G:G,O34,'Liste prévisionnel'!E:E,"<0")) -> 0 | D34: Refacturation des déplacements | E34: =SUMIFS('Liste prévisionnel'!E:E,'Liste prévisionnel'!J:J,A34,'Liste prévisionnel'!G:G,U34,'Liste prévisionnel'!E:E,">0") -> 0 | O34: Déplacement AG | U34: Déplacement AG
A35: Assemblée Générale | B35: Participation | C35: =-(SUMIFS('Liste prévisionnel'!E:E,'Liste prévisionnel'!J:J,A35,'Liste prévisionnel'!G:G,O35)) -> 0 | O35: Participation AG
B37: Total charges | C37: =SUM(C34:C35) -> 0 | D37: Total produits | E37: =SUM(E34:E35) -> 0
C39: Résultat | D39: =E37-C37 -> 0
A41: Note de l'équipe régionale : Les délégués à l'AG sont facturés 120€/délégués. Des participants ont fait dons de leurs frais de transport à la région, cela explique le solde positif des déplacements AG
A46: Vie de la région
A48: Analyse de la vie associative
B50: Conseils nationaux
A52: Le contexte : évènement institutionnel de 2 jours en avril et octobre 2024 - Le prix est défini par le siège. La région gère le transport des participants du Grand Est et se fait rembourser ensuite.
A54: Répartition des produits et charges :
B56: Charges | D56: Produits
A58: CN | B58: Participation au CN | C58: =-(SUMIFS('Liste prévisionnel'!E:E,'Liste prévisionnel'!J:J,A58,'Liste prévisionnel'!G:G,O58,'Liste prévisionnel'!E:E,"<0")) -> 0 | E58: =SUMIFS('Liste prévisionnel'!E:E,'Liste prévisionnel'!J:J,A58,'Liste prévisionnel'!G:G,U58,'Liste prévisionnel'!E:E,">0") -> 0 | O58: Participation CN | U58: X
A59: CN
B61: Total charges | C61: =SUM(C58:C59) -> 0 | D61: Total produits | E61: =SUM(E58:E59) -> 0
C63: Résultat | D63: =E61-C61 -> 0
A68: Note de l'équipe régionale : La région a été présente en son nom en avril avec 2 participants. La date étant en conflit avec le tremplin de rentrée, il n'y a pas eu de représentant de l'échelon régional en octobre.
B72: Equipe régionale
A74: Le contexte : Dépense de vie d'équipe régionale : Transport et intendance des rencontres
A76: Répartition des produits et charges :
B78: Charges | D78: Produits
A80: Equipe régionale | B80: Alimentaire | C80: =-(SUMIFS('Liste prévisionnel'!E:E,'Liste prévisionnel'!J:J,A80,'Liste prévisionnel'!G:G,O80,'Liste prévisionnel'!E:E,"<0")) -> 200 | D80: Adhésion | E80: =SUMIFS('Liste prévisionnel'!E:E,'Liste prévisionnel'!J:J,A80,'Liste prévisionnel'!G:G,U80,'Liste prévisionnel'!E:E,">0") -> 0 | F80: Montant des adhésions à valider en fin d'année | O80: Alimentaire | U80: Adhésion
A81: Equipe régionale | B81: Déplacement | C81: =-(SUMIFS('Liste prévisionnel'!E:E,'Liste prévisionnel'!J:J,A81,'Liste prévisionnel'!G:G,O81,'Liste prévisionnel'!E:E,"<0")) -> 300 | D81: Dons | E81: =SUMIFS('Liste prévisionnel'!E:E,'Liste prévisionnel'!J:J,A81,'Liste prévisionnel'!G:G,U81,'Liste prévisionnel'!E:E,">0") -> 0 | O81: Transport | U81: Dons
B82: Adhésion
B83: Total charges | C83: =SUM(C80:C81) -> 500 | D83: Total produits | E83: =SUM(E80:E81) -> 0
C85: Résultat | D85: =E83-C83 -> -500
A88: Note de l'équipe régionale : Cela correspond au frais d'une rencontre ER en septembre 2024 (déplacement et d'intendance) et des adhésions prises au niveau régional.
A95: Vie des SLA
A97: Analyse de la vie des structures locales
B99: Suivi des groupes et visites
A101: Le contexte : Dans sa mission de soutien aux SLA, la région est amenée à se déplacer ou à engager des frais. En Moselle, une coordination des PSO est centralisée au niveau régional pour des raisons administratives.
A103: Répartition des produits et charges :
B107: Charges | D107: Produits
A109: Remise à zéro du solde Golbey | B109: Aide au groupe | C109: =-(SUMIFS('Liste prévisionnel'!E:E,'Liste prévisionnel'!K:K,A109,'Liste prévisionnel'!G:G,O109,'Liste prévisionnel'!E:E,"<0")) -> 0 | E109: =SUMIFS('Liste prévisionnel'!E:E,'Liste prévisionnel'!J:J,A109,'Liste prévisionnel'!G:G,U109,'Liste prévisionnel'!E:E,">0") -> 0 | O109: Aide au groupe
A110: Note de frais transport - visite de camp | B110: Visites de camps | C110: =-(SUMIFS('Liste prévisionnel'!E:E,'Liste prévisionnel'!K:K,A110,'Liste prévisionnel'!G:G,O110,'Liste prévisionnel'!E:E,"<0")) -> 0 | O110: Transport
A111: visite APL | B111: Visites des APL | C111: =-(SUMIFS('Liste prévisionnel'!E:E,'Liste prévisionnel'!K:K,A111,'Liste prévisionnel'!G:G,O111,'Liste prévisionnel'!E:E,"<0")) -> 0
B113: Total charges | C113: =SUM(C109:C111) -> 0 | D113: Total produits | E113: =SUM(E109:E110) -> 0
C115: Résultat | D115: =E113-C113 -> 0
B117: Suivi PSO Moselle
A118: Répartition des produits et charges :
B119: Charges | D119: Produits
A121: PSO | B121: PSO Freyming | C121: =-(SUMIFS('Liste prévisionnel'!E:E,'Liste prévisionnel'!J:J,A121,'Liste prévisionnel'!G:G,O121,'Liste prévisionnel'!E:E,"<0")) -> 0 | D121: PSO Freyming | E121: =SUMIFS('Liste prévisionnel'!E:E,'Liste prévisionnel'!J:J,A121,'Liste prévisionnel'!G:G,U121,'Liste prévisionnel'!E:E,">0") -> 0 | F121: =C121-E121 -> 0 | O121: PSO Freyming | U121: PSO Freyming
A122: PSO | B122: PSO Lessy | C122: =-(SUMIFS('Liste prévisionnel'!E:E,'Liste prévisionnel'!J:J,A122,'Liste prévisionnel'!G:G,O122,'Liste prévisionnel'!E:E,"<0")) -> 0 | D122: PSO Lessy | E122: =SUMIFS('Liste prévisionnel'!E:E,'Liste prévisionnel'!J:J,A122,'Liste prévisionnel'!G:G,U122,'Liste prévisionnel'!E:E,">0") -> 0 | F122: =C122-E122 -> 0 | O122: PSO Lessy | U122: PSO Lessy
A123: PSO | B123: PSO Metz | C123: =-(SUMIFS('Liste prévisionnel'!E:E,'Liste prévisionnel'!J:J,A123,'Liste prévisionnel'!G:G,O123,'Liste prévisionnel'!E:E,"<0")) -> 0 | D123: PSO Metz | E123: =SUMIFS('Liste prévisionnel'!E:E,'Liste prévisionnel'!J:J,A123,'Liste prévisionnel'!G:G,U123,'Liste prévisionnel'!E:E,">0") -> 0 | F123: =C123-E123 -> 0 | G123: Note Suri : Sera modifié entre Metz et Vigy au prochain virement | O123: PSO Metz | U123: PSO Metz
A124: PSO | B124: PSO Plappeville | C124: =-(SUMIFS('Liste prévisionnel'!E:E,'Liste prévisionnel'!J:J,A124,'Liste prévisionnel'!G:G,O124,'Liste prévisionnel'!E:E,"<0")) -> 0 | D124: PSO Plappeville | E124: =SUMIFS('Liste prévisionnel'!E:E,'Liste prévisionnel'!J:J,A124,'Liste prévisionnel'!G:G,U124,'Liste prévisionnel'!E:E,">0") -> 0 | F124: =C124-E124 -> 0 | O124: PSO Plappeville | U124: PSO Plappeville
A125: PSO | B125: PSO Vigy | C125: =-(SUMIFS('Liste prévisionnel'!E:E,'Liste prévisionnel'!J:J,A125,'Liste prévisionnel'!G:G,O125,'Liste prévisionnel'!E:E,"<0")) -> 0 | D125: PSO Vigy | E125: =SUMIFS('Liste prévisionnel'!E:E,'Liste prévisionnel'!J:J,A125,'Liste prévisionnel'!G:G,U125,'Liste prévisionnel'!E:E,">0") -> 0 | F125: =C125-E125 -> 0 | G125: Note Suri : Sera modifié entre Metz et Vigy au prochain virement | O125: PSO Vigy | U125: PSO Vigy
B127: Total charges | C127: =SUM(C121:C125) -> 0 | D127: Total produits | E127: =SUM(E121:E125) -> 0
C129: Résultat | D129: =E127-C127 -> 0
A131: Note de l'équipe régionale : Le suivi de la plupart des projets a été effectué à distance (ce qui n'a pas généré de frais). Pour la plupart des visites, les conducteurs ont choisi de renoncer à leurs frais de déplacement, ce qui a évité beaucoup de frais sur le suivi. L'aide au groupe correspond a une aide régionale pour un groupe qui avait le compte a découvert. Pour la PSO en Moselle, la région reçoit toutes les recettes et les répartis envers les groupes en fonction des notifications de la CAF.
A143: Pédagogie - Formation
A145: Analyse de la partie pédagogie - formation
B147: Camp ouvert
A149: Le contexte : La région organisé un camp ouvert d'une semaine en juillet 2024. 17 enfants et 5 adultes ont participés à ce camp. 4 CEE ont été recrutés sous la direction de Céline (AD) Le prix du camp était de 300 € (tarif dégressif pour les frateries).
A151: Répartition des produits et charges :
B153: Charges | D153: Produit
A154: Camp ouvert | B154: Dépenses directions
A155: Camp ouvert | B155: Alimentation | C155: =-(SUMIFS('Liste prévisionnel'!E:E,'Liste prévisionnel'!J:J,A155,'Liste prévisionnel'!G:G,P155)+SUMIFS('Liste prévisionnel'!E:E,'Liste prévisionnel'!J:J,A155,'Liste prévisionnel'!G:G,O155)) -> 0 | D155: Participation au camp | E155: =SUMIFS('Liste prévisionnel'!E:E,'Liste prévisionnel'!J:J,A155,'Liste prévisionnel'!G:G,U155)-E156 -> 0 | O155: Alimentaire | U155: Participation camp
A156: Camp ouvert | B156: Pédagogie | C156: =-(SUMIFS('Liste prévisionnel'!E:E,'Liste prévisionnel'!J:J,A156,'Liste prévisionnel'!G:G,P156)+SUMIFS('Liste prévisionnel'!E:E,'Liste prévisionnel'!J:J,A156,'Liste prévisionnel'!G:G,O156)) -> 0 | D156: Dont adhésion | E156: =C165 -> 0 | O156: Foulards
A157: Camp ouvert | B157: Pharmacie | C157: =-(SUMIFS('Liste prévisionnel'!E:E,'Liste prévisionnel'!J:J,A157,'Liste prévisionnel'!G:G,P157)+SUMIFS('Liste prévisionnel'!E:E,'Liste prévisionnel'!J:J,A157,'Liste prévisionnel'!G:G,O157)) -> 0 | D157: Produit annexe | E157: =SUMIFS('Liste prévisionnel'!E:E,'Liste prévisionnel'!J:J,A157,'Liste prévisionnel'!G:G,U157,'Liste prévisionnel'!E:E,">0") -> 0 | O157: Pharmacie | U157: Produit annexe
A158: Camp ouvert | B158: Carburant | C158: =-(SUMIFS('Liste prévisionnel'!E:E,'Liste prévisionnel'!J:J,A158,'Liste prévisionnel'!G:G,P158)+SUMIFS('Liste prévisionnel'!E:E,'Liste prévisionnel'!J:J,A158,'Liste prévisionnel'!G:G,O158)) -> 0 | O158: Essence
A159: Camp ouvert | B159: Entretien/petit mat. | C159: =-(SUMIFS('Liste prévisionnel'!E:E,'Liste prévisionnel'!J:J,A159,'Liste prévisionnel'!G:G,P159)+SUMIFS('Liste prévisionnel'!E:E,'Liste prévisionnel'!J:J,A159,'Liste prévisionnel'!G:G,O159)) -> 0 | O159: Matériel | P159: Entretien
A160: Camp ouvert
A161: Camp ouvert | B161: Dépenses organisation
A162: Camp ouvert | B162: Hébergement | C162: =-(SUMIFS('Liste prévisionnel'!E:E,'Liste prévisionnel'!J:J,A162,'Liste prévisionnel'!G:G,P162)+SUMIFS('Liste prévisionnel'!E:E,'Liste prévisionnel'!J:J,A162,'Liste prévisionnel'!G:G,O162)) -> 0 | O162: Hébergement
A163: Camp ouvert | B163: Salaires | C163: =-(SUMIFS('Liste prévisionnel'!E:E,'Liste prévisionnel'!J:J,A163,'Liste prévisionnel'!G:G,P163)+SUMIFS('Liste prévisionnel'!E:E,'Liste prévisionnel'!J:J,A163,'Liste prévisionnel'!G:G,O163)) -> 0 | O163: Salaire
A164: Camp ouvert | B164: Transport | C164: =-(SUMIFS('Liste prévisionnel'!E:E,'Liste prévisionnel'!J:J,A164,'Liste prévisionnel'!G:G,P164)+SUMIFS('Liste prévisionnel'!E:E,'Liste prévisionnel'!J:J,A164,'Liste prévisionnel'!G:G,O164)) -> 0 | O164: Transport
A165: Camp ouvert | B165: Adhésion | C165: =-(SUMIFS('Liste prévisionnel'!E:E,'Liste prévisionnel'!J:J,A165,'Liste prévisionnel'!G:G,P165)+SUMIFS('Liste prévisionnel'!E:E,'Liste prévisionnel'!J:J,A165,'Liste prévisionnel'!G:G,O165)) -> 0 | O165: Adhésions enfants
B166: Total charge | C166: =SUM(C155:C165) -> 0 | D166: Total produit | E166: =SUM(E155:E163) -> 0
C168: Résultat | D168: =E166-C166 -> 0
A186: Note de l'équipe régionale : Initialement, 3 camps étaient prévus et devaient dégager un exédent de 8k€, ce qui aurait permis de financer la masse salariale des AD. Finalement, nous avons organisé un petit camp qui a généré 600 €, cela est dû : - Au faible nombre de participants (17) - A l'important nombre d'encadrant pour la taille du camp (5) De plus, nous n'avons pas imputé ici la prise en charge du coût du poste de direction (AD).
A190: Pédagogie - Formation
A192: Analyse de la partie pédagogie - formation
B194: BAFA
B195: BAFA Base avril
A196: Le contexte : La région organisé un stage BAFA Base en avril 2024 et un BAFA Appro en octobre 2024. X stagiaires et X encadrants ont participés. Le prix de ce stage était de 535 € (prix public Base) ou 475 € (prix public Appro) et une aide a été octroyée pour les stagiaires des groupes locaux.
A198: Répartition des produits et charges :
B200: Charges | D200: Produit
B201: Dépenses directions
B202: Alimentation | C202: =-(SUMIFS('Liste prévisionnel'!E:E,'Liste prévisionnel'!J:J,$B$195,'Liste prévisionnel'!G:G,P202,'Liste prévisionnel'!E:E,"<0")+SUMIFS('Liste prévisionnel'!E:E,'Liste prévisionnel'!J:J,$B$195,'Liste prévisionnel'!G:G,O202,'Liste prévisionnel'!E:E,"<0")) -> 1500 | D202: Participation stagiaires | E202: =SUMIFS('Liste prévisionnel'!E:E,'Liste prévisionnel'!J:J,$B$195,'Liste prévisionnel'!G:G,U202,'Liste prévisionnel'!E:E,">0") -> 7490 | O202: Alimentaire | U202: Participation stagiaire
B203: Pédagogie | C203: =-(SUMIFS('Liste prévisionnel'!E:E,'Liste prévisionnel'!J:J,$B$195,'Liste prévisionnel'!G:G,P203,'Liste prévisionnel'!E:E,"<0")+SUMIFS('Liste prévisionnel'!E:E,'Liste prévisionnel'!J:J,$B$195,'Liste prévisionnel'!G:G,O203,'Liste prévisionnel'!E:E,"<0")) -> 500 | D203: Adhésion | E203: =SUMIFS('Liste prévisionnel'!E:E,'Liste prévisionnel'!J:J,$B$195,'Liste prévisionnel'!G:G,U203,'Liste prévisionnel'!E:E,">0") -> 0 | O203: péDA | U203: Adhésion
B204: Carburant | C204: =-(SUMIFS('Liste prévisionnel'!E:E,'Liste prévisionnel'!J:J,$B$195,'Liste prévisionnel'!G:G,P204,'Liste prévisionnel'!E:E,"<0")+SUMIFS('Liste prévisionnel'!E:E,'Liste prévisionnel'!J:J,$B$195,'Liste prévisionnel'!G:G,O204,'Liste prévisionnel'!E:E,"<0")) -> 0 | O204: Carburant camping car
B206: Dépenses organisation
B207: Hébergement | C207: =-(SUMIFS('Liste prévisionnel'!E:E,'Liste prévisionnel'!J:J,$B$195,'Liste prévisionnel'!G:G,P207,'Liste prévisionnel'!E:E,"<0")+SUMIFS('Liste prévisionnel'!E:E,'Liste prévisionnel'!J:J,$B$195,'Liste prévisionnel'!G:G,O207,'Liste prévisionnel'!E:E,"<0")) -> 3000 | O207: Hébergement | P207: Loc camping car
B208: Bourse régionale | C208: =-(SUMIFS('Liste prévisionnel'!E:E,'Liste prévisionnel'!J:J,$B$195,'Liste prévisionnel'!G:G,P208,'Liste prévisionnel'!E:E,"<0")+SUMIFS('Liste prévisionnel'!E:E,'Liste prévisionnel'!J:J,$B$195,'Liste prévisionnel'!G:G,O208,'Liste prévisionnel'!E:E,"<0")) -> 1500 | O208: Bourse régionale
